Workbook
Name CBWorkbookPriority: -2027624740
Name EconomicYTD: "'PSE&G'!$A$7:$A$56"
Name solver_cvg: 0.0001
Name solver_drv: 1
Name solver_est: 1
Name solver_itr: 100
Name solver_lin: 2
Name solver_neg: 2
Name solver_num: 0
Name solver_nwt: 1
Name solver_pre: 0.000001
Name solver_scl: 2
Name solver_sho: 2
Name solver_tim: 100
Name solver_tol: 0.05
Name solver_typ: 3
Name solver_val: 981598
Name Z_28948E05_8F34_4F1E_96FB_A80A6A844600_.wvu.PrintArea: '1A - ADIT Current Year'!$B$1:$I$88
Name Z_28948E05_8F34_4F1E_96FB_A80A6A844600_.wvu.PrintArea: '1C - ADIT Prior Year'!$B$1:$I$82
Name Z_28948E05_8F34_4F1E_96FB_A80A6A844600_.wvu.PrintArea: '3 - Revenue Credits'!$A$2:$D$38
Name Z_28948E05_8F34_4F1E_96FB_A80A6A844600_.wvu.PrintArea: 'Appendix A'!$A$2:$H$306
Name Z_3A38DF7A_C35E_4DD3_9893_26310A3EF836_.wvu.PrintArea: '3 - Revenue Credits'!$A$2:$D$38
Name Z_3A38DF7A_C35E_4DD3_9893_26310A3EF836_.wvu.PrintArea: 'Appendix A'!$A$2:$H$306
Name Z_416404B7_8533_4A12_ABD0_58CFDEB49D80_.wvu.PrintArea: '1A - ADIT Current Year'!$B$1:$I$98
Name Z_416404B7_8533_4A12_ABD0_58CFDEB49D80_.wvu.PrintArea: '1C - ADIT Prior Year'!$B$1:$I$87
Name Z_416404B7_8533_4A12_ABD0_58CFDEB49D80_.wvu.PrintArea: '2 - Other Taxes'!$A$1:$H$61
Name Z_416404B7_8533_4A12_ABD0_58CFDEB49D80_.wvu.PrintArea: '3 - Revenue Credits'!$A$2:$D$41
Name Z_416404B7_8533_4A12_ABD0_58CFDEB49D80_.wvu.PrintArea: '4 - Cost Support'!$A$1:$U$197
Name Z_416404B7_8533_4A12_ABD0_58CFDEB49D80_.wvu.PrintArea: '6A - NITS True-Up '!$B$1:$L$71
Name Z_416404B7_8533_4A12_ABD0_58CFDEB49D80_.wvu.PrintArea: '6B - Schedule 12 True-Up'!$B$1:$L$71
Name Z_416404B7_8533_4A12_ABD0_58CFDEB49D80_.wvu.PrintArea: 'Appendix A'!$A$3:$H$309
Name Z_416404B7_8533_4A12_ABD0_58CFDEB49D80_.wvu.PrintTitles: '4 - Cost Support'!$1:$4
Name Z_416404B7_8533_4A12_ABD0_58CFDEB49D80_.wvu.PrintTitles: 'Appendix A'!$2:$6
Name Z_4C7C2344_134C_465A_ADEB_A5E96AAE2308_.wvu.PrintArea: '3 - Revenue Credits'!$A$2:$D$38
Name Z_4C7C2344_134C_465A_ADEB_A5E96AAE2308_.wvu.PrintArea: 'Appendix A'!$A$2:$H$306
Name Z_63011E91_4609_4523_98FE_FD252E915668_.wvu.PrintArea: '1A - ADIT Current Year'!$B$1:$I$88
Name Z_63011E91_4609_4523_98FE_FD252E915668_.wvu.PrintArea: '1C - ADIT Prior Year'!$B$1:$I$82
Name Z_6928E596_79BD_4CEC_9F0D_07E62D69B2A5_.wvu.PrintArea: '1A - ADIT Current Year'!$B$1:$I$88
Name Z_6928E596_79BD_4CEC_9F0D_07E62D69B2A5_.wvu.PrintArea: '1C - ADIT Prior Year'!$B$1:$I$82
Name Z_71B42B22_A376_44B5_B0C1_23FC1AA3DBA2_.wvu.PrintArea: '1A - ADIT Current Year'!$B$1:$I$88
Name Z_71B42B22_A376_44B5_B0C1_23FC1AA3DBA2_.wvu.PrintArea: '1C - ADIT Prior Year'!$B$1:$I$82
Name Z_71B42B22_A376_44B5_B0C1_23FC1AA3DBA2_.wvu.PrintArea: '3 - Revenue Credits'!$A$2:$D$38
Name Z_71B42B22_A376_44B5_B0C1_23FC1AA3DBA2_.wvu.PrintArea: 'Appendix A'!$A$2:$H$306
Name Z_8FBB4DC9_2D51_4AB9_80D8_F8474B404C29_.wvu.PrintArea: '1A - ADIT Current Year'!$B$1:$I$88
Name Z_8FBB4DC9_2D51_4AB9_80D8_F8474B404C29_.wvu.PrintArea: '1C - ADIT Prior Year'!$B$1:$I$82
Name Z_B647CB7F_C846_4278_B6B1_1EF7F3C004F5_.wvu.PrintArea: '1A - ADIT Current Year'!$B$1:$I$88
Name Z_B647CB7F_C846_4278_B6B1_1EF7F3C004F5_.wvu.PrintArea: '1C - ADIT Prior Year'!$B$1:$I$82
Name Z_DA967730_B71F_4038_B1B7_9D4790729C5D_.wvu.PrintArea: '3 - Revenue Credits'!$A$2:$D$38
Name Z_DA967730_B71F_4038_B1B7_9D4790729C5D_.wvu.PrintArea: 'Appendix A'!$A$2:$H$306
Name Z_DC91DEF3_837B_4BB9_A81E_3B78C5914E6C_.wvu.PrintArea: '1A - ADIT Current Year'!$B$1:$I$88
Name Z_DC91DEF3_837B_4BB9_A81E_3B78C5914E6C_.wvu.PrintArea: '1C - ADIT Prior Year'!$B$1:$I$82
Name Z_DC91DEF3_837B_4BB9_A81E_3B78C5914E6C_.wvu.PrintArea: '3 - Revenue Credits'!$A$2:$D$38
Name Z_DC91DEF3_837B_4BB9_A81E_3B78C5914E6C_.wvu.PrintArea: 'Appendix A'!$A$2:$H$306
Name Z_F96D6087_3330_4A81_95EC_26BA83722A49_.wvu.PrintArea: '3 - Revenue Credits'!$A$2:$D$38
Name Z_F96D6087_3330_4A81_95EC_26BA83722A49_.wvu.PrintArea: 'Appendix A'!$A$2:$H$306
Name Z_FAAD9AAC_1337_43AB_BF1F_CCF9DFCF5B78_.wvu.PrintArea: '1A - ADIT Current Year'!$B$1:$I$88
Name Z_FAAD9AAC_1337_43AB_BF1F_CCF9DFCF5B78_.wvu.PrintArea: '1C - ADIT Prior Year'!$B$1:$I$82
Name Z_FAAD9AAC_1337_43AB_BF1F_CCF9DFCF5B78_.wvu.PrintArea: '3 - Revenue Credits'!$A$2:$D$38
Name Z_FAAD9AAC_1337_43AB_BF1F_CCF9DFCF5B78_.wvu.PrintArea: 'Appendix A'!$A$2:$H$306

Sheet Appendix A
A3: Dayton Power and Light
A4: ATTACHMENT H-15A | H4: Actual for
A5: Formula Rate -- Appendix A (electric only) | E5: Notes | F5: Formula Rate Attachment Reference or Instruction | H5: 12 Months Ended December 31, 2023
A6: Shaded cells are input cells
A7: Allocators
B9: Wages & Salary Allocation Factor
A10: 1 | C10: Transmission Wages Expense | F10: ="(Attachment 4, Line "&'4 - Cost Support'!$A$33&")" -> (Attachment 4, Line 16) | H10: =+'4 - Cost Support'!T33 -> 4655915
A12: =+A10+1 -> 2 | C12: Total O&M Wages Expense | F12: ="(Attachment 4, Line "&'4 - Cost Support'!$A$31&")" -> (Attachment 4, Line 14) | H12: =+'4 - Cost Support'!T31 -> 58001419
A13: =+A12+1 -> 3 | C13: Less A&G Wages Expense | F13: ="(Attachment 4, Line "&'4 - Cost Support'!$A$32&")" -> (Attachment 4, Line 15) | H13: =+'4 - Cost Support'!T32 -> 15715987
A14: =+A13+1 -> 4 | C14: Total Wages Less A&G Wages Expense | F14: ="(Line "&A12&" - Line "&A13&")" -> (Line 2 - Line 3) | H14: =H12-H13 -> 42285432
A16: 5 | B16: Wages & Salary Allocator | F16: ="(Line "&A10&" / Line "&A14&")" -> (Line 1 / Line 4) | H16: =H10/H14 -> 0.11010683
B18: Plant Allocation Factors
A19: =+A16+1 -> 6 | C19: Electric Plant in Service | E19: ="(Note "&B$297&")" -> (Note A) | F19: ="(Attachment 4, Line "&'4 - Cost Support'!A9&")" -> (Attachment 4, Line 1) | H19: =+'4 - Cost Support'!T9 -> 2956296774
A20: =+A19+1 -> 7 | C20: Accumulated Depreciation (Total Electric Plant) | E20: ="(Note "&B$297&")" -> (Note A) | F20: ="(Attachment 4, Line "&'4 - Cost Support'!A11&")" -> (Attachment 4, Line 3) | H20: =+'4 - Cost Support'!T11 -> -1.2267014e+09
A21: =+A20+1 -> 8 | C21: Net Plant | F21: ="(Line "&A19&" - Line "&A20&")" -> (Line 6 - Line 7) | H21: =+H19+H20 -> 1.7295954e+09
A23: =+A21+1 -> 9 | C23: Transmission Gross Plant | E23: ="(Note "&B$297&")" -> (Note A) | F23: ="(Line "&A42&")" -> (Line 20) | H23: =H42 -> 6.7137935e+08
A24: =+A23+1 -> 10 | B24: Gross Plant Allocator | F24: ="(Line "&A23&" / Line "&A19&")" -> (Line 9 / Line 6) | H24: =H23/H19 -> 0.22710147
A26: =+A24+1 -> 11 | C26: Transmission Net Plant | E26: ="(Note "&B$297&")" -> (Note A) | F26: ="(Line "&A57&")" -> (Line 29) | H26: =H57 -> 4.2743888e+08
A27: =+A26+1 -> 12 | B27: Net Plant Allocator | F27: ="(Line "&A26&" / Line "&A21&")" -> (Line 11 / Line 8) | H27: =H26/H21 -> 0.2471323
A30: Plant Calculations
B32: Plant In Service
A33: =+A27+1 -> 13 | C33: Transmission Plant In Service | E33: ="(Note "&B$297&" & "&B306&")" -> (Note A & J) | F33: ="(Attachment 4, Line "&'4 - Cost Support'!A17&")" -> (Attachment 4, Line 7) | H33: =+'4 - Cost Support'!T17 -> 6.617691e+08
A35: =+A33+1 -> 14 | C35: General | E35: ="(Note "&B$297&")" -> (Note A) | F35: ="(Attachment 4, Line "&'4 - Cost Support'!A18&")" -> (Attachment 4, Line 8) | H35: =+'4 - Cost Support'!T18 -> 34384219
A36: =A35+1 -> 15 | C36: Intangible - Electric | E36: ="(Note "&B$297&")" -> (Note A) | F36: ="(Attachment 4, Line "&'4 - Cost Support'!A19&")" -> (Attachment 4, Line 9) | H36: =+'4 - Cost Support'!T19 -> 52896910
A37: =A36+1 -> 16 | C37: Common Plant - Electric | E37: ="(Note "&B$297&")" -> (Note A) | F37: ="(Attachment 4, Line "&'4 - Cost Support'!A20&")" -> (Attachment 4, Line 10) | H37: =+'4 - Cost Support'!T20 -> 0
A38: =A37+1 -> 17 | C38: Total General, Intangible & Common Plant | F38: ="(Line "&A35&" + Line "&A36&" + Line "&A37&")" -> (Line 14 + Line 15 + Line 16) | H38: =SUM(H35:H37) -> 87281129
A39: =+A38+1 -> 18 | C39: Wage & Salary Allocator | F39: ="(Line "&A$16&")" -> (Line 5) | H39: =H16 -> 0.11010683
A40: =A39+1 -> 19 | C40: General and Intangible Plant Allocated to Transmission | F40: ="(Line "&A38&" * Line "&A39&")" -> (Line 17 * Line 18) | H40: =+H38*H39 -> 9610248.7
A42: =+A40+1 -> 20 | B42: Total Plant In Service | F42: ="(Line "&A33&" + Line "&A40&")" -> (Line 13 + Line 19) | H42: =+H33+H40 -> 6.7137935e+08
B44: Accumulated Depreciation
A46: =+A42+1 -> 21 | C46: Transmission Accumulated Depreciation | E46: ="(Note "&B$297&")" -> (Note A) | F46: ="(Attachment 4, Line "&'4 - Cost Support'!A23&")" -> (Attachment 4, Line 11) | H46: =+'4 - Cost Support'!T23 -> -2.391114e+08
A48: =A46+1 -> 22 | C48: Accumulated General Depreciation | E48: ="(Note "&B$297&")" -> (Note A) | F48: ="(Attachment 4, Line "&'4 - Cost Support'!A24&")" -> (Attachment 4, Line 12) | H48: =+'4 - Cost Support'!T24 -> -10264911
A49: =+A48+1 -> 23 | C49: Accumulated Intangible Amortization | E49: ="(Note "&B$297&")" -> (Note A) | F49: ="(Attachment 4, Line "&'4 - Cost Support'!A12&")" -> (Attachment 4, Line 4) | H49: =+'4 - Cost Support'!T12 -> -33593086
A50: =+A49+1 -> 24 | C50: Accumulated Common Plant Depreciation and Amortization- Electric | E50: ="(Note "&B$297&")" -> (Note A) | F50: ="(Attachment 4, Line "&'4 - Cost Support'!A25&")" -> (Attachment 4, Line 13) | H50: =+'4 - Cost Support'!T25 -> 0
A51: =+A50+1 -> 25 | C51: Accumulated General, Intangible and Common Depreciation | F51: ="(Line "&A48&" + "&A49&" + "&A50&")" -> (Line 22 + 23 + 24) | H51: =+H48+H50+H49 -> -43857997
A52: =+A51+1 -> 26 | C52: =+C39 -> Wage & Salary Allocator | F52: ="(Line "&A$16&")" -> (Line 5) | H52: =H16 -> 0.11010683
A53: =+A52+1 -> 27 | C53: Subtotal General, Intangible and Common Accum. Depreciation Allocated to Transmission | F53: ="(Line "&A51&" * Line "&A52&")" -> (Line 25 * Line 26) | H53: =H51*H52 -> -4829065.1
A55: =+A53+1 -> 28 | B55: Total Accumulated Depreciation | F55: ="(Lines "&A46&" + "&A53&")" -> (Lines 21 + 27) | H55: =+H46+H53 -> -2.4394047e+08
A57: =+A55+1 -> 29 | B57: Total Net Plant in Service | F57: ="(Line "&A42&" - Line "&A55&")" -> (Line 20 - Line 28) | H57: =H42+H55 -> 4.2743888e+08
A59: Adjustments To Rate Base
B61: Accumulated Deferred Income Taxes
A62: =+A57+1 -> 30 | C62: Excluding FAS 109 | E62: ="(Notes "&B$308&" and "&B312&")" -> (Notes L and P) | F62: ="(Attachment 1A, Line "&'1A - ADIT Current Year'!A19&")" -> (Attachment 1A, Line 11) | H62: =+'1A - ADIT Current Year'!H19 -> -38834018
B64: Accumulated Deferred Income Taxes
A65: =+A62+1 -> 31 | C65: Excess ADIT | E65: ="(Note "&B308&" and "&B310&")" -> (Note L and N) | F65: ="(Attachment 4, Line "&'4 - Cost Support'!A203&")" -> (Attachment 4, Line 78) | H65: =+'4 - Cost Support'!T203 -> -25482785
B67: CWIP Incentive
A68: =+A65+1 -> 32 | C68: CWIP Balances | E68: ="(Note "&B$297&" & "&B$302&")" -> (Note A & F) | F68: ="(Attachment 5, Line "&'5 - CWIP in Rate Base'!A32&")" -> (Attachment 5, Line 23) | H68: =+'5 - CWIP in Rate Base'!S37 -> 52830945
B70: Abandoned Transmission Projects
A71: =+A68+1 -> 33 | C71: Unamortized Abandoned Transmission Projects | E71: ="(Note "&B297&" and "&B$309&")" -> (Note A and M) | F71: ="(Attachment 4, Line "&'4 - Cost Support'!A195&")" -> (Attachment 4, Line 77) | H71: =+'4 - Cost Support'!K195 -> 0
A73: =+A71+1 -> 34 | B73: Plant Held for Future Use | E73: ="(Note "&B$298&" & "&B$308&")" -> (Note B & L) | F73: ="(Attachment 4, Line "&'4 - Cost Support'!A40&")" -> (Attachment 4, Line 17) | H73: ='4 - Cost Support'!T40 -> 42369
B75: Prepayments
A76: =+A73+1 -> 35 | C76: Prepayments | E76: ="(Note "&B$297&")" -> (Note A) | F76: ="(Attachment 4, Line "&'4 - Cost Support'!A51&")" -> (Attachment 4, Line 22) | H76: =+'4 - Cost Support'!T51 -> 36096237
A77: =+A76+1 -> 36 | C77: Wage & Salary Allocator | F77: ="(Line "&A$16&")" -> (Line 5) | H77: =+H16 -> 0.11010683
A78: =+A77+1 -> 37 | C78: Prepayments Allocated to Transmission | F78: ="(Line "&A76&" * Line "&A77&")" -> (Line 35 * Line 36) | H78: =H76*H77 -> 3974442.4
B80: Materials and Supplies
A81: =+A78+1 -> 38 | C81: Undistributed Stores Expense | E81: ="(Note "&B$297&")" -> (Note A) | F81: ="(Attachment 4, Line "&'4 - Cost Support'!A59&")" -> (Attachment 4, Line 23) | H81: =+'4 - Cost Support'!T59 -> 15067.077
A82: =+A81+1 -> 39 | C82: Wage & Salary Allocator | F82: ="(Line "&A$16&")" -> (Line 5) | H82: =H16 -> 0.11010683
A83: =+A82+1 -> 40 | C83: Total Undistributed Stores Expense Allocated to Transmission | F83: ="(Line "&A81&" * Line "&A82&")" -> (Line 38 * Line 39) | H83: =H81*H82 -> 1658.9881
C84: Assigned to Construction - Transmission Portion | E84: ="(Note "&B$297&" & "&B316&")" -> (Note A & T) | F84: ="(Attachment 4, Line "&'4 - Cost Support'!A61&")" -> (Attachment 4, Line 25) | H84: =+'4 - Cost Support'!T61 -> 3175982.5
A85: =A83+1 -> 41 | C85: Transmission | E85: ="(Note "&B$297&" )" -> (Note A ) | F85: ="(Attachment 4, Line "&'4 - Cost Support'!A60&")" -> (Attachment 4, Line 24) | H85: =+'4 - Cost Support'!T60 -> 359693.46
A86: =A85+1 -> 42 | C86: Total Materials & Supplies for Transmission | F86: ="(Line "&A83&" + Line "&A85&")" -> (Line 40 + Line 41) | H86: =H83+H84+H85 -> 3537335
B88: Cash Working Capital
A89: =+A86+1 -> 43 | C89: Operation & Maintenance Expense | F89: ="(Line "&A$144&")" -> (Line 78) | H89: =H144 -> 21617476
A90: =+A89+1 -> 44 | C90: No Allowance | H90: 0
A91: =+A90+1 -> 45 | C91: Total Cash Working Capital for Transmission | F91: ="(Line "&A89&" * Line "&A90&")" -> (Line 43 * Line 44) | H91: =H89*H90 -> 0
B93: Unfunded Reserves
A94: =+A91+1 -> 46 | C94: Property Insurance | E94: ="(Note "&B$297&")" -> (Note A) | F94: ="(Attachment 4, Line "&'4 - Cost Support'!A212&")" -> (Attachment 4, Line 79) | H94: =+'4 - Cost Support'!T212 -> 0
A95: =+A94+1 -> 47 | C95: Net Plant Allocator | F95: ="(Line "&A$27&")" -> (Line 12) | H95: =+H27 -> 0.2471323
A96: =+A95+1 -> 48 | C96: Property Insurance Allocated to Transmission | F96: ="(Line "&A94&" * Line "&A95&")" -> (Line 46 * Line 47) | H96: =+H94*H95 -> 0
A98: =+A96+1 -> 49 | C98: Injuries and Damages | E98: ="(Note "&B$297&")" -> (Note A) | F98: ="(Attachment 4, Line "&'4 - Cost Support'!A213&")" -> (Attachment 4, Line 80) | H98: =+'4 - Cost Support'!T213 -> -1115531.1
A99: =+A98+1 -> 50 | C99: Non-Pension and Non-Other Post Employment Benefits | E99: ="(Note "&B$297&")" -> (Note A) | F99: ="(Attachment 4, Line "&'4 - Cost Support'!A214&")" -> (Attachment 4, Line 81) | H99: =+'4 - Cost Support'!T214 -> -1750777.5
A100: =+A99+1 -> 51 | C100: Total | F100: ="(Line "&A98&" + Line "&A99&")" -> (Line 49 + Line 50) | H100: =+H98+H99 -> -2866308.6
A101: =+A100+1 -> 52 | C101: Wage and Salary Allocator | F101: ="(Line "&A$16&")" -> (Line 5) | H101: =+H16 -> 0.11010683
A102: =+A101+1 -> 53 | C102: I&J and P&B Allocated to Transmission | F102: ="(Line "&A100&" * Line "&A101&")" -> (Line 51 * Line 52) | H102: =+H100*H101 -> -315600.16
A104: =+A102+1 -> 54 | C104: Miscellaneous Operating Provisions - Transmission Portion | E104: ="(Note "&B$297&")" -> (Note A) | F104: ="(Attachment 4, Line "&'4 - Cost Support'!A215&")" -> (Attachment 4, Line 82) | H104: =+'4 - Cost Support'!T215 -> 0
A106: =+A104+1 -> 55 | B106: Customer Deposits and Advances for Construction | E106: ="(Note "&B$308&")" -> (Note L) | F106: ="(Attachment 4, Line "&'4 - Cost Support'!A231&")" -> (Attachment 4, Line 86) | H106: =+'4 - Cost Support'!T231 -> 0
A108: =+A106+1 -> 56 | B108: Deferred Credits | E108: ="(Note "&B$297&")" -> (Note A) | F108: ="(Attachment 4, Line "&'4 - Cost Support'!A222&")" -> (Attachment 4, Line 83) | H108: =+'4 - Cost Support'!T222 -> 0
A110: =+A108+1 -> 57 | B110: Miscellaneous Current and Accrued Liabilities | E110: ="(Note "&B$297&")" -> (Note A) | F110: ="(Attachment 4, Line "&'4 - Cost Support'!A237&")" -> (Attachment 4, Line 87) | H110: =+'4 - Cost Support'!T237 -> -1130087.7
A112: =+A110+1 -> 58 | B112: Total Adjustments to Rate Base | F112: ="(Lines "&A62&" + "&A65&" + "&A68&" + "&A71&" + "&A73&" + "&A78&" + "&A86&" + "&A91&" + "&A96&" + "&A102&" + "&A104&" + "&A106&" + "&A108&" + "&A110&")" -> (Lines 30 + 31 + 32 + 33 + 34 + 37 + 42 + 45 + 48 + 53 + 54 + 55 + 56 + 57) | H112: =+H62+H65+H68+H71+H73+H78+H86+H91+H96+H102+H104+H106+H108+H110 -> -5377399.4
A114: =+A112+1 -> 59 | B114: Rate Base | F114: ="(Line "&A57&" + Line "&A112&")" -> (Line 29 + Line 58) | H114: =H57+H112 -> 4.2206148e+08
A116: Operations & Maintenance Expense
B118: Transmission O&M
A119: =+A114+1 -> 60 | C119: Transmission O&M | F119: ="(Attachment 4, Line "&'4 - Cost Support'!A67&")" -> (Attachment 4, Line 26) | H119: =+'4 - Cost Support'!S67 -> 81946674
A120: =+A119+1 -> 61 | C120: Less: Excluded Transmission O&M | F120: ="(Attachment 4, Line "&'4 - Cost Support'!A70&")" -> (Attachment 4, Line 29) | H120: =+'4 - Cost Support'!S70 -> 70641753
A121: =1+A120 -> 62 | C121: Transmission O&M | F121: ="(Lines "&A119&" - "&A120&")" -> (Lines 60 - 61) | H121: =+H119-H120 -> 11304921
B123: Allocated Administrative & General Expenses
A124: =A121+1 -> 63 | C124: Total A&G | E124: ="(Note "&B303&", "&B318&" & "&B319&")" -> (Note G, V & W) | F124: ="(Attachment 4, Line "&'4 - Cost Support'!A83&")" -> (Attachment 4, Line 31) | H124: =+'4 - Cost Support'!S83 -> 80410067
A125: =+A124+1 -> 64 | C125: Less Property Insurance Expense | F125: ="(Attachment 4, Line "&'4 - Cost Support'!A77&")" -> (Attachment 4, Line 30) | H125: 0 | I125: Zero - DA
A126: =+A125+1 -> 65 | C126: Less Regulatory Commission Expense | E126: ="(Note "&B$300&")" -> (Note D) | F126: ="(Attachment 4, Line "&'4 - Cost Support'!A92&")" -> (Attachment 4, Line 34) | H126: 0 | I126: Zero - DA
A127: =+A126+1 -> 66 | C127: Less Service Company and DP&L Costs Directly Assigned to A&G Distribution and Transmission | E127: ="(Note "&B311&")" -> (Note O) | F127: ="(Attachment 4, Line "&'4 - Cost Support'!A85&")" -> (Attachment 4, Line 33) | H127: =+'4 - Cost Support'!S85 -> 80360264
A128: =+A127+1 -> 67 | C128: Less EPRI Dues and Lobbying Expenses | E128: ="(Note "&B$299&")" -> (Note C) | F128: ="(Attachment 4, Line "&'4 - Cost Support'!A100&" & Attachment 4, Line "&'4 - Cost Support'!A101&")" -> (Attachment 4, Line 36 & Attachment 4, Line 37) | H128: =+'4 - Cost Support'!S100+'4 - Cost Support'!S101 -> 0
A129: =+A128+1 -> 68 | C129: Administrative & General Expenses | F129: ="(Lines "&A124&" - "&A125&" - "&A126&" - "&A127&" - "&A128&")" -> (Lines 63 - 64 - 65 - 66 - 67) | H129: =+H124-SUM(H125:H128) -> 49803
A130: =+A129+1 -> 69 | C130: Wage & Salary Allocator | F130: ="(Line "&A$16&")" -> (Line 5) | H130: =H16 -> 0.11010683
A131: =+A130+1 -> 70 | C131: Administrative & General Expenses Allocated to Transmission | F131: ="(Line "&A129&" * Line "&A130&")" -> (Line 68 * Line 69) | H131: =H129*H130 -> 5483.6506
B133: Directly Assigned A&G
A134: =+A131+1 -> 71 | C134: Regulatory Commission Expense - Transmission | E134: ="(Note "&B$301&")" -> (Note E) | F134: ="(Attachment 4, Line "&'4 - Cost Support'!A93&")" -> (Attachment 4, Line 35) | H134: =+'4 - Cost Support'!S93 -> 94126
A135: =+A134+1 -> 72 | C135: Service Company and DP&L Costs Directly Assigned to A&G Transmission | E135: ="(Note "&B311&")" -> (Note O) | F135: ="(Attachment 4, Line "&'4 - Cost Support'!A84&")" -> (Attachment 4, Line 32) | H135: =+'4 - Cost Support'!S84 -> 10212945
A136: =+A135+1 -> 73 | C136: Subtotal | F136: ="(Line "&A134&" + Line "&A135&")" -> (Line 71 + Line 72) | H136: =SUM(H134:H135) -> 10307071
A138: =+A136+1 -> 74 | C138: Property Insurance Account 924 | F138: ="(Line "&A125&")" -> (Line 64) | H138: =H125 -> 0
A139: =+A138+1 -> 75 | C139: Net Plant Allocator | F139: ="(Line "&A$27&")" -> (Line 12) | H139: =H27 -> 0.2471323
A140: =+A139+1 -> 76 | C140: Property Insurance Allocated to Transmission | F140: ="(Line "&A138&" * Line "&A139&")" -> (Line 74 * Line 75) | H140: =+H138*H139 -> 0
...

Sheet 1A - ADIT Current Year
B1: =+'Appendix A'!A3 -> Dayton Power and Light
B2: ATTACHMENT H-15A
B3: Attachment 1A - Accumulated Deferred Income Taxes (ADIT) Worksheet - Projected December 31, 2023
D5: Only
D6: Transmission | E6: Plant | F6: Labor | H6: Total
D7: Related | E7: Related | F7: Related | H7: ADIT
A9: 1 | C9: ADIT-190 w/o prorated items | D9: =+E45 -> 0 | E9: =+F45 -> 20993387 | F9: =+G45 -> 6371862.9 | I9: ="(Line "&A45&")" -> (Line 26)
A10: =+A9+1 -> 2 | C10: ADIT-282 w/o prorated items | D10: =+E64 -> -7035859 | E10: =+F64 -> 0 | F10: =+G64 -> -6828963.8 | I10: ="(Line "&A64&")" -> (Line 29)
A11: =+A10+1 -> 3 | C11: ADIT-283 w/o prorated items | D11: =+E92 -> 0 | E11: =+F92 -> 0 | F11: =+G92 -> 0 | I11: ="(Line "&A92&")" -> (Line 40)
A12: =+A11+1 -> 4 | C12: Subtotal | D12: =+SUM(D9:D11) -> -7035859 | E12: =+SUM(E9:E11) -> 20993387 | F12: =+SUM(F9:F11) -> -457100.84 | I12: ="(Line "&A9&" + Line "&A10&" + Line "&A11&")" -> (Line 1 + Line 2 + Line 3)
A13: =+A12+1 -> 5 | C13: Wages & Salary Allocator | F13: ='Appendix A'!H16 -> 0.11010683 | I13: ="(Appendix A, Line "&'Appendix A'!A16&")" -> (Appendix A, Line 5)
A14: =+A13+1 -> 6 | C14: Net Plant Allocator | E14: ='Appendix A'!H27 -> 0.2471323 | I14: ="(Appendix A, Line "&'Appendix A'!A27&")" -> (Appendix A, Line 12)
A15: =+A14+1 -> 7 | C15: End of Year ADIT | D15: =+D12 -> -7035859 | E15: =+E14*E12 -> 5188143.9 | F15: =+F13*F12 -> -50329.926 | H15: =SUM(D15:F15) -> -1898044.9 | I15: ="(Line "&A12&" * Line "&A13&" or Line "&A14&")" -> (Line 4 * Line 5 or Line 6)
A16: =+A15+1 -> 8 | C16: End of Previous Year ADIT (from 1C - ADIT Prior Year) | D16: =+'1C - ADIT Prior Year'!D15 -> -4609191 | E16: =+'1C - ADIT Prior Year'!E15 -> 0 | F16: =+'1C - ADIT Prior Year'!F15 -> -671706.18 | H16: =SUM(D16:F16) -> -5280897.2 | I16: ="(Attachment 1C - ADIT Prior Year, Line "&A15&")" -> (Attachment 1C - ADIT Prior Year, Line 7)
A17: =+A16+1 -> 9 | C17: Average Beginning and End of Year - Nonprorated Items | D17: =(D15+D16)/2 -> -5822525 | E17: =(E15+E16)/2 -> 2594072 | F17: =(F15+F16)/2 -> -361018.06 | H17: =SUM(D17:F17) -> -3589471.1 | I17: ="(Average of Line "&A15&" + Line "&A16&")" -> (Average of Line 7 + Line 8)
A18: =+A17+1 -> 10 | C18: ADIT-282 - Prorated Items | D18: =+'1B - ADIT Proration'!J24 -> 0 | E18: =+'1B - ADIT Proration'!N24 -> 0 | F18: =+'1B - ADIT Proration'!R24 -> 0 | H18: =+'1E - ADIT True-Up Proration'!Q27 -> -35244547 | I18: ="(Attachment 1B, Line "&'1B - ADIT Proration'!A24&" or Attachment 1D, Line "&'1E - ADIT True-Up Proration'!A27&")" -> (Attachment 1B, Line 14 or Attachment 1D, Line 13) | J18: X
A19: =+A18+1 -> 11 | C19: Total ADIT | D19: =+D17+D18 -> -5822525 | E19: =+E17+E18 -> 2594072 | F19: =+F17+F18 -> -361018.06 | H19: =+H17+H18 -> -38834018 | I19: ="(Line "&A17&" + Line "&A18&")" -> (Line 9 + Line 10)
B23: Items that are not prorated are below. Debit amounts are shown as positive and credit amounts are shown as negative.
B25: In filling out this attachment, a full and complete description of each item and justification for the allocation to Columns C-F and each separate ADIT item will be listed,
B26: dissimilar items with amounts exceeding $100,000 will be listed separately;
B28: A | C28: B | D28: C | E28: D | F28: E | G28: F | I28: G
B29: ADIT-190 | E29: Transmission | F29: Plant | G29: Labor
C30: Total | D30: Excluded | E30: Related | F30: Related | G30: Related | I30: Justification
A31: =+A19+1 -> 12 | B31: Vacation Pay | C31: =+SUM(D31:G31) -> 622214.7 | D31: 0 | E31: 0 | F31: 0 | G31: 622214.7 | I31: Book estimate accrued and expensed - tax deduction when paid.
A32: =+A31+1 -> 13 | B32: Post-retirement Benefits - FAS 106 | C32: =+SUM(D32:G32) -> 2549102.6 | D32: 0 | E32: 0 | F32: 0 | G32: 2549102.6 | I32: FAS 106 - Post Retirement Benefits Obligation
A33: =+A32+1 -> 14 | B33: Deferred Compensation | C33: =+SUM(D33:G33) -> 486008.98 | D33: 0 | E33: 0 | F33: 0 | G33: 486008.98 | I33: Book estimate accrued and expensed - tax deduction when paid.
A34: =+A33+1 -> 15 | B34: Federal Taxes Deferred - FAS 109 | C34: =+SUM(D34:G34) -> 41761.03 | D34: 41761.03 | E34: 0 | F34: 0 | G34: 0 | I34: FAS 109 - primarily associated with items previously flowed through due to regulation. Removed below.
A35: =+A34+1 -> 16 | B35: Union Disability | C35: =+SUM(D35:G35) -> 641377.29 | D35: 0 | E35: 0 | F35: 0 | G35: 641377.29 | I35: Reversal for book reserves for employee disability, and medical reserves - tax deduction when paid
A36: =+A35+1 -> 17 | B36: Federal Deferred Tax on Future Tax Impacts | C36: =+SUM(D36:G36) -> 0 | D36: 0 | E36: 0 | F36: 0 | G36: 0 | I36: FIN 48 deferred tax offsets to reflect tax position uncertainties.
A37: =+A36+1 -> 18 | B37: Employee Stock Plans | C37: =+SUM(D37:G37) -> 74062.35 | D37: 0 | E37: 0 | F37: 0 | G37: 74062.35 | I37: Book estimate accrued and expensed - tax deduction when paid
A38: =+A37+1 -> 19 | B38: Bad Debt Expense | C38: =+SUM(D38:G38) -> 749173.33 | D38: 749173.33 | E38: 0 | F38: 0 | G38: 0 | I38: Reversal of book reserve and tax deduction for actual bad debt charge offs
A39: =+A38+1 -> 20 | B39: State Income Taxes | C39: =+SUM(D39:G39) -> 0 | D39: 0 | E39: 0 | F39: 0 | G39: 0 | I39: State and local taxes accrued on the listed temporary differences
A40: =+A39+1 -> 21 | B40: Capitalized Interest Income | C40: =+SUM(D40:G40) -> 1279098.6 | D40: 0 | E40: 0 | F40: 0 | G40: 1279098.6 | I40: Tax capitalized interest on certain pollution control bonds
A41: =+A40+1 -> 22 | B41: Net Operating Loss | C41: =+SUM(D41:G41) -> 20993387 | D41: 0 | E41: 0 | F41: 20993387 | G41: 0 | I41: Deferred taxes a CAT (Commercial Activities Tax similar to a gross receipts tax) credit | J41: X
A42: =+A41+1 -> 23 | B42: Other | C42: =+C43-SUM(C31:C41) -> 719997.93 | D42: 0 | E42: 0 | F42: 0 | G42: 719998.33 | I42: Miscellaneous book tax differences
A43: =+A42+1 -> 24 | B43: Subtotal - p234 | C43: 28156184 | D43: =SUM(D31:D42) -> 790934.36 | E43: =SUM(E31:E42) -> 0 | F43: =SUM(F31:F42) -> 20993387 | G43: =SUM(G31:G42) -> 6371862.9
A44: =+A43+1 -> 25 | B44: Less FASB 109 Above if not separately removed | C44: =SUM(D44:G44) -> 41761.03 | D44: =D34 -> 41761.03 | E44: =E34 -> 0 | F44: =F34 -> 0 | G44: =G34 -> 0 | I44: All FAS 109 items excluded from formula rate
A45: =+A44+1 -> 26 | B45: Total | C45: =+C43-C44 -> 28114423 | D45: =+D43-D44 -> 749173.33 | E45: =+E43-E44 -> 0 | F45: =+F43-F44 -> 20993387 | G45: =+G43-G44 -> 6371862.9
B46: Instructions for Account 190:
B47: 1. ADIT items related to Non-Electric Operations or which are not significant are excluded and directly assigned to Column C
B48: 2. ADIT items related only to Transmission are directly assigned to Column D
B49: 3. ADIT items related to Plant are included in Column E
B50: 4. ADIT items related to Labor are included in Column F
B51: 5. Deferred income taxes arise when items are included in taxable income in different periods than they are included in book income and rates.
B52: If the item giving rise to the ADIT is not included in the formula rate revenue requirement, the associated ADIT amount shall be excluded
B54: =+B1 -> Dayton Power and Light
B55: =+B2 -> ATTACHMENT H-15A
B56: =+B3 -> Attachment 1A - Accumulated Deferred Income Taxes (ADIT) Worksheet - Projected December 31, 2023
B58: A | C58: B | D58: C | E58: D | F58: E | G58: F
C59: Total Without Exclusions
B60: ADIT- 282 | E60: Transmission | F60: Plant | G60: Labor | I60: G
D61: =+D30 -> Excluded | E61: Related | F61: Related | G61: Related | I61: Justification
A62: =+A45+1 -> 27 | B62: Depreciation - Liberalized Depreciation | C62: =+SUM(D62:G62) -> 0 | D62: 0 | F62: 0 | G62: 0 | I62: Tax and book differences resulting from accelerated tax depreciation . Included in prorated amount.
A63: =+A62+1 -> 28 | B63: Other - Exclude CIAC | C63: =+SUM(D63:G63) -> -12417110 | D63: 1447712.8 | E63: -7035859 | F63: 0 | G63: -6828963.8 | I63: Other Plant related book tax temporary differences (e.g., repairs deductions, deductions for mixed service costs capitalized for book purposes, etc.)
A64: =+A63+1 -> 29 | B64: Total | C64: =+SUM(C62:C63) -> -12417110 | D64: =+SUM(D62:D63) -> 1447712.8 | E64: =+SUM(E62:E63) -> -7035859 | F64: =+SUM(F62:F63) -> 0 | G64: =+SUM(G62:G63) -> -6828963.8
B65: Instructions for Account 282:
B66: 1. ADIT items related only to Non-Electric Operations or Production are directly assigned to Column C
B67: 2. ADIT items related only to Transmission are directly assigned to Column D
B68: 3. ADIT items related to Plant and not in Columns C & D are included in Column E
B69: 4. ADIT items related to labor and not in Columns C & D are included in Column F
B70: 5. Deferred income taxes arise when items are included in taxable income in different periods than they are included in book income and rates.
B71: If the item giving rise to the ADIT is not included in the formula rate revenue requirement, the associated ADIT amount shall be excluded
B75: =B1 -> Dayton Power and Light
B76: =+B55 -> ATTACHMENT H-15A
B77: =+B3 -> Attachment 1A - Accumulated Deferred Income Taxes (ADIT) Worksheet - Projected December 31, 2023
B79: A | C79: B | D79: C | E79: D | F79: E | G79: F | I79: G
B80: ADIT-283 | C80: Total | E80: Transmission | F80: Plant | G80: Labor
D81: =+D61 -> Excluded | E81: Related | I81: Justification
A82: =+A64+1 -> 30 | I82: Book tax difference related to software costs
A83: =+A82+1 -> 31 | B83: Reacquisition of Bonds | C83: =+SUM(D83:G83) -> -143045.45 | D83: -143045.45 | E83: 0 | F83: 0 | G83: 0 | I83: Cost of reacquiring bonds deducted when incurred for tax purposes and being amortized over time for book purposes. Removed below
A84: =+A83+1 -> 32 | B84: Pensions | C84: =+SUM(D84:G84) -> -17850535 | D84: -17850535 | E84: 0 | F84: 0 | G84: 0 | I84: Book amortization of pension expense based on actuarial calculations. Tax deduction is allowed when cash contributions are made to the plan.
A85: =+A84+1 -> 33 | B85: Phase-in Deferral | C85: =+SUM(D85:G85) -> -39291403 | D85: -39291403 | E85: 0 | F85: 0 | G85: 0 | I85: Books record regulatory assets and liabilities. In certain cases, tax is able to take a current deduction for those activities (books records a reg asset for certain storm damages, tax is able to take a current deduction)
A86: =+A85+1 -> 34 | B86: FAS 109 | C86: =+SUM(D86:G86) -> 9426914.7 | D86: 0 | E86: 0 | F86: 9426914.7 | G86: 0 | I86: FAS 109 - primarily associated with items previously flowed through due to regulation. Removed below.
A87: =+A86+1 -> 35 | B87: Pay Incentives | C87: =+SUM(D87:G87) -> 0 | D87: 0 | E87: 0 | F87: 0 | G87: 0 | I87: Book/tax difference related to bonus accruals - tax deduction taken when bonuses are paid
A88: =+A87+1 -> 36 | B88: Other | C88: =+C89-SUM(C82:C87) -> 8837457.7 | D88: =+C88 -> 8837457.7 | E88: 0 | F88: 0 | G88: 0 | I88: Primarily related to unrealized gains and losses on hedging transactions
A89: =+A88+1 -> 37 | B89: Subtotal - p277 | C89: -39020611 | D89: =SUM(D80:D88) -> -48447526 | E89: =SUM(E80:E88) -> 0 | F89: =SUM(F80:F88) -> 9426914.7 | G89: =SUM(G80:G88) -> 0
A90: =+A89+1 -> 38 | B90: Less: FASB 109 Above if not separately removed | C90: =+C86 -> 9426914.7 | D90: =+D86 -> 0 | E90: =+E86 -> 0 | F90: =+F86 -> 9426914.7 | G90: =+G86 -> 0
A91: =+A90+1 -> 39 | B91: Less: Reacquisition of Bonds | C91: =+C83 -> -143045.45 | D91: =+D83 -> -143045.45 | E91: =+E83 -> 0 | F91: =+F83 -> 0 | G91: =+G83 -> 0 | I91: Included in cost of debt
A92: =+A91+1 -> 40 | B92: Total | C92: =+C89-C90-C91 -> -48304480 | D92: =+D89-D90-D91 -> -48304480 | E92: =+E89-E90-E91 -> 0 | F92: =+F89-F90-F91 -> 0 | G92: =+G89-G90-G91 -> 0
B94: Instructions for Account 283:
B95: =+B66 -> 1. ADIT items related only to Non-Electric Operations or Production are directly assigned to Column C
B96: 2. ADIT items related only to Transmission are directly assigned to Column D
B97: 3. ADIT items related to Plant and not in Columns C & D are included in Column E
B98: 4. ADIT items related to labor and not in Columns C & D are included in Column F
B99: 5. Deferred income taxes arise when items are included in taxable income in different periods than they are included in book income and rates.
B100: If the item giving rise to the ADIT is not included in the formula rate revenue requirement, the associated ADIT amount shall be excluded

Sheet 1B - ADIT Proration
H1: Dayton Power and Light
H2: Attachment H-15A
H3: Attachment 1B - Accumulated Deferred Income Taxes - Prorated Projection - December 31, 2023
B4: Not used for actual ATRR calculations
B5: Debit amounts are shown as positive and credit amounts are shown as negative.
B6: Rate Year = 2023
B7: Account 282
B8: (a) | C8: (b) | D8: (c) | E8: (d) | F8: (e) | G8: (f) | H8: (g) | I8: (h) | J8: (i) | K8: (j) | L8: (k) | M8: (l) | N8: (m) | O8: (n) | P8: (o) | Q8: (p) | R8: (q) | S8: (v)
B9: Beginning Balance & Monthly Changes | C9: Year | D9: Days in the Month | E9: Number of Days Remaining in Year After Current Month | F9: Total Days in the Projected Rate Year | G9: Weighting for Projection | H9: Beginning Balance/ Monthly Amount/ Ending Balance | I9: Transmission | J9: Transmission Proration (d) x (f) | K9: Plant Related | L9: Net Plant Allocator | M9: Plant Allocation | N9: Plant Proration (f) x (l) | O9: Labor Related | P9: Wage and Salary Allocator | Q9: Labor Allocation | R9: Labor Proration (f) x (p) | S9: Total Transmission Prorated Amount
A11: 1 | B11: December 31st balance Prorated Items (FF1 274.2.b less non Prorated Items) | C11: 0 | G11: =365/365 -> 1 | H11: =+J11+N11+R11 -> 0 | I11: 0 | J11: =G11*I11 -> 0 | K11: 0 | L11: =+'Appendix A'!$H$27 -> 0.2471323 | M11: =+K11*L11 -> 0 | N11: =+G11*M11 -> 0 | O11: 0 | P11: =+'Appendix A'!$H$16 -> 0.11010683 | Q11: =+O11*P11 -> 0 | R11: =+G11*Q11 -> 0 | S11: =+J11+N11+R11 -> 0
A12: =+A11+1 -> 2 | B12: January | C12: 0 | D12: 31 | E12: =E13+D13 -> 335 | F12: =SUM(D12:D23) -> 365 | G12: =335/365 -> 0.91780822 | H12: =+J12+N12+R12 -> 0 | I12: 0 | J12: =G12*I12 -> 0 | K12: 0 | L12: =+'Appendix A'!$H$27 -> 0.2471323 | M12: =+K12*L12 -> 0 | N12: =+G12*M12 -> 0 | O12: 0 | P12: =+'Appendix A'!$H$16 -> 0.11010683 | Q12: =+O12*P12 -> 0 | R12: =+G12*Q12 -> 0 | S12: =+J12+N12+R12 -> 0
A13: =+A12+1 -> 3 | B13: February | C13: =+$C$12 -> 0 | D13: 28 | E13: =E14+D14 -> 307 | F13: =F12 -> 365 | G13: =307/365 -> 0.84109589 | H13: =+J13+N13+R13 -> 0 | I13: =$I$12 -> 0 | J13: =G13*I13 -> 0 | K13: 0 | L13: =+'Appendix A'!$H$27 -> 0.2471323 | M13: =+K13*L13 -> 0 | N13: =+G13*M13 -> 0 | O13: 0 | P13: =+'Appendix A'!$H$16 -> 0.11010683 | Q13: =+O13*P13 -> 0 | R13: =+G13*Q13 -> 0 | S13: =+J13+N13+R13 -> 0
A14: =+A13+1 -> 4 | B14: March | C14: =+$C$12 -> 0 | D14: 31 | E14: =E15+D15 -> 276 | F14: =F13 -> 365 | G14: =276/365 -> 0.75616438 | H14: =+J14+N14+R14 -> 0 | I14: =$I$12 -> 0 | J14: =G14*I14 -> 0 | K14: 0 | L14: =+'Appendix A'!$H$27 -> 0.2471323 | M14: =+K14*L14 -> 0 | N14: =+G14*M14 -> 0 | O14: 0 | P14: =+'Appendix A'!$H$16 -> 0.11010683 | Q14: =+O14*P14 -> 0 | R14: =+G14*Q14 -> 0 | S14: =+J14+N14+R14 -> 0
A15: =+A14+1 -> 5 | B15: April | C15: =+$C$12 -> 0 | D15: 30 | E15: =E16+D16 -> 246 | F15: =F14 -> 365 | G15: =246/365 -> 0.6739726 | H15: =+J15+N15+R15 -> 0 | I15: =$I$12 -> 0 | J15: =G15*I15 -> 0 | K15: 0 | L15: =+'Appendix A'!$H$27 -> 0.2471323 | M15: =+K15*L15 -> 0 | N15: =+G15*M15 -> 0 | O15: 0 | P15: =+'Appendix A'!$H$16 -> 0.11010683 | Q15: =+O15*P15 -> 0 | R15: =+G15*Q15 -> 0 | S15: =+J15+N15+R15 -> 0
A16: =+A15+1 -> 6 | B16: May | C16: =+$C$12 -> 0 | D16: 31 | E16: =E17+D17 -> 215 | F16: =F15 -> 365 | G16: =215/365 -> 0.5890411 | H16: =+J16+N16+R16 -> 0 | I16: =$I$12 -> 0 | J16: =G16*I16 -> 0 | K16: 0 | L16: =+'Appendix A'!$H$27 -> 0.2471323 | M16: =+K16*L16 -> 0 | N16: =+G16*M16 -> 0 | O16: 0 | P16: =+'Appendix A'!$H$16 -> 0.11010683 | Q16: =+O16*P16 -> 0 | R16: =+G16*Q16 -> 0 | S16: =+J16+N16+R16 -> 0
A17: =+A16+1 -> 7 | B17: June | C17: =+$C$12 -> 0 | D17: 30 | E17: =E18+D18 -> 185 | F17: =F16 -> 365 | G17: =185/365 -> 0.50684932 | H17: =+J17+N17+R17 -> 0 | I17: =$I$12 -> 0 | J17: =G17*I17 -> 0 | K17: 0 | L17: =+'Appendix A'!$H$27 -> 0.2471323 | M17: =+K17*L17 -> 0 | N17: =+G17*M17 -> 0 | O17: 0 | P17: =+'Appendix A'!$H$16 -> 0.11010683 | Q17: =+O17*P17 -> 0 | R17: =+G17*Q17 -> 0 | S17: =+J17+N17+R17 -> 0
A18: =+A17+1 -> 8 | B18: July | C18: =+$C$12 -> 0 | D18: 31 | E18: =E19+D19 -> 154 | F18: =F17 -> 365 | G18: =154/365 -> 0.42191781 | H18: =+J18+N18+R18 -> 0 | I18: =$I$12 -> 0 | J18: =G18*I18 -> 0 | K18: 0 | L18: =+'Appendix A'!$H$27 -> 0.2471323 | M18: =+K18*L18 -> 0 | N18: =+G18*M18 -> 0 | O18: 0 | P18: =+'Appendix A'!$H$16 -> 0.11010683 | Q18: =+O18*P18 -> 0 | R18: =+G18*Q18 -> 0 | S18: =+J18+N18+R18 -> 0
A19: =+A18+1 -> 9 | B19: August | C19: =+$C$12 -> 0 | D19: 31 | E19: =E20+D20 -> 123 | F19: =F18 -> 365 | G19: =123/365 -> 0.3369863 | H19: =+J19+N19+R19 -> 0 | I19: =$I$12 -> 0 | J19: =G19*I19 -> 0 | K19: 0 | L19: =+'Appendix A'!$H$27 -> 0.2471323 | M19: =+K19*L19 -> 0 | N19: =+G19*M19 -> 0 | O19: 0 | P19: =+'Appendix A'!$H$16 -> 0.11010683 | Q19: =+O19*P19 -> 0 | R19: =+G19*Q19 -> 0 | S19: =+J19+N19+R19 -> 0
A20: =+A19+1 -> 10 | B20: September | C20: =+$C$12 -> 0 | D20: 30 | E20: =E21+D21 -> 93 | F20: =F19 -> 365 | G20: =93/365 -> 0.25479452 | H20: =+J20+N20+R20 -> 0 | I20: =$I$12 -> 0 | J20: =G20*I20 -> 0 | K20: 0 | L20: =+'Appendix A'!$H$27 -> 0.2471323 | M20: =+K20*L20 -> 0 | N20: =+G20*M20 -> 0 | O20: 0 | P20: =+'Appendix A'!$H$16 -> 0.11010683 | Q20: =+O20*P20 -> 0 | R20: =+G20*Q20 -> 0 | S20: =+J20+N20+R20 -> 0
A21: =+A20+1 -> 11 | B21: October | C21: =+$C$12 -> 0 | D21: 31 | E21: =E22+D22 -> 62 | F21: =F20 -> 365 | G21: =62/365 -> 0.16986301 | H21: =+J21+N21+R21 -> 0 | I21: =$I$12 -> 0 | J21: =G21*I21 -> 0 | K21: 0 | L21: =+'Appendix A'!$H$27 -> 0.2471323 | M21: =+K21*L21 -> 0 | N21: =+G21*M21 -> 0 | O21: 0 | P21: =+'Appendix A'!$H$16 -> 0.11010683 | Q21: =+O21*P21 -> 0 | R21: =+G21*Q21 -> 0 | S21: =+J21+N21+R21 -> 0
A22: =+A21+1 -> 12 | B22: November | C22: =+$C$12 -> 0 | D22: 30 | E22: =E23+D23 -> 32 | F22: =F21 -> 365 | G22: =32/365 -> 0.087671233 | H22: =+J22+N22+R22 -> 0 | I22: =$I$12 -> 0 | J22: =G22*I22 -> 0 | K22: 0 | L22: =+'Appendix A'!$H$27 -> 0.2471323 | M22: =+K22*L22 -> 0 | N22: =+G22*M22 -> 0 | O22: 0 | P22: =+'Appendix A'!$H$16 -> 0.11010683 | Q22: =+O22*P22 -> 0 | R22: =+G22*Q22 -> 0 | S22: =+J22+N22+R22 -> 0
A23: =+A22+1 -> 13 | B23: December | C23: =+$C$12 -> 0 | D23: 31 | E23: 1 | F23: =F22 -> 365 | G23: =1/365 -> 0.002739726 | H23: =+J23+N23+R23 -> 0 | I23: =$I$12 -> 0 | J23: =G23*I23 -> 0 | K23: 0 | L23: =+'Appendix A'!$H$27 -> 0.2471323 | M23: =+K23*L23 -> 0 | N23: =+G23*M23 -> 0 | O23: 0 | P23: =+'Appendix A'!$H$16 -> 0.11010683 | Q23: =+O23*P23 -> 0 | R23: =+G23*Q23 -> 0 | S23: =+J23+N23+R23 -> 0
A24: =+A23+1 -> 14 | B24: Prorated Balance | D24: =+SUM(D12:D23) -> 365 | H24: =+J24+N24+R24 -> 0 | I24: =SUM(I11:I23) -> 0 | J24: =SUM(J11:J23) -> 0 | K24: =SUM(K11:K23) -> 0 | N24: =SUM(N11:N23) -> 0 | O24: =SUM(O11:O23) -> 0 | R24: =SUM(R11:R23) -> 0 | S24: =+J24+N24+R24 -> 0
B27: Note: In the projected ATRR and the ATU Adjustment, the calculations of ADIT amounts resulting from liberalized depreciations are performed in accordance with the proration requirements of Treasury Regulation Section 1.167(l)-1(h)(6).

Sheet 1C - ADIT Prior Year
B1: =+'Appendix A'!A3 -> Dayton Power and Light
B2: =+'1A - ADIT Current Year'!B2:I2 -> ATTACHMENT H-15A
B3: Attachment 1C - Accumulated Deferred Income Taxes (ADIT) Worksheet - December 31 of Prior Year
D5: Only
D6: Transmission | E6: Plant | F6: Labor | H6: Total
D7: Related | E7: Related | F7: Related | H7: ADIT
A9: 1 | C9: ADIT-190 | D9: =+E40 -> 0 | E9: =+F40 -> 0 | F9: =+G40 -> 1944004 | I9: ="(Line "&A40&")" -> (Line 22)
A10: =+A9+1 -> 2 | C10: ADIT- 282 | D10: =+E61 -> -4609191 | E10: =+F61 -> 0 | F10: =+G61 -> -8958530 | I10: ="(Line "&A61&")" -> (Line 25)
A11: =+A10+1 -> 3 | C11: ADIT-283 | D11: =+E87 -> 0 | E11: =+F87 -> 0 | F11: =+G87 -> 914031 | I11: ="(Line "&A87&")" -> (Line 36)
A12: =+A11+1 -> 4 | C12: Subtotal | D12: =+SUM(D9:D11) -> -4609191 | E12: =+SUM(E9:E11) -> 0 | F12: =+SUM(F9:F11) -> -6100495 | I12: ="(Line "&A9&" + Line "&A10&" + "&A11&")" -> (Line 1 + Line 2 + 3)
A13: =+A12+1 -> 5 | C13: Wages & Salary Allocator | F13: ='Appendix A'!H16 -> 0.11010683 | I13: ="(Appendix A, Line "&'Appendix A'!A16&")" -> (Appendix A, Line 5)
A14: =+A13+1 -> 6 | C14: Net Plant Allocator | E14: ='Appendix A'!H27 -> 0.2471323 | I14: ="(Appendix A, Line "&'Appendix A'!A27&")" -> (Appendix A, Line 12)
A15: =+A14+1 -> 7 | C15: End of Year ADIT | D15: =+D12 -> -4609191 | E15: =+E14*E12 -> 0 | F15: =+F13*F12 -> -671706.18 | H15: =SUM(D15:G15) -> -5280897.2 | I15: ="(Line "&A12&" * Line "&A13&" or Line "&A14&")" -> (Line 4 * Line 5 or Line 6)
B17: Contains all ADIT Items - Prorated and Nonprorated. Debit amounts are shown as positive and credit amounts are shown as negative.
B19: In filling out this attachment, a full and complete description of each item and justification for the allocation to Columns C-F and each separate ADIT item will be listed,
B20: dissimilar items with amounts exceeding $100,000 will be listed separately;
B22: A | C22: B | D22: C | E22: D | F22: E | G22: F | I22: G
C23: Total | E23: Only
B24: ADIT-190 | E24: Transmission | F24: Plant | G24: Labor
D25: Excluded | E25: Related | F25: Related | G25: Related | I25: Justification
A26: =+A15+1 -> 8 | B26: Vacation Pay | C26: =+SUM(D26:G26) -> 570019 | D26: 0 | E26: 0 | F26: 0 | G26: 570019 | I26: Book estimate accrued and expensed - tax deduction when paid.
A27: =+A26+1 -> 9 | B27: Post-retirement Benefits - FAS 106 | C27: =+SUM(D27:G27) -> 0 | E27: 0 | F27: 0 | G27: 0 | I27: FAS 106 - Post Retirement Benefits Obligation
A28: =+A27+1 -> 10 | B28: Deferred Compensation | C28: =+SUM(D28:G28) -> 653198 | D28: 0 | E28: 0 | F28: 0 | G28: 653198 | I28: Book estimate accrued and expensed - tax deduction when paid.
A29: =+A28+1 -> 11 | B29: Federal Taxes Deferred - FAS 109 | C29: =+SUM(D29:G29) -> 11612 | D29: 11612 | E29: 0 | F29: 0 | G29: 0 | I29: FAS 109 - primarily associated with items previously flowed through due to regulation. Removed below.
A30: =+A29+1 -> 12 | B30: Union Disability | C30: =+SUM(D30:G30) -> 636527 | D30: 0 | E30: 0 | F30: 0 | G30: 636527 | I30: Reversal for book reserves for employee disability, and medical reserves - tax deduction when paid
A31: =+A30+1 -> 13 | B31: Federal Deferred Tax on Future Tax Impacts | C31: =+SUM(D31:G31) -> 0 | D31: 0 | E31: 0 | F31: 0 | G31: 0 | I31: FIN 48 deferred tax offsets to reflect tax position uncertainties
A32: =+A31+1 -> 14 | B32: Employee Stock Plans | C32: =+SUM(D32:G32) -> 84260 | D32: 0 | E32: 0 | F32: 0 | G32: 84260 | I32: Book estimate accrued and expensed - tax deduction when paid
A33: =+A32+1 -> 15 | B33: Bad Debt Expense | C33: =+SUM(D33:G33) -> 687952 | D33: 687952 | E33: 0 | F33: 0 | G33: 0 | I33: Reversal of book reserve and tax deduction for actual bad debt charge offs
A34: =+A33+1 -> 16 | B34: State Income Taxes | C34: =+SUM(D34:G34) -> 0 | D34: 0 | E34: 0 | F34: 0 | G34: 0 | I34: State and local taxes accrued on the listed temporary differences
A35: =+A34+1 -> 17 | B35: Capitalized Interest Income | C35: =+SUM(D35:G35) -> 0 | D35: 0 | E35: 0 | F35: 0 | G35: 0 | I35: Tax capitalized interest on certain pollution control bonds
A36: =+A35+1 -> 18 | B36: Deferred Federal Taxes on CAT Tax Credit | C36: =+SUM(D36:G36) -> -205831 | D36: -205831 | E36: 0 | F36: 0 | G36: 0 | I36: Deferred taxes a CAT (Commercial Activities Tax similar to a gross receipts tax) credit
A37: =+A36+1 -> 19 | B37: Other | C37: 2665201 | D37: 2665201 | E37: 0 | F37: 0 | G37: 0 | I37: Miscellaneous book tax differences
A38: =+A37+1 -> 20 | B38: Subtotal - p234 | C38: 5102938 | D38: =SUM(D26:D37) -> 3158934 | E38: =SUM(E26:E37) -> 0 | F38: =SUM(F26:F37) -> 0 | G38: =SUM(G26:G37) -> 1944004
A39: =+A38+1 -> 21 | B39: Less FASB 109 Above if not separately removed | C39: =SUM(D39:G39) -> 11612 | D39: =D29 -> 11612 | E39: =E29 -> 0 | F39: =F29 -> 0 | G39: =G29 -> 0 | I39: =+'1A - ADIT Current Year'!I44 -> All FAS 109 items excluded from formula rate
A40: =+A39+1 -> 22 | B40: Total | C40: =+C38-C39 -> 5091326 | D40: =+D38-D39 -> 3147322 | E40: =+E38-E39 -> 0 | F40: =+F38-F39 -> 0 | G40: =+G38-G39 -> 1944004
B42: Instructions for Account 190:
B43: 1. ADIT items related to Non-Electric Operations or are not significant are excluded and directly assigned to Column C
B44: 2. ADIT items related only to Transmission are directly assigned to Column D
B45: 3. ADIT items related to Plant and not in Columns C & D are included in Column E
B46: 4. ADIT items related to Labor and not in Columns C & D are included in Column F
B47: 5. Deferred income taxes arise when items are included in taxable income in different periods than they are included in book income and rates.
B48: If the item giving rise to the ADIT is not included in the formula rate revenue requirement, the associated ADIT amount shall be excluded
B51: =+B1 -> Dayton Power and Light
B52: =+B2 -> ATTACHMENT H-15A
B53: =+B3 -> Attachment 1C - Accumulated Deferred Income Taxes (ADIT) Worksheet - December 31 of Prior Year
B55: A | C55: B | D55: C | E55: D | F55: E | G55: F
C56: Total | E56: Only
B57: ADIT- 282 | E57: Transmission | F57: Plant | G57: Labor
D58: =+D25 -> Excluded | E58: Related | F58: Related | G58: Related | I58: G - Justification
A59: =+A40+1 -> 23 | B59: Depreciation - Liberalized Depreciation | C59: =+SUM(D59:G59) -> 0 | D59: 0 | E59: 0 | F59: 0 | G59: 0 | I59: Tax and book differences resulting from accelerated tax depreciation . Included in prorated amount
A60: =+A59+1 -> 24 | B60: Other - Exclude CIAC | C60: =+SUM(D60:G60) -> -12231777 | D60: 1335944 | E60: -4609191 | F60: 0 | G60: -8958530 | I60: Other Plant related book tax temporary differences (e.g., repairs deductions, deductions for mixed service costs capitalized for book purposes, etc.)
A61: =+A60+1 -> 25 | B61: Total | C61: =+SUM(C59:C60) -> -12231777 | D61: =+SUM(D59:D60) -> 1335944 | E61: =+SUM(E59:E60) -> -4609191 | F61: =+SUM(F59:F60) -> 0 | G61: =+SUM(G59:G60) -> -8958530
B62: Instructions for Account 282:
B63: 1. ADIT items related only to Non-Electric Operations or Production are directly assigned to Column C
B64: 2. ADIT items related only to Transmission are directly assigned to Column D
B65: 3. ADIT items related to Plant and not in Columns C & D are included in Column E
B66: 4. ADIT items related to labor and not in Columns C & D are included in Column F
B67: 5. Deferred income taxes arise when items are included in taxable income in different periods than they are included in book income and rates.
B68: If the item giving rise to the ADIT is not included in the formula rate revenue requirement, the associated ADIT amount shall be excluded
B70: =B1 -> Dayton Power and Light
B71: =+B52 -> ATTACHMENT H-15A
B72: =+B3 -> Attachment 1C - Accumulated Deferred Income Taxes (ADIT) Worksheet - December 31 of Prior Year
B74: A | C74: B | D74: C | E74: D | F74: E | G74: F | I74: G
B75: ADIT-283 | C75: Total | E75: Only Transmission | F75: Plant | G75: Labor
D76: =+D58 -> Excluded | E76: =+E58 -> Related | F76: =+F58 -> Related | G76: =+G58 -> Related
A77: =+A61+1 -> 26 | B77: Capitalized Software | C77: =+SUM(D77:G77) -> 0 | D77: 0 | E77: 0 | F77: 0 | G77: 0 | I77: Book tax difference related to software costs
A78: =+A77+1 -> 27 | B78: Reacquisition of Bonds | C78: =+SUM(D78:G78) -> -385279 | D78: -385279 | E78: 0 | F78: 0 | G78: 0 | I78: Cost of reacquiring bonds deducted when incurred for tax purposes and being amortized over time for book purposes. Removed below
A79: =+A78+1 -> 28 | B79: Pensions | C79: =+SUM(D79:G79) -> -16926760 | D79: -16926760 | E79: 0 | F79: 0 | G79: 0 | I79: Book amortization of pension expense based on actuarial calculations. Tax deduction is allowed when cash contributions are made to the plan.
A80: =+A79+1 -> 29 | B80: Phase-in Deferral | C80: =+SUM(D80:G80) -> -22843062 | D80: -22843062 | E80: 0 | F80: 0 | G80: 0 | I80: Books record regulatory assets and liabilities. In certain cases, tax is able to take a current deduction for those activities (books records a reg asset for certain storm damages, tax is able to take a current deduction)
A81: =+A80+1 -> 30 | B81: FAS 109 | C81: =+SUM(D81:G81) -> 9229225 | D81: 0 | E81: 0 | F81: 9229225 | G81: 0 | I81: FAS 109 - primarily associated with items previously flowed through due to regulation. Removed below.
A82: =+A81+1 -> 31 | B82: Pay Incentives | C82: =+SUM(D82:G82) -> 914031 | D82: 0 | E82: 0 | F82: 0 | G82: 914031 | I82: Book/tax difference related to bonus accruals - tax deduction taken when bonuses are paid
A83: =+A82+1 -> 32 | B83: Other | C83: =+SUM(D83:G83) -> 11384094 | D83: 11384094 | E83: 0 | F83: 0 | G83: 0 | I83: Miscellaneous book tax differences primarily related to non-utility activities
A84: =+A83+1 -> 33 | B84: Subtotal - p277 | C84: =SUM(C77:C83) -> -18627751 | D84: =SUM(D77:D83) -> -28771007 | E84: =SUM(E77:E83) -> 0 | F84: =SUM(F77:F83) -> 9229225 | G84: =SUM(G77:G83) -> 914031
A85: =+A84+1 -> 34 | B85: Less: FASB 109 Above if not separately removed | C85: =+C81 -> 9229225 | D85: =+D81 -> 0 | E85: =+E81 -> 0 | F85: =+F81 -> 9229225 | G85: =+G81 -> 0
A86: =+A85+1 -> 35 | B86: Less: Reacquisition of Bonds | C86: =+C78 -> -385279 | D86: =+D78 -> -385279 | E86: =+E78 -> 0 | F86: =+F78 -> 0 | G86: =+G78 -> 0 | I86: Included in cost of debt
A87: =+A86+1 -> 36 | B87: Total | C87: =+C84-C85-C86 -> -27471697 | D87: =+D84-D85-D86 -> -28385728 | E87: =+E84-E85-E86 -> 0 | F87: =+F84-F85-F86 -> 0 | G87: =+G84-G85-G86 -> 914031
B88: Instructions for Account 283:
B89: =+B63 -> 1. ADIT items related only to Non-Electric Operations or Production are directly assigned to Column C
B90: 2. ADIT items related only to Transmission are directly assigned to Column D
B91: 3. ADIT items related to Plant and not in Columns C & D are included in Column E
B92: 4. ADIT items related to labor and not in Columns C & D are included in Column F
B93: 5. Deferred income taxes arise when items are included in taxable income in different periods than they are included in book income and rates.
B94: If the item giving rise to the ADIT is not included in the formula rate revenue requirement, the associated ADIT amount shall be excluded

Sheet 1D - ADIT True-up
B3: Dayton Power and Light
B4: ATTACHMENT H-15A
B5: Attachment 1D - Accumulated Deferred Income Taxes for Annual True-up - December 31,
B6: Not used - see 1A-ADIT
D7: Only
D8: Transmission | E8: Plant | F8: Labor | H8: Total
D9: Related | E9: Related | F9: Related | H9: ADIT
A12: =+A11+1 -> 1 | C12: ADIT-190 | D12: =+E47 -> 0 | E12: =+F47 -> 0 | F12: =+G47 -> 0 | I12: ="(Line "&A47&")" -> (Line 26)
A13: =+A12+1 -> 2 | C13: ADIT-282 w/o prorated items | D13: =+E67 -> 0 | E13: =+F67 -> 0 | F13: =+G67 -> 0 | I13: ="(Line "&A67&")" -> (Line 29)
A14: =+A13+1 -> 3 | C14: ADIT-283 | D14: =+E97 -> 0 | E14: =+F97 -> 0 | F14: =+G97 -> 0 | I14: ="(Line "&A97&")" -> (Line 37)
A15: =+A14+1 -> 4 | C15: Subtotal | D15: =SUM(D12:D14) -> 0 | E15: =SUM(E12:E14) -> 0 | F15: =SUM(F12:F14) -> 0 | I15: ="(Line "&A12&" + Line "&A13&" + Line "&A14&")" -> (Line 1 + Line 2 + Line 3)
A16: =+A15+1 -> 5 | C16: Wages & Salary Allocator | F16: =+'Appendix A'!H16 -> 0.11010683 | I16: ="(Appendix A, Line "&'[2]Appendix A'!A16&")" -> (Appendix A, Line 5)
A17: =+A16+1 -> 6 | C17: Net Plant Allocator | E17: =+'Appendix A'!H27 -> 0.2471323 | I17: ="(Appendix A, Line "&'[2]Appendix A'!A27&")" -> (Appendix A, Line 12)
A18: =+A17+1 -> 7 | C18: End of Year ADIT | D18: =+D15 -> 0 | E18: =+E17*E15 -> 0 | F18: =+F16*F15 -> 0 | H18: =+SUM(D18:G18) -> 0 | I18: ="(Line "&A15&" * Line "&A16&" or Line "&A17&")" -> (Line 4 * Line 5 or Line 6)
A19: =+A18+1 -> 8 | C19: End of Previous Year ADIT (from 1C - ADIT Prior Year) | D19: 0 | E19: 0 | F19: 0 | H19: =+SUM(D19:G19) -> 0 | I19: ="(Attachment 1C - ADIT Prior Year, Line "&A18&")" -> (Attachment 1C - ADIT Prior Year, Line 7)
A20: =+A19+1 -> 9 | C20: Average Beginning and End of Year ADIT 283 and 190 | D20: =(D18+D19)/2 -> 0 | E20: =(E18+E19)/2 -> 0 | F20: =(F18+F19)/2 -> 0 | H20: =+SUM(D20:G20) -> 0 | I20: ="(Average of Line "&A18&" + Line "&A19&")" -> (Average of Line 7 + Line 8)
A21: =+A20+1 -> 10 | C21: ADIT-282 - Prorated Items | H21: 0 | I21: ="(Attachment 1E, Line "&'[2]1E - ADIT True-Up Proration'!A27&")" -> (Attachment 1E, Line 13)
A22: =+A21+1 -> 11 | C22: Actual Average and Prorated ADIT Balance | H22: =+H20+H21 -> 0
B24: Items that are not prorated are below. Debit amounts are shown as positive and credit amounts are shown as negative.
B26: In filling out this attachment, a full and complete description of each item and justification for the allocation to Columns B-G and each separate ADIT item will be listed,
B27: dissimilar items with amounts exceeding $100,000 will be listed separately;
B29: A | C29: B | D29: C | E29: D | F29: E | G29: F | I29: G
C30: Total | E30: Only
B31: ADIT-190 | E31: Transmission | F31: Plant | G31: Labor
D32: Excluded | E32: Related | F32: Related | G32: Related | I32: Justification
A33: =+A22+1 -> 12 | B33: Vacation Pay | C33: 0 | D33: 0 | E33: 0 | F33: 0 | G33: =+C33 -> 0
A34: =+A33+1 -> 13 | B34: Post-retirement Benefits - FAS 106 | C34: 0 | D34: 0 | E34: 0 | F34: 0 | G34: 0
A35: =+A34+1 -> 14 | B35: Deferred Compensation | C35: 0 | D35: 0 | E35: 0 | F35: 0 | G35: 0
A36: =+A35+1 -> 15 | B36: Federal Taxes Deferred - FAS 109 | C36: 0 | D36: 0 | E36: 0 | F36: 0 | G36: 0 | I36: FAS 109 - primarily associated with items previously flowed through due to regulation. Removed below.
A37: =+A36+1 -> 16 | B37: Union Disability | C37: 0 | D37: 0 | E37: 0 | F37: 0 | G37: 0
A38: =+A37+1 -> 17 | B38: Federal Deferred Tax on Future Tax Impacts | C38: 0 | D38: 0 | E38: 0 | F38: 0 | G38: 0
A39: =+A38+1 -> 18 | B39: Employee Stock Plans | C39: 0 | D39: 0 | E39: 0 | F39: 0 | G39: 0
A40: =+A39+1 -> 19 | B40: Bad Debt Expense | C40: 0 | D40: 0 | E40: 0 | F40: 0 | G40: 0
A41: =+A40+1 -> 20 | B41: State Income Taxes | C41: 0 | D41: 0 | E41: 0 | F41: 0 | G41: 0
A42: =+A41+1 -> 21 | B42: Capitalized Interest Income | C42: 0 | D42: 0 | E42: 0 | F42: 0 | G42: 0
A43: =+A42+1 -> 22 | B43: Deferred Federal Taxes on CAT Tax Credit | C43: 0 | D43: 0 | E43: 0 | F43: 0 | G43: 0
A44: =+A43+1 -> 23 | B44: Other | C44: 0 | D44: 0 | E44: 0 | F44: 0 | G44: 0
A45: =+A44+1 -> 24 | B45: Subtotal - p234 | C45: =SUM(C33:C44) -> 0 | D45: =SUM(D33:D44) -> 0 | E45: =SUM(E33:E44) -> 0 | F45: =SUM(F33:F44) -> 0 | G45: =SUM(G33:G44) -> 0
A46: =+A45+1 -> 25 | B46: Less FASB 109 Above if not separately removed | C46: =SUM(D46:H46) -> 0 | D46: =D36 -> 0 | E46: =+E36 -> 0 | F46: =F36 -> 0 | G46: =+G36 -> 0 | I46: =+'[2]1A - ADIT'!I44 -> All FAS 109 items excluded from formula rate
A47: =+A46+1 -> 26 | B47: Total | C47: =+C45-C46 -> 0 | D47: =+D45-D46 -> 0 | E47: =+E45-E46 -> 0 | F47: =+F45-F46 -> 0 | G47: =+G45-G46 -> 0
B49: Instructions for Account 190:
B50: 1. ADIT items related to Non-Electric Operations or are not significant are excluded and directly assigned to Column C
B51: 2. ADIT items related only to Transmission are directly assigned to Column D
B52: 3. ADIT items related to Plant and not in Columns C & D are included in Column E
B53: 4. ADIT items related to Labor and not in Columns C & D are included in Column F
B54: 5. Deferred income taxes arise when items are included in taxable income in different periods than they are included in book income and rates.
B55: If the item giving rise to the ADIT is not included in the formula rate revenue requirement, the associated ADIT amount shall be excluded
B57: =+B3 -> Dayton Power and Light
B58: =+B4 -> ATTACHMENT H-15A
B59: =+B5 -> Attachment 1D - Accumulated Deferred Income Taxes for Annual True-up - December 31,
B61: A | C61: B | D61: C | E61: D | F61: E | G61: F
C62: Total Without Exclusions
B63: ADIT- 282 | E63: Transmission | F63: Plant | G63: Labor | I63: G
D64: Excluded | E64: Related | F64: Related | G64: Related | I64: Justification
A65: =+A47+1 -> 27 | B65: Depreciation - Liberalized Depreciation | C65: 0 | D65: 0 | E65: 0 | F65: 0 | G65: 0 | I65: =+'[2]1C - ADIT Prior Year'!I59 -> Tax and book differences resulting from accelerated tax depreciation . Included in prorated amount
A66: =+A65+1 -> 28 | B66: Other - Exclude CIAC | C66: 0 | D66: 0 | E66: 0 | F66: 0 | G66: 0
A67: =+A66+1 -> 29 | B67: Total | C67: =+SUM(C65:C66) -> 0 | D67: =+SUM(D65:D66) -> 0 | E67: =+SUM(E65:E66) -> 0 | F67: =+SUM(F65:F66) -> 0 | G67: =+SUM(G65:G66) -> 0
B68: Instructions for Account 282:
B69: 1. ADIT items related only to Non-Electric Operations or Production are directly assigned to Column C
B70: 2. ADIT items related only to Transmission are directly assigned to Column D
B71: 3. ADIT items related to Plant and not in Columns C & D are included in Column E
B72: 4. ADIT items related to labor and not in Columns C & D are included in Column F
B73: 5. Deferred income taxes arise when items are included in taxable income in different periods than they are included in book income and rates.
B74: If the item giving rise to the ADIT is not included in the formula rate revenue requirement, the associated ADIT amount shall be excluded
B78: =B3 -> Dayton Power and Light
B79: =+'[2]Appendix A'!A4 -> ATTACHMENT H-15A
B80: =+B5 -> Attachment 1D - Accumulated Deferred Income Taxes for Annual True-up - December 31,
B84: A | C84: B | D84: C | E84: D | F84: E | G84: F | I84: G
B85: ADIT-283 | C85: Total | D85: Excluded | E85: Only Transmission Related | F85: Plant | G85: Labor | I85: Justification
A87: =+A47+1 -> 27 | B87: Capitalized Software | C87: 0 | D87: 0 | E87: 0 | F87: 0 | G87: 0
A88: =+A87+1 -> 28 | B88: Reacquisition of Bonds | C88: 0 | D88: 0 | E88: 0 | F88: =+C88 -> 0 | G88: 0
A89: =+A88+1 -> 29 | B89: Pensions | C89: 0 | D89: =+C89 -> 0 | E89: 0 | F89: 0 | G89: 0
A90: =+A89+1 -> 30 | B90: Phase-in Deferral | C90: 0 | D90: =+C90 -> 0 | E90: 0 | F90: 0 | G90: 0
A91: =+A90+1 -> 31 | B91: FAS 109 | C91: 0 | D91: 0 | E91: 0 | F91: =+C91 -> 0 | G91: 0 | I91: FAS 109 - primarily associated with items previously flowed through due to regulation. Removed below.
A92: =+A91+1 -> 32 | B92: Pay Incentives | C92: 0 | D92: 0 | E92: 0 | F92: 0 | G92: =+C92 -> 0
A93: =+A92+1 -> 33 | B93: Other | C93: 0 | D93: =+C93 -> 0 | E93: 0 | F93: 0 | G93: 0
A94: =+A93+1 -> 34 | B94: Subtotal - p277 | C94: =SUM(C87:C93) -> 0 | D94: =SUM(D87:D93) -> 0 | E94: =SUM(E87:E93) -> 0 | F94: =SUM(F87:F93) -> 0 | G94: =SUM(G87:G93) -> 0
A95: =+A94+1 -> 35 | B95: Less: FASB 109 Above if not separately removed | C95: =+C91 -> 0 | D95: =+D91 -> 0 | E95: =+E91 -> 0 | F95: =+F91 -> 0 | G95: =+G91 -> 0
A96: =+A95+1 -> 36 | B96: Less: Reacquisition of Bonds | C96: =+C88 -> 0 | D96: =+D88 -> 0 | E96: =+E88 -> 0 | F96: =+F88 -> 0 | G96: =+G88 -> 0 | I96: Remove as included in cost of debt
A97: =+A96+1 -> 37 | B97: Total | C97: =+C94-C95-C96 -> 0 | D97: =+D94-D95-D96 -> 0 | E97: =+E94-E95-E96 -> 0 | F97: =+F94-F95-F96 -> 0 | G97: =+G94-G95-G96 -> 0
B99: Instructions for Account 283:
B100: =+'[2]1A - ADIT'!B95 -> 1. ADIT items related only to Non-Electric Operations or Production are directly assigned to Column C
B101: 2. ADIT items related only to Transmission are directly assigned to Column D
B102: 3. ADIT items related to Plant and not in Columns C & D are included in Column E
B103: 4. ADIT items related to labor and not in Columns C & D are included in Column F
B104: 5. Deferred income taxes arise when items are included in taxable income in different periods than they are included in book income and rates.
B105: If the item giving rise to the ADIT is not included in the formula rate revenue requirement, the associated ADIT amount shall be excluded
B108: Note: The calculations for depreciation-related ADIT in the projected net revenue requirement and the Annual True-Up calculation will be performed in accordance with Treasury regulation Section 1.167(l)-1(h)(6).
B109: Differences attributable to over-projection of ADIT in the annual projection will result in a proportionate reversal of the projected prorated ADIT activity to the extent of the over-projection.
B110: Differences attributable to under-projection of ADIT in the annual projection will result in an adjustment to the projected prorated ADIT activity by the difference between the projected monthly activity
B111: and the actual monthly activity. However, when projected monthly ADIT activity is an increase and actual monthly ADIT activity is a decrease, actual monthly ADIT activity will be used.
B112: Likewise, when projected monthly ADIT activity is a decrease and actual monthly ADIT activity is an increase, actual monthly ADIT activity will be used.

Sheet 1E - ADIT True-Up Proration
I2: =+'Appendix A'!A3 -> Dayton Power and Light
I3: =+'Appendix A'!A4 -> ATTACHMENT H-15A
I4: Attachment 1D - Accumulated Deferred Income Taxes for Annual True-up - December 31, 2023
B5: Not used in projections - see 1B - ADIT Proration | I5: ADIT Proration
B7: Debit amounts are shown as positive and credit amounts are shown as negative.
B10: Account 282 (Note 1)
B11: Days in Period | H11: Projection - Proration of Projected Deferred Tax Activity | L11: Actual Activity - Proration of Projected Deferred Tax Activity and Averaging of Other Deferred Tax Activity
B12: A | C12: B | D12: C | E12: D | F12: E | H12: F | I12: G | J12: H | L12: I | M12: J | N12: K | O12: L | P12: M | Q12: N
B13: Month | C13: Days in the Month | D13: Number of Days Remaining in Year After Month's Accrual of Deferred Taxes | E13: Total Days in Projected Rate Year (Line 14, Col B) | F13: Proration Percentage (Attachment 1B - Col. C / Col. D) | H13: Projected Monthly Activity | I13: Prorated Amount (E*F) | J13: Prorated Projected Balance (Line 27, H plus G) | L13: Actual Monthly Activity | M13: Difference between projected monthly and actual monthly activity | N13: Preserve proration when actual monthly and projected monthly activity are either both increases or decreases. (See Note 1) | O13: Difference between projected and actual activity when actual and projected activity are either both increases or decreases. (See Note 1) | P13: Actual activity (Col I) when projected activity is an increase while actual activity is a decrease OR projected activity is a decrease while actual activity is an increase. (See Note 1) | Q13: Balance reflecting proration or averaging
A15: 1 | B15: December 31st balance (FF1 274.2.b) | J15: =+W38 -> -34199736 | L15: =+B15 -> December 31st balance (FF1 274.2.b) | Q15: =+J15 -> -34199736 | T15: Filled in below and Col. F
A16: =+A15+1 -> 2 | B16: January | C16: 31 | D16: =D17+C17 -> 335 | E16: =SUM(C16:C27) -> 365 | F16: =335/365 -> 0.91780822 | H16: -188681 | I16: =+H16*F16 -> -173172.97 | J16: =+I16+J15 -> -34372909 | L16: =+N34 -> -187952.73 | M16: =L16-H16 -> 728.27108 | N16: =IF(AND(H16>=0,L16>=0),IF(M16>=0,I16,L16/H16*I16),IF(AND(H16<0,L16<0),IF(M16<0,I16,L16/H16*I16),0)) -> -172504.56 | O16: =IF(AND(H16>=0,L16>=0),IF(M16>=0,M16,0),IF(AND(H16<0,L16<0),IF(M16<0,M16,0),0)) -> 0 | P16: =IF(AND(H16>=0,L16<0),L16,IF(AND(H16<0,L16>=0),L16,0)) -> 0 | Q16: =Q15+N16+(O16+P16)*0.5 -> -34372240
A17: =+A16+1 -> 3 | B17: February | C17: 28 | D17: =D18+C18 -> 307 | E17: =E16 -> 365 | F17: =307/365 -> 0.84109589 | H17: =+H16 -> -188681 | I17: =+H17*F17 -> -158698.81 | J17: =+I17+J16 -> -34531608 | L17: =+N35 -> -187952.73 | M17: =L17-H17 -> 728.27108 | N17: =IF(AND(H17>=0,L17>=0),IF(M17>=0,I17,L17/H17*I17),IF(AND(H17<0,L17<0),IF(M17<0,I17,L17/H17*I17),0)) -> -158086.27 | O17: =IF(AND(H17>=0,L17>=0),IF(M17>=0,M17,0),IF(AND(H17<0,L17<0),IF(M17<0,M17,0),0)) -> 0 | P17: =IF(AND(H17>=0,L17<0),L17,IF(AND(H17<0,L17>=0),L17,0)) -> 0 | Q17: =Q16+N17+(O17+P17)*0.5 -> -34530327
A18: =+A17+1 -> 4 | B18: March | C18: 31 | D18: =D19+C19 -> 276 | E18: =E17 -> 365 | F18: =276/365 -> 0.75616438 | H18: =+H17 -> -188681 | I18: =+H18*F18 -> -142673.85 | J18: =+I18+J17 -> -34674281 | L18: =+N36 -> -187952.73 | M18: =L18-H18 -> 728.27108 | N18: =IF(AND(H18>=0,L18>=0),IF(M18>=0,I18,L18/H18*I18),IF(AND(H18<0,L18<0),IF(M18<0,I18,L18/H18*I18),0)) -> -142123.16 | O18: =IF(AND(H18>=0,L18>=0),IF(M18>=0,M18,0),IF(AND(H18<0,L18<0),IF(M18<0,M18,0),0)) -> 0 | P18: =IF(AND(H18>=0,L18<0),L18,IF(AND(H18<0,L18>=0),L18,0)) -> 0 | Q18: =Q17+N18+(O18+P18)*0.5 -> -34672450
A19: =+A18+1 -> 5 | B19: April | C19: 30 | D19: =D20+C20 -> 246 | E19: =E18 -> 365 | F19: =246/365 -> 0.6739726 | H19: =+H18 -> -188681 | I19: =+H19*F19 -> -127165.82 | J19: =+I19+J18 -> -34801447 | L19: =+N37 -> -187952.73 | M19: =L19-H19 -> 728.27108 | N19: =IF(AND(H19>=0,L19>=0),IF(M19>=0,I19,L19/H19*I19),IF(AND(H19<0,L19<0),IF(M19<0,I19,L19/H19*I19),0)) -> -126674.99 | O19: =IF(AND(H19>=0,L19>=0),IF(M19>=0,M19,0),IF(AND(H19<0,L19<0),IF(M19<0,M19,0),0)) -> 0 | P19: =IF(AND(H19>=0,L19<0),L19,IF(AND(H19<0,L19>=0),L19,0)) -> 0 | Q19: =Q18+N19+(O19+P19)*0.5 -> -34799125
A20: =+A19+1 -> 6 | B20: May | C20: 31 | D20: =D21+C21 -> 215 | E20: =E19 -> 365 | F20: =215/365 -> 0.5890411 | H20: =+H19 -> -188681 | I20: =+H20*F20 -> -111140.86 | J20: =+I20+J19 -> -34912588 | L20: =+N38 -> -187952.73 | M20: =L20-H20 -> 728.27108 | N20: =IF(AND(H20>=0,L20>=0),IF(M20>=0,I20,L20/H20*I20),IF(AND(H20<0,L20<0),IF(M20<0,I20,L20/H20*I20),0)) -> -110711.88 | O20: =IF(AND(H20>=0,L20>=0),IF(M20>=0,M20,0),IF(AND(H20<0,L20<0),IF(M20<0,M20,0),0)) -> 0 | P20: =IF(AND(H20>=0,L20<0),L20,IF(AND(H20<0,L20>=0),L20,0)) -> 0 | Q20: =Q19+N20+(O20+P20)*0.5 -> -34909837
A21: =+A20+1 -> 7 | B21: June | C21: 30 | D21: =D22+C22 -> 185 | E21: =E20 -> 365 | F21: =185/365 -> 0.50684932 | H21: =+H20 -> -188681 | I21: =+H21*F21 -> -95632.836 | J21: =+I21+J20 -> -35008221 | L21: =+N39 -> -187952.73 | M21: =L21-H21 -> 728.27108 | N21: =IF(AND(H21>=0,L21>=0),IF(M21>=0,I21,L21/H21*I21),IF(AND(H21<0,L21<0),IF(M21<0,I21,L21/H21*I21),0)) -> -95263.712 | O21: =IF(AND(H21>=0,L21>=0),IF(M21>=0,M21,0),IF(AND(H21<0,L21<0),IF(M21<0,M21,0),0)) -> 0 | P21: =IF(AND(H21>=0,L21<0),L21,IF(AND(H21<0,L21>=0),L21,0)) -> 0 | Q21: =Q20+N21+(O21+P21)*0.5 -> -35005100
A22: =+A21+1 -> 8 | B22: July | C22: 31 | D22: =D23+C23 -> 154 | E22: =E21 -> 365 | F22: =154/365 -> 0.42191781 | H22: =+H21 -> -188681 | I22: =+H22*F22 -> -79607.874 | J22: =+I22+J21 -> -35087829 | L22: =+N40 -> -187952.73 | M22: =L22-H22 -> 728.27108 | N22: =IF(AND(H22>=0,L22>=0),IF(M22>=0,I22,L22/H22*I22),IF(AND(H22<0,L22<0),IF(M22<0,I22,L22/H22*I22),0)) -> -79300.603 | O22: =IF(AND(H22>=0,L22>=0),IF(M22>=0,M22,0),IF(AND(H22<0,L22<0),IF(M22<0,M22,0),0)) -> 0 | P22: =IF(AND(H22>=0,L22<0),L22,IF(AND(H22<0,L22>=0),L22,0)) -> 0 | Q22: =Q21+N22+(O22+P22)*0.5 -> -35084401
A23: =+A22+1 -> 9 | B23: August | C23: 31 | D23: =D24+C24 -> 123 | E23: =E22 -> 365 | F23: =123/365 -> 0.3369863 | H23: =+H22 -> -188681 | I23: =+H23*F23 -> -63582.912 | J23: =+I23+J22 -> -35151412 | L23: =+N41 -> -187952.73 | M23: =L23-H23 -> 728.27108 | N23: =IF(AND(H23>=0,L23>=0),IF(M23>=0,I23,L23/H23*I23),IF(AND(H23<0,L23<0),IF(M23<0,I23,L23/H23*I23),0)) -> -63337.495 | O23: =IF(AND(H23>=0,L23>=0),IF(M23>=0,M23,0),IF(AND(H23<0,L23<0),IF(M23<0,M23,0),0)) -> 0 | P23: =IF(AND(H23>=0,L23<0),L23,IF(AND(H23<0,L23>=0),L23,0)) -> 0 | Q23: =Q22+N23+(O23+P23)*0.5 -> -35147738
A24: =+A23+1 -> 10 | B24: September | C24: 30 | D24: =D25+C25 -> 93 | E24: =E23 -> 365 | F24: =93/365 -> 0.25479452 | H24: =+H23 -> -188681 | I24: =+H24*F24 -> -48074.885 | J24: =+I24+J23 -> -35199487 | L24: =+N42 -> -187952.73 | M24: =L24-H24 -> 728.27108 | N24: =IF(AND(H24>=0,L24>=0),IF(M24>=0,I24,L24/H24*I24),IF(AND(H24<0,L24<0),IF(M24<0,I24,L24/H24*I24),0)) -> -47889.325 | O24: =IF(AND(H24>=0,L24>=0),IF(M24>=0,M24,0),IF(AND(H24<0,L24<0),IF(M24<0,M24,0),0)) -> 0 | P24: =IF(AND(H24>=0,L24<0),L24,IF(AND(H24<0,L24>=0),L24,0)) -> 0 | Q24: =Q23+N24+(O24+P24)*0.5 -> -35195628
A25: =+A24+1 -> 11 | B25: October | C25: 31 | D25: =D26+C26 -> 62 | E25: =E24 -> 365 | F25: =62/365 -> 0.16986301 | H25: =+H24 -> -188681 | I25: =+H25*F25 -> -32049.923 | J25: =+I25+J24 -> -35231537 | L25: =+N43 -> -187952.73 | M25: =L25-H25 -> 728.27108 | N25: =IF(AND(H25>=0,L25>=0),IF(M25>=0,I25,L25/H25*I25),IF(AND(H25<0,L25<0),IF(M25<0,I25,L25/H25*I25),0)) -> -31926.217 | O25: =IF(AND(H25>=0,L25>=0),IF(M25>=0,M25,0),IF(AND(H25<0,L25<0),IF(M25<0,M25,0),0)) -> 0 | P25: =IF(AND(H25>=0,L25<0),L25,IF(AND(H25<0,L25>=0),L25,0)) -> 0 | Q25: =Q24+N25+(O25+P25)*0.5 -> -35227554
A26: =+A25+1 -> 12 | B26: November | C26: 30 | D26: =D27+C27 -> 32 | E26: =E25 -> 365 | F26: =32/365 -> 0.087671233 | H26: =+H25 -> -188681 | I26: =+H26*F26 -> -16541.896 | J26: =+I26+J25 -> -35248078 | L26: =+N44 -> -187952.73 | M26: =L26-H26 -> 728.27108 | N26: =IF(AND(H26>=0,L26>=0),IF(M26>=0,I26,L26/H26*I26),IF(AND(H26<0,L26<0),IF(M26<0,I26,L26/H26*I26),0)) -> -16478.047 | O26: =IF(AND(H26>=0,L26>=0),IF(M26>=0,M26,0),IF(AND(H26<0,L26<0),IF(M26<0,M26,0),0)) -> 0 | P26: =IF(AND(H26>=0,L26<0),L26,IF(AND(H26<0,L26>=0),L26,0)) -> 0 | Q26: =Q25+N26+(O26+P26)*0.5 -> -35244032
A27: =+A26+1 -> 13 | B27: December | C27: 31 | D27: 1 | E27: =E26 -> 365 | F27: =1/365 -> 0.002739726 | H27: =+H26 -> -188681 | I27: =+H27*F27 -> -516.93425 | J27: =+I27+J26 -> -35248595 | L27: =+N45 -> -187952.73 | M27: =L27-H27 -> 728.27108 | N27: =IF(AND(H27>=0,L27>=0),IF(M27>=0,I27,L27/H27*I27),IF(AND(H27<0,L27<0),IF(M27<0,I27,L27/H27*I27),0)) -> -514.93898 | O27: =IF(AND(H27>=0,L27>=0),IF(M27>=0,M27,0),IF(AND(H27<0,L27<0),IF(M27<0,M27,0),0)) -> 0 | P27: =IF(AND(H27>=0,L27<0),L27,IF(AND(H27<0,L27>=0),L27,0)) -> 0 | Q27: =Q26+N27+(O27+P27)*0.5 -> -35244547
A28: =+A27+1 -> 14 | B28: Total | C28: =SUM(C16:C27) -> 365 | H28: =SUM(H16:H27) -> -2264172 | I28: =SUM(I16:I27) -> -1048859.6 | L28: =SUM(L16:L27) -> -2255432.7 | M28: =SUM(M16:M27) -> 8739.253 | N28: =SUM(N16:N27) -> -1044811.2 | O28: =SUM(O16:O27) -> 0 | P28: =SUM(P16:P27) -> 0
F31: Net Plant | J31: Wage and Salary
C32: Transmission | E32: Plant Related | F32: Allocator | G32: Total | I32: Labor Related | J32: Allocator | L32: Total | N32: Grand Total | P32: Balance at 12/31/22 - T | Q32: -35671885 | T32: 12/31/21 - T | U32: -33808094 | V32: 1 | W32: =+U32*V32 -> -33808094
B33: Actual Monthly Activity
A34: =+A28+1 -> 15 | B34: January | C34: =+($Q$32-$U$32)/12 -> -155315.92 | E34: =+($Q$36-$U$36)/12 -> 0 | F34: =+'Appendix A'!$H$27 -> 0.2471323 | G34: =+E34*F34 -> 0 | I34: =+($Q$34-$U$34)/12 -> -296410.42 | J34: =+'Appendix A'!$H$16 -> 0.11010683 | L34: =+I34*J34 -> -32636.812 | N34: =+C34+G34+L34 -> -187952.73 | P34: Balance at 12/31/22-G | Q34: -10742210 | T34: 12/31/21 - G | U34: -7185285 | V34: =+J34 -> 0.11010683 | W34: =+(Q34-U34)*V34 -> -391641.75
A35: =+A34+1 -> 16 | B35: February | C35: =+($Q$32-$U$32)/12 -> -155315.92 | E35: =+($Q$36-$U$36)/12 -> 0 | F35: =+'Appendix A'!$H$27 -> 0.2471323 | G35: =+E35*F35 -> 0 | I35: =+($Q$34-$U$34)/12 -> -296410.42 | J35: =+'Appendix A'!$H$16 -> 0.11010683 | L35: =+I35*J35 -> -32636.812 | N35: =+C35+G35+L35 -> -187952.73
A36: =+A35+1 -> 17 | B36: March | C36: =+($Q$32-$U$32)/12 -> -155315.92 | E36: =+($Q$36-$U$36)/12 -> 0 | F36: =+'Appendix A'!$H$27 -> 0.2471323 | G36: =+E36*F36 -> 0 | I36: =+($Q$34-$U$34)/12 -> -296410.42 | J36: =+'Appendix A'!$H$16 -> 0.11010683 | L36: =+I36*J36 -> -32636.812 | N36: =+C36+G36+L36 -> -187952.73 | P36: Balance at 12/31/22-P | Q36: 0 | T36: 12/31/21-P | U36: 0 | V36: =+F34 -> 0.2471323 | W36: =+U36*V36 -> 0
A37: =+A36+1 -> 18 | B37: April | C37: =+($Q$32-$U$32)/12 -> -155315.92 | E37: =+($Q$36-$U$36)/12 -> 0 | F37: =+'Appendix A'!$H$27 -> 0.2471323 | G37: =+E37*F37 -> 0 | I37: =+($Q$34-$U$34)/12 -> -296410.42 | J37: =+'Appendix A'!$H$16 -> 0.11010683 | L37: =+I37*J37 -> -32636.812 | N37: =+C37+G37+L37 -> -187952.73
A38: =+A37+1 -> 19 | B38: May | C38: =+($Q$32-$U$32)/12 -> -155315.92 | E38: =+($Q$36-$U$36)/12 -> 0 | F38: =+'Appendix A'!$H$27 -> 0.2471323 | G38: =+E38*F38 -> 0 | I38: =+($Q$34-$U$34)/12 -> -296410.42 | J38: =+'Appendix A'!$H$16 -> 0.11010683 | L38: =+I38*J38 -> -32636.812 | N38: =+C38+G38+L38 -> -187952.73 | T38: Total | W38: =+SUM(W32:W36) -> -34199736
A39: =+A38+1 -> 20 | B39: June | C39: =+($Q$32-$U$32)/12 -> -155315.92 | E39: =+($Q$36-$U$36)/12 -> 0 | F39: =+'Appendix A'!$H$27 -> 0.2471323 | G39: =+E39*F39 -> 0 | I39: =+($Q$34-$U$34)/12 -> -296410.42 | J39: =+'Appendix A'!$H$16 -> 0.11010683 | L39: =+I39*J39 -> -32636.812 | N39: =+C39+G39+L39 -> -187952.73
A40: =+A39+1 -> 21 | B40: July | C40: =+($Q$32-$U$32)/12 -> -155315.92 | E40: =+($Q$36-$U$36)/12 -> 0 | F40: =+'Appendix A'!$H$27 -> 0.2471323 | G40: =+E40*F40 -> 0 | I40: =+($Q$34-$U$34)/12 -> -296410.42 | J40: =+'Appendix A'!$H$16 -> 0.11010683 | L40: =+I40*J40 -> -32636.812 | N40: =+C40+G40+L40 -> -187952.73
A41: =+A40+1 -> 22 | B41: August | C41: =+($Q$32-$U$32)/12 -> -155315.92 | E41: =+($Q$36-$U$36)/12 -> 0 | F41: =+'Appendix A'!$H$27 -> 0.2471323 | G41: =+E41*F41 -> 0 | I41: =+($Q$34-$U$34)/12 -> -296410.42 | J41: =+'Appendix A'!$H$16 -> 0.11010683 | L41: =+I41*J41 -> -32636.812 | N41: =+C41+G41+L41 -> -187952.73
A42: =+A41+1 -> 23 | B42: September | C42: =+($Q$32-$U$32)/12 -> -155315.92 | E42: =+($Q$36-$U$36)/12 -> 0 | F42: =+'Appendix A'!$H$27 -> 0.2471323 | G42: =+E42*F42 -> 0 | I42: =+($Q$34-$U$34)/12 -> -296410.42 | J42: =+'Appendix A'!$H$16 -> 0.11010683 | L42: =+I42*J42 -> -32636.812 | N42: =+C42+G42+L42 -> -187952.73
A43: =+A42+1 -> 24 | B43: October | C43: =+($Q$32-$U$32)/12 -> -155315.92 | E43: =+($Q$36-$U$36)/12 -> 0 | F43: =+'Appendix A'!$H$27 -> 0.2471323 | G43: =+E43*F43 -> 0 | I43: =+($Q$34-$U$34)/12 -> -296410.42 | J43: =+'Appendix A'!$H$16 -> 0.11010683 | L43: =+I43*J43 -> -32636.812 | N43: =+C43+G43+L43 -> -187952.73
A44: =+A43+1 -> 25 | B44: November | C44: =+($Q$32-$U$32)/12 -> -155315.92 | E44: =+($Q$36-$U$36)/12 -> 0 | F44: =+'Appendix A'!$H$27 -> 0.2471323 | G44: =+E44*F44 -> 0 | I44: =+($Q$34-$U$34)/12 -> -296410.42 | J44: =+'Appendix A'!$H$16 -> 0.11010683 | L44: =+I44*J44 -> -32636.812 | N44: =+C44+G44+L44 -> -187952.73
A45: =+A44+1 -> 26 | B45: December | C45: =+($Q$32-$U$32)/12 -> -155315.92 | E45: =+($Q$36-$U$36)/12 -> 0 | F45: =+'Appendix A'!$H$27 -> 0.2471323 | G45: =+E45*F45 -> 0 | I45: =+($Q$34-$U$34)/12 -> -296410.42 | J45: =+'Appendix A'!$H$16 -> 0.11010683 | L45: =+I45*J45 -> -32636.812 | N45: =+C45+G45+L45 -> -187952.73
B48: Note 1: The calculations for accelerated depreciation-related ADIT in the projected net revenue requirement and the ATU Adjustment will be performed in accordance with the proration requirements of Treasury regulation Section 1.167(l)-1(h)(6).
B49: Differences attributable to over-projection of ADIT in the annual projection will result in a proportionate reversal of the projected prorated ADIT activity to the extent of the over-projection.
B50: Differences attributable to under-projection of ADIT in the annual projection will result in an adjustment to the projected prorated ADIT activity by the difference between the projected monthly activity
B51: and the actual monthly activity. However, when projected monthly ADIT activity is an increase and actual monthly ADIT activity is a decrease, actual monthly ADIT activity will be used.
B52: Likewise, when projected monthly ADIT activity is a decrease and actual monthly ADIT activity is an increase, actual monthly ADIT activity will be used.

Sheet 2 - Other Taxes
A2: =+'Appendix A'!A3 -> Dayton Power and Light
A3: =+'Appendix A'!A4 -> ATTACHMENT H-15A
A4: Attachment 2 - Taxes Other Than Income - December 31, 2023
A6: Debit amounts are shown as positive and credit amounts are shown as negative.
E8: Page 263 | G8: Allocated
A9: Other Taxes | E9: Col (i) | F9: Allocator | G9: Amount
B11: Direct Assign
A12: 1 | C12: Real Estate | E12: =+'4 - Cost Support'!T117 -> 23297894 | F12: DA | G12: =+E12 -> 23297894 | H12: ="(Attachment 4, Line "&'4 - Cost Support'!A117&")" -> (Attachment 4, Line 41)
A13: =+A12+1 -> 2 | C13: Unused | E13: 0 | F13: DA | G13: =+E13 -> 0
A14: =+A13+1 -> 3 | C14: Unused | E14: 0 | F14: DA | G14: =+E14 -> 0
A15: =+A14+1 -> 4 | B15: Total Direct Assign | E15: =+E12+E13+E14 -> 23297894 | F15: DA | G15: =+E15 -> 23297894
B17: Net Plant Related | E17: Net Plant Allocator
A19: =+A15+1 -> 5 | C19: Unused | E19: 0
A20: =+A19+1 -> 6 | B20: Total Plant Related | E20: =SUM(E19:E19) -> 0 | F20: =+'Appendix A'!H27 -> 0.2471323 | G20: =+E20*F20 -> 0
B22: Labor Related | F22: Wages & Salary Allocator
A24: =+A20+1 -> 7 | C24: FICA | E24: =+'4 - Cost Support'!S118 -> 0
A25: =1+A24 -> 8 | C25: Federal Unemployment | E25: =+'4 - Cost Support'!S119 -> 1015420
A26: =1+A25 -> 9 | C26: Real Estate - General and Intangible | E26: 1448162.1 | H26: See FF1 262 fn
A27: =1+A26 -> 10 | B27: Total Labor Related | E27: =SUM(E24:E26) -> 2463582.1 | F27: =+'Appendix A'!H16 -> 0.11010683 | G27: =+E27*F27 -> 271257.23
A29: =+A27+1 -> 11 | B29: Total Included (Lines 4 + 6 + 10) | E29: =+E15+E20+E27 -> 25761476 | G29: =+G15+G20+G27 -> 23569151
C32: Excluded Transmission Items
A34: =1+A29 -> 12 | C34: kWh Excise - Unbilled | E34: -92452.142
A35: =1+A34 -> 13 | C35: kWh Excise - Billed | E35: 11578644
A36: =1+A35 -> 14 | C36: Federal Income Tax | E36: 1019057.9
A37: =1+A36 -> 15 | C37: Ohio Municipal Income Taxes | E37: 94956.212
A38: =1+A37 -> 16 | C38: Sales and Use Tax | E38: 224434.61
A39: =1+A38 -> 17 | C39: Heavy Vehicle Use Tax | E39: 871.36507
A40: =1+A39 -> 18 | C40: Ohio CAT Tax | E40: 534877.26
A41: =1+A40 -> 19 | C41: Subtotal, Excluded | E41: =SUM(E34:E40) -> 13360389
A43: =1+A41 -> 20 | B43: Total, Included and Excluded (Line 11 + Line 19) | E43: =+E29+E41 -> 39121865
A45: =1+A43 -> 21 | B45: Total Other Taxes from p114.14.k | E45: 37673703
A47: =1+A45 -> 22 | C47: Difference (Line 20 - Line 21) | E47: =+E43-E45 -> 1448162.4 | G47: Real Estate - General and Intangible

Sheet 3 - Revenue Credits
A2: =+'Appendix A'!A3 -> Dayton Power and Light
A3: =+'Appendix A'!A4 -> ATTACHMENT H-15A
A4: Attachment 3 - Revenue Credits - December 31, 2023
A6: Debit amounts are shown as positive and credit amounts are shown as negative.
B10: Account 451 | F10: Comments
A11: 1 | B11: Transmission Related - Direct Assigned | D11: 0 | E11: p300, Footnotes
B13: Account 454 - Rent from Electric Property
A14: =+A11+1 -> 2 | B14: Attachment Fee revenue associated with transmission facilities (Note 2) | D14: 0 | E14: p300, Footnotes
A15: =+A14+1 -> 3 | B15: Right of Way Leases - transmission related (Note 2) | D15: 0 | E15: p300, Footnotes
A16: =+A15+1 -> 4 | B16: Transmission tower licenses for wireless services (Note 2) | D16: -28696 | E16: p300, Footnotes
A17: =+A16+1 -> 5 | B17: Other - transmission-related | D17: 0 | E17: p300, Footnotes
A18: =+A17+1 -> 6 | B18: Total Account 454 | D18: =+SUM(D14:D17) -> -28696
B20: Account 456 - Other Electric Revenues
A21: =+A18+1 -> 7 | B21: DP&L Schedule 1A | D21: -527296 | E21: p300, Footnotes
A22: =+A21+1 -> 8 | B22: Transmission maintenance and consulting services (Note 2) | D22: 0 | E22: p300, Footnotes
A23: =+A22+1 -> 9 | B23: Revenues from Directly Assigned Transmission Facility Charges (Note 1) | D23: 0 | E23: p300, Footnotes
A24: =+A23+1 -> 10 | B24: Licenses for intellectual property (Note 2) | D24: 0 | E24: p300, Footnotes
A25: =+A24+1 -> 11 | B25: Other PJM-related revenues | D25: -90211 | E25: p300, Footnotes
A26: =+A25+1 -> 12 | B26: Total Account 456 | D26: =+SUM(D21:D25) -> -617507
B27: Account 456.1 -Transmission of Electricity for Others
A28: =+A26+1 -> 13 | B28: Net revenues associated with Network Integration Transmission Service (NITS) for which the load is not included in the divisor on Appendix A (difference between NITS credits from PJM and PJM NITS charges paid by Transmission Owner) | D28: 0 | E28: p300, Footnotes
A29: =+A28+1 -> 14 | B29: Point to Point Service revenues for which the load is not included in the divisor in Appendix A (Note 3) | D29: -460973 | E29: p300, Footnotes
A30: =+A29+1 -> 15 | B30: Total Account 456.1 | D30: =+D28+D29 -> -460973
A31: =+A29+1 -> 15 | B31: Gross Revenue Credits | C31: ="(Sum of Lines "&A11&", "&A18&", "&A26&" and "&A30&")" -> (Sum of Lines 1, 6, 12 and 15) | D31: =+D11+D18+D26+D30 -> -1107176
A33: =+A31+1 -> 16 | B33: Less: Sharing of Certain Revenues (Note 2) | D33: =+D37 -> 0
A34: =A33+1 -> 17 | B34: Total Revenue Credits | C34: ="(Line "&A31&" - "&A33&")" -> (Line 15 - 16) | D34: =+D31-D33 -> -1107176
A36: =A34+1 -> 18 | B36: Revenues associated with lines 2, 3, 4, 8 and 10 (Note 2) | C36: ="(Sum of Lines "&A14&" , "&A15&" , "&A16&", "&A22&" and "&A24&")" -> (Sum of Lines 2 , 3 , 4, 8 and 10) | D36: 0
A37: =+A36+1 -> 19 | B37: Revenue Credit | C37: ="(50% of Line "&A36&")" -> (50% of Line 18) | D37: =+D36*0.5 -> 0
A40: Note 1 | B40: Only if the revenue requirement associated with Directly Assigned Transmission Facilities are included in the formula are the associated revenues also included in the formula.
A41: Note 2 | B41: The following revenues, which are derived from new, secondary uses of transmission facilities, are shared equally between customers and DP&L: (1) right-of-way leases and leases for space on transmission facilities for telecommunications; (2) transmission tower licenses for wireless antennas; (3) right-of-way property leases for farming, grazing or nurseries; (4) licenses of intellectual property; and (5) transmission maintenance and consulting services to other utilities and large customers. DP&L will retain 50% of net revenues consistent with Pacific Gas and Electric Company, 90 FERC ¶ 61,314. In order to use lines 13-18, DP&L must track in separate subaccounts the revenues and costs associated with each new, secondary use. There is no sharing of losses and DP&L shall not use portfolio accounting. Any revenues from existing services shall continue to be credit 100% to the ATRR.
A42: Note 3 | B42: DP&L share of Schedule 7, Firm P2P Border Rate revenue

Sheet 4 - Cost Support
A1: Dayton Power and Light
A2: =+'Appendix A'!A4 -> ATTACHMENT H-15A
A3: Attachment 4 - Cost Support - December 31, 2023
A4: Debit amounts are shown as positive and credit amounts are shown as negative.
A6: Plant Investment Support [excludes any Asset Retirement Obligations] | G6: Previous Year | H6: Year
A7: Line #s | B7: Descriptions | E7: FF1 Page # or Instructions | F7: FERC Account | G7: Form 1Dec | H7: Jan | I7: Feb | J7: Mar | K7: Apr | L7: May | M7: Jun | N7: Jul | O7: Aug | P7: Sep | Q7: Oct | R7: Nov | S7: Form 1 Dec | T7: Average | U7: Non-electric Portion
B8: Plant Allocation Factors
A9: 1 | C9: Electric Plant in Service (Excludes Asset Retirement Costs - ARC) | E9: p200.8c | G9: 2845055171 | H9: 2812225084 | I9: 2826022856 | J9: 2893830471 | K9: 2925637178 | L9: 2950665538 | M9: 2952064826 | N9: 2970319736 | O9: 2996112406 | P9: 3026444665 | Q9: 3047463457 | R9: 3073764283 | S9: 3112252391 | T9: =AVERAGE(G9:S9) -> 2956296774 | U9: 0
A10: =+A9+1 -> 2 | C10: Common Plant in Service - Electric | E10: p356 | G10: 0 | H10: 0 | I10: 0 | J10: 0 | K10: 0 | L10: 0 | M10: 0 | N10: 0 | O10: 0 | P10: 0 | Q10: 0 | R10: 0 | S10: 0 | T10: =AVERAGE(G10:S10) -> 0 | U10: 0
A11: =+A10+1 -> 3 | C11: Accumulated Depreciation (Total Electric Plant) | E11: p219.29c | G11: -1223699624 | H11: -1227073700 | I11: -1228958356 | J11: -1227619486 | K11: -1228003082 | L11: -1228665587 | M11: -1216748246 | N11: -1220960781 | O11: -1226324296 | P11: -1225481684 | Q11: -1228514708 | R11: -1232558790 | S11: -1232509910 | T11: =AVERAGE(G11:S11) -> -1.2267014e+09 | U11: 0
A12: =+A11+1 -> 4 | C12: Accumulated Intangible Amortization | E12: p200.21c/derived | G12: -34255398 | H12: -34547837 | I12: -34840276 | J12: -34662475 | K12: -34956461 | L12: -35260327 | M12: -35565132 | N12: -35869958 | O12: -36148932 | P12: -29510715 | Q12: -29939362 | R12: -30357281 | S12: -30795965 | T12: =AVERAGE(G12:S12) -> -33593086 | U12: 0
A13: =+A12+1 -> 5 | C13: Accumulated Common Plant Depreciation - Electric | E13: p356 | G13: 0 | H13: 0 | I13: 0 | J13: 0 | K13: 0 | L13: 0 | M13: 0 | N13: 0 | O13: 0 | P13: 0 | Q13: 0 | R13: 0 | S13: 0 | T13: =AVERAGE(G13:S13) -> 0 | U13: 0
A14: =+A13+1 -> 6 | C14: Accumulated Common Amortization - Electric | E14: p356 | G14: 0 | H14: 0 | I14: 0 | J14: 0 | K14: 0 | L14: 0 | M14: 0 | N14: 0 | O14: 0 | P14: 0 | Q14: 0 | R14: 0 | S14: 0 | T14: =AVERAGE(G14:S14) -> 0 | U14: 0
B16: Plant In Service
A17: =+A14+1 -> 7 | C17: Transmission Plant in Service ( Excludes Asset Retirement Costs - ARC) | E17: p207.58.g | F17: 350-359 | G17: 622647841 | H17: 623829537 | I17: 625627175 | J17: 628330934 | K17: 650248242 | L17: 661602154 | M17: 665959386 | N17: 668197402 | O17: 684311821 | P17: 691120760 | Q17: 690237625 | R17: 696761654 | S17: 694123737 | T17: =AVERAGE(G17:S17) -> 6.617691e+08 | U17: 0
A18: =+A17+1 -> 8 | C18: General ( Excludes Asset Retirement Costs - ARC) | E18: p207.99.g | F18: 389-399 | G18: 35695748 | H18: 35715684 | I18: 35870849 | J18: 35083441 | K18: 35260179 | L18: 35026849 | M18: 32407079 | N18: 33271253 | O18: 33344982 | P18: 34003297 | Q18: 33690567 | R18: 33812460 | S18: 33812460 | T18: =AVERAGE(G18:S18) -> 34384219 | U18: 0
A19: =+A18+1 -> 9 | C19: Intangible - Electric | E19: p205.5.g | F19: 301-303 | G19: 49500382 | H19: 49500382 | I19: 49493741 | J19: 50410292 | K19: 51239903 | L19: 51318717 | M19: 51320562 | N19: 50562575 | O19: 50562575 | P19: 55957046 | Q19: 57061717 | R19: 58805407 | S19: 61926531 | T19: =AVERAGE(G19:S19) -> 52896910 | U19: 0
A20: =+A19+1 -> 10 | C20: Common Plant in Service - Electric | E20: p356 | G20: 0 | H20: 0 | I20: 0 | J20: 0 | K20: 0 | L20: 0 | M20: 0 | N20: 0 | O20: 0 | P20: 0 | Q20: 0 | R20: 0 | S20: 0 | T20: =AVERAGE(G20:S20) -> 0 | U20: 0
B22: Accumulated Depreciation
A23: =+A20+1 -> 11 | C23: Transmission Accumulated Depreciation | E23: p219.25.c | F23: 108 | G23: -242653472 | H23: -242929003 | I23: -243344972 | J23: -239052508 | K23: -239180518 | L23: -236922473 | M23: -237828566 | N23: -239295590 | O23: -241426921 | P23: -236725507 | Q23: -236728154 | R23: -236610713 | S23: -235749862 | T23: =AVERAGE(G23:S23) -> -2.391114e+08 | U23: 0
A24: =+A23+1 -> 12 | C24: Accumulated General Depreciation | E24: p219.28.b | F24: 108 | G24: -10500355 | H24: -10939657 | I24: -11019806 | J24: -11433508 | K24: -11749637 | L24: -11888467 | M24: -9301194 | N24: -9363659 | O24: -9450998 | P24: -9628711 | Q24: -9706796 | R24: -9980908 | S24: -8480142 | T24: =AVERAGE(G24:S24) -> -10264911 | U24: 0
A25: =+A24+1 -> 13 | C25: Accumulated Common Plant Depreciation & Amortization - Electric | E25: p356 | F25: 111 | G25: 0 | H25: 0 | I25: 0 | J25: 0 | K25: 0 | L25: 0 | M25: 0 | N25: 0 | O25: 0 | P25: 0 | Q25: 0 | R25: 0 | S25: 0 | T25: =AVERAGE(G25:S25) -> 0 | U25: 0
A28: Wages & Salary
A29: Line #s | B29: Descriptions | E29: FF1 Page # or Instructions | F29: FERC Account | T29: End of Year
A31: =+A25+1 -> 14 | C31: Total O&M Wage Expense | E31: p354.28b | T31: 58001419
A32: =+A31+1 -> 15 | C32: Total A&G Wages Expense | E32: p354.27b | T32: 15715987
A33: =+A32+1 -> 16 | C33: Transmission Wages | E33: p354.21b | T33: 4655915
A37: Transmission Property Held for Future Use
A38: Line #s | B38: Descriptions | E38: FF1 Page # or Instructions | F38: FERC Account | R38: Beginning Year Balance | S38: End of Year | T38: Average
A40: =+A33+1 -> 17 | C40: Transmission | E40: p214.2.d | F40: 105 | R40: 42369 | S40: 42369 | T40: =+SUM(R40:S40)/2 -> 42369
A44: Prepayments
A45: Line #s | B45: Descriptions | E45: FF1 Page # or Instructions | F45: FERC Account | G45: Form 1Dec | H45: Jan | I45: Feb | J45: Mar | K45: Apr | L45: May | M45: Jun | N45: Jul | O45: Aug | P45: Sep | Q45: Oct | R45: Nov | S45: Form 1 Dec | T45: Average
A47: =+A40+1 -> 18 | C47: Prepayments - Total | E47: p111.57c | F47: 165 | G47: 19209765 | H47: 27089759 | I47: 28938560 | J47: 21605297 | K47: 32670586 | L47: 41441311 | M47: 28882675 | N47: 44879673 | O47: 57541491 | P47: 33360952 | Q47: 47220096 | R47: 52399433 | S47: 34346558 | T47: =+AVERAGE(G47:S47) -> 36122012
A48: =+A47+1 -> 19 | C48: Less: Amounts Related to PUCO Proceedings | E48: p111.57c | F48: 165 | G48: 151285 | H48: 0 | I48: 0 | J48: 0 | K48: 0 | L48: 0 | M48: 101864 | N48: 40960 | O48: 0 | P48: 0 | Q48: 40960 | R48: 0 | S48: 0 | T48: =+AVERAGE(G48:S48) -> 25774.538
A49: =+A48+1 -> 20 | C49: Less: Amounts Related to p-cards | E49: p111.57c | F49: 165 | G49: 0 | H49: 0 | I49: 0 | J49: 0 | K49: 0 | L49: 0 | M49: 0 | N49: 0 | O49: 0 | P49: 0 | Q49: 0 | R49: 0 | S49: 0 | T49: =+AVERAGE(G49:S49) -> 0
A50: =+A49+1 -> 21 | C50: Less: Amounts Related to PJM Credits in 2018 | E50: p111.57c | F50: 165 | G50: 0 | H50: 0 | I50: 0 | J50: 0 | K50: 0 | L50: 0 | M50: 0 | N50: 0 | O50: 0 | P50: 0 | Q50: 0 | R50: 0 | S50: 0 | T50: =+AVERAGE(G50:S50) -> 0
A51: =+A50+1 -> 22 | C51: Net Prepayments | T51: =+T47-T48-T49-T50 -> 36096237
A55: Materials and Supplies
A56: Line #s | B56: Descriptions | E56: FF1 Page # or Instructions | F56: FERC Account | G56: Form 1Dec | H56: Jan | I56: Feb | J56: Mar | K56: Apr | L56: May | M56: Jun | N56: Jul | O56: Aug | P56: Sep | Q56: Oct | R56: Nov | S56: Form 1 Dec | T56: Average
A59: =+A51+1 -> 23 | C59: Undistributed Stores Exp | E59: p227.16.b,c | F59: 163 | G59: 3117 | H59: 6446 | I59: 4850 | J59: 5796 | K59: 13528 | L59: 26399 | M59: 41233 | N59: 30291 | O59: 22784 | P59: 24644 | Q59: -1262 | R59: -2974 | S59: 21020 | T59: =AVERAGE(G59:S59) -> 15067.077
A60: =+A59+1 -> 24 | C60: Transmission Materials & Supplies | E60: p227.8 and fn | F60: 154 | G60: 175344 | H60: 287105 | I60: 297055 | J60: 301413 | K60: 349586 | L60: 363820 | M60: 370721 | N60: 376195 | O60: 383582 | P60: 389643 | Q60: 397909 | R60: 417495 | S60: 566147 | T60: =AVERAGE(G60:S60) -> 359693.46
A61: =+A60+1 -> 25 | C61: Assigned to Construction - Transmission Portion | E61: p227.5 and fn | F61: 154 | G61: 2016456 | H61: 2505181 | I61: 2592003 | J61: 2630028 | K61: 3050365 | L61: 3174570 | M61: 3234781 | N61: 3282552 | O61: 3347007 | P61: 3399892 | Q61: 3472015 | R61: 3642915 | S61: 4940008 | T61: =AVERAGE(G61:S61) -> 3175982.5
A65: O&M Expenses
A66: Line #s | B66: Descriptions | E66: FF1 Page # or Instructions | F66: FERC Account | S66: End of Year
A67: =+A61+1 -> 26 | C67: Transmission O&M | E67: p.321.112.b | F67: 560-574 | S67: 81946674
A68: =+A67+1 -> 27 | C68: Transmission of Electricity by Others | E68: p321.96.b | F68: 565 | S68: 64486772
A69: =+A68+1 -> 28 | C69: Scheduling, System Control and Dispatch Services | E69: p321.88.b | F69: 561.4 | S69: 6154981
A70: =+A69+1 -> 29 | C70: Total of Accounts 565 and 561.4 | S70: =SUM(S68:S69) -> 70641753
A74: Property Insurance Expenses
A75: Line #s | B75: Descriptions | E75: FF1 Page # or Instructions | F75: FERC Account | S75: End of Year
A77: =+A70+1 -> 30 | C77: Property Insurance | E77: p323.185b | F77: 924 | S77: 5877742
A80: Adjustments to A & G Expense
A81: Line #s | B81: Descriptions | E81: FF1 Page # or Instructions | F81: FERC Account | S81: End of Year
A83: =+A77+1 -> 31 | C83: Total A&G Expenses | E83: p323.197b | F83: 920-935 | S83: =+'13 - A&G Detail'!F37 -> 80410067
A84: =+A83+1 -> 32 | C84: Service Company and DP&L A&G Directly Assigned to Transmission | E84: p323.fn | F84: 920-935 | S84: =+'13 - A&G Detail'!H37 -> 10212945
A85: =+A84+1 -> 33 | C85: Service Company and DP&L A&G Directly Assigned to Distribution and Transmission | E85: p323.fn | F85: 920-935 | S85: =+'13 - A&G Detail'!H37+'13 - A&G Detail'!J37 -> 80360264
A89: Regulatory Expense Related to Transmission Cost Support
A90: Line #s | B90: Descriptions | E90: FF1 Page # or Instructions | F90: FERC Account | S90: End of Year
A92: =+A85+1 -> 34 | C92: Regulatory Commission Expenses | E92: p323.189b | F92: 928 | S92: 4916422
A93: =+A92+1 -> 35 | C93: Regulatory Commission Expenses - Transmission Related | E93: p350.c | F93: 928 | S93: 94126
A97: Excluded A&G Items
A98: Line #s | B98: Descriptions | E98: FF1 Page # or Instructions | F98: FERC Account | S98: End of Year
A100: =+A93+1 -> 36 | C100: EPRI Dues | E100: p352-353 | F100: A&G | S100: 0
A101: =+A100+1 -> 37 | C101: Lobbying Expenses | E101: Internal data | F101: A&G | S101: 0
A105: Depreciation and Amortization Expense
A106: Line #s | B106: Descriptions | E106: FF1 Page # or Instructions | F106: FERC Account | S106: End of Year
A108: =+A101+1 -> 38 | C108: Depreciation-Transmission | E108: p336.7.f | F108: 403 | S108: 12896480
A109: =+A108+1 -> 39 | C109: Depreciation-General & Common | E109: p336.10&11.f | F109: 403 | S109: 1132706
A110: =+A109+1 -> 40 | C110: Amortization-Intangible | E110: p336.1.f | F110: 404 | S110: 3904989
A114: Taxes Other Than Income Taxes
A115: Line #s | B115: Descriptions | E115: FF1 Page # or Instructions | F115: FERC Account | S115: End of Year | T115: Transmission Related
A117: =+A110+1 -> 41 | C117: Real Estate Taxes - Directly Assigned to Transmission | E117: p263, fn | F117: 408.1 | S117: 23297894 | T117: =S117 -> 23297894
A118: =+A117+1 -> 42 | C118: FICA - Insurance Contribution | E118: p263.1.20i | F118: 408.1 | S118: 0
A119: =+A118+1 -> 43 | C119: Federal Unemployment | E119: p263.1.18i | F119: 408.1 | S119: 1015420
A123: Return \ Capitalization - include all amounts as positive values
A124: Line #s | B124: Descriptions | E124: FF1 Page # or Instructions | F124: FERC Account | R124: Beginning of Year | S124: End of Year | T124: Average
A126: =+A119+1 -> 44 | C126: Long-term Interest Expense | E126: p117.62.c | F126: 427 | S126: 31641223
A127: =+A126+1 -> 45 | C127: Amortization of Debt Discount and Expense | E127: p117.63.c | F127: 428 | S127: 719429
A128: =+A127+1 -> 46 | C128: Amortization of Loss on Reacquired Debt | E128: p117.64.c | F128: 428.1 | S128: 987079
A129: =+A128+1 -> 47 | C129: Amortization of Debt Premium | E129: p117.65.c | F129: 429 | S129: 0
A130: =+A129+1 -> 48 | C130: Amortization of Gain on Reacquired Debt | E130: p117.66.c | F130: 429.1 | S130: 0
A131: =+A130+1 -> 49 | C131: Interest on Debt to Associated Companies | E131: p117.67.c | F131: 430 | S131: 0
A132: =+A131+1 -> 50 | C132: Total Long-term Interest Expense | S132: =+SUM(S126:S131) -> 33347731
A133: =+A132+1 -> 51 | C133: Preferred Dividends | E133: p118.29.c | F133: NA | S133: =[3]Capitalization!E10 -> 0
A134: =+A133+1 -> 52 | C134: Proprietary Capital | E134: p112.16.c,d | F134: 201-219 | R134: -741832620 | S134: -979277792 | T134: =+(S134+R134)/2 -> -860555206
A135: =+A134+1 -> 53 | C135: Accumulated Other Comprehensive Income | E135: p112.15.c,d | F135: 219 | R135: 26849084 | S135: 27886710 | T135: =+(S135+R135)/2 -> 27367897
A136: =+A135+1 -> 54 | C136: Unappropriated Undistributed Subsidiary Earnings | E136: p119.53.c&d | F136: 216.1 | R136: 0 | S136: 0 | T136: =+(R136+S136)/2 -> 0
A137: =+A136+1 -> 55 | C137: Long Term Debt | E137: p112.24 c,d | F137: 221-224 | R137: -719594748 | S137: -1019501938 | T137: =+(R137+S137)/2 -> -869548343
A138: =+A137+1 -> 56 | C138: Unamortized Debt Expense | E138: p111.69 c.d. | F138: 181 | R138: 7877016 | S138: 7804126 | T138: =+(R138+S138)/2 -> 7840571
A139: =+A138+1 -> 57 | C139: Unamortized Loss on Reacquired Debt | E139: p111.81.c,d | F139: 189 | R139: 2044525 | S139: 1057446 | T139: =+(S139+R139)/2 -> 1550985.5
A140: =+A139+1 -> 58 | C140: Unamortized Premium | E140: p112.22.d | F140: 225 | R140: 0 | S140: 0 | T140: =+(S140+R140)/2 -> 0
A141: =+A140+1 -> 59 | C141: Unamortized Discount | E141: p112.23.d | F141: 226 | R141: 2413823 | S141: 2322448 | T141: =+(S141+R141)/2 -> 2368135.5
A142: =+A141+1 -> 60 | C142: Unamortized Gain on Reacquired Debt | E142: p113.61.c,d | F142: 257 | R142: 0 | S142: 0 | T142: =+(R142+S142)/2 -> 0
A143: =+A142+1 -> 61 | C143: ADIT Associated with Gain or Loss on Reacquired Debt | E143: p277.3.k and 277.4.k | F143: 190 and 283 | R143: =+'1C - ADIT Prior Year'!D78 -> -385279 | S143: =+'1A - ADIT Current Year'!D83 -> -143045.45 | T143: =+(R143+S143)/2 -> -264162.22
A144: =+A143+1 -> 62 | C144: Long-term Portion of Derivative Assets - Hedges | E144: p110.31d | F144: 176 | R144: 0 | S144: 0 | T144: =+(R144+S144)/2 -> 0
A145: =+A144+1 -> 63 | C145: Derivative Instrument Liabilities - Hedges | E145: p113.52d | F145: 245 | R145: 0 | S145: 0 | T145: =+(R145+S145)/2 -> 0
A146: =+A145+1 -> 64 | C146: Preferred Stock | E146: p112.3.c,d | F146: 204 | R146: 0 | S146: 0 | T146: 0
A149: Multi-State Workpaper
A150: Line #s | B150: Descriptions | E150: FF1 Page # or Instructions | F150: FERC Account | S150: State 1 | T150: State 2 | U150: State 3
B151: Income Tax Rates
...

Sheet 5 - CWIP in Rate Base
F1: =+'Appendix A'!A3 -> Dayton Power and Light
F2: =+'Appendix A'!A4 -> ATTACHMENT H-15A
F4: Attachment 5 - CWIP in Rate Base - December 31, 2023
A5: Debit amounts are shown as positive and credit amounts are shown as negative.
F7: Previous Year | G7: Current Year | T7: Information Added for CWIP Report
A8: Line #s | B8: Descriptions | D8: Inclusion in CWIP | E8: Approved for Inclusion | F8: Dec | G8: Jan | H8: Feb | I8: Mar | J8: Apr | K8: May | L8: Jun | M8: Jul | N8: Aug | O8: Sep | P8: Oct | Q8: Nov | R8: Dec | S8: Average | T8: Status as of | U8: Estimated In-Service Date
B9: Projects
A10: 1 | C10: Clinton 345/69 kV Transformer | E10: Yes | F10: 9914867 | G10: 10123185 | H10: 10373044 | I10: 10652180 | J10: 10510811 | K10: 10559020 | L10: 10412837 | M10: 10326404 | N10: 0 | O10: 0 | P10: 0 | Q10: 0 | R10: 0 | S10: =AVERAGE(F10:R10) -> 6374796 | T10: Complete
A11: =+A10+1 -> 2 | C11: South Charleston (Madison) Substation | E11: Yes | F11: 6893432 | G11: 6976335 | H11: 7047798 | I11: 7195405 | J11: 7324455 | K11: 7881321 | L11: 8232193 | M11: 8365230 | N11: 8501363 | O11: 10037222 | P11: 11866347 | Q11: 12487121 | R11: 14143552 | S11: =AVERAGE(F11:R11) -> 8996290.3 | T11: In Construction | U11: 45627
A12: =+A11+1 -> 3 | C12: Lewisburg - new 138 kV Line New Westville-AEP Hodgin | D12: 44986 | E12: Yes | F12: 0 | G12: 0 | H12: 0 | I12: 150579 | J12: 164772 | K12: 172643 | L12: 198501 | M12: 207922 | N12: 233295 | O12: 272205 | P12: 273278 | Q12: 279722 | R12: 295812 | S12: =AVERAGE(F12:R12) -> 172979.15 | T12: In Construction | U12: 45992
A13: =+A12+1 -> 4 | C13: Lewisburg - new 138 kV Line New Westville-West Manchester | D13: 44986 | E13: Yes | F13: 0 | G13: 0 | H13: 0 | I13: 175567 | J13: 205010 | K13: 214509 | L13: 247646 | M13: 284438 | N13: 340432 | O13: 439333 | P13: 482184 | Q13: 509617 | R13: 585797 | S13: =AVERAGE(F13:R13) -> 268041 | T13: In Construction | U13: 46357
A14: =+A13+1 -> 5 | C14: Lewisburg- West Manchester 138 kV Substation Expansion | D14: 44986 | E14: Yes | F14: 0 | G14: 0 | H14: 0 | I14: 0 | J14: 0 | K14: 0 | L14: 0 | M14: 0 | N14: 0 | O14: 0 | P14: 0 | Q14: 6896 | R14: 7016 | S14: =AVERAGE(F14:R14) -> 1070.1538 | T14: In Construction | U14: 46357
A15: =+A14+1 -> 6 | C15: Amsterdam - Amsterdam to West Moulton 138 kV Improvements | D15: 44986 | E15: Yes | F15: 0 | G15: 0 | H15: 0 | I15: 1671306 | J15: 1699948 | K15: 1801207 | L15: 1797812 | M15: 2127286 | N15: 2220088 | O15: 2729643 | P15: 7793927 | Q15: 8551290 | R15: 8640913 | S15: =AVERAGE(F15:R15) -> 3002570.8 | T15: In Construction | U15: 46174
A16: =+A15+1 -> 7 | C16: Amsterdam - Substation Expansion | D16: 44986 | E16: Yes | F16: 0 | G16: 0 | H16: 0 | I16: 3231820 | J16: 3277810 | K16: 3544485 | L16: 3596725 | M16: 3670803 | N16: 3762848 | O16: 3664284 | P16: 3788387 | Q16: 3950224 | R16: 4096912 | S16: =AVERAGE(F16:R16) -> 2814176.8 | T16: In Construction | U16: 46174
A17: =+A16+1 -> 8 | C17: Marysville - Upgrades to Marysville Substation | E17: Yes | F17: 0 | G17: 0 | H17: 0 | I17: 0 | J17: 0 | K17: 0 | L17: 0 | M17: 0 | N17: 1065 | O17: 5848 | P17: 0 | Q17: 7127 | R17: 3103 | S17: =AVERAGE(F17:R17) -> 1318.6923 | T17: Not Yet Started | U17: 46082
A18: =+A17+1 -> 9 | C18: Botkins 69 kV Capacitor Relocation | E18: Yes | F18: 9896 | G18: 14327 | H18: 16278 | I18: 17300 | J18: 25584 | K18: 58472 | L18: 60441 | M18: 61320 | N18: 88051 | O18: 96476 | P18: 97849 | Q18: 164814 | R18: 0 | S18: =AVERAGE(F18:R18) -> 54677.538 | T18: In Construction | U18: 45627
A19: =+A18+1 -> 10 | C19: Amsterdam Area Improvements - Sidney Substation Expansion | D19: 44986 | E19: Yes | F19: 0 | G19: 0 | H19: 0 | I19: 20557 | J19: 26671 | K19: 33821 | L19: 37784 | M19: 45386 | N19: 50259 | O19: 425431 | P19: 467026 | Q19: 706161 | R19: 932220 | S19: =AVERAGE(F19:R19) -> 211178.15 | T19: In Construction | U19: 45536
A20: =+A19+1 -> 11 | C20: Amsterdam Area Improvements -Franklin Substation and 138 kV Extension | D20: 44986 | E20: Yes | F20: 0 | G20: 0 | H20: 0 | I20: 559430 | J20: 573880 | K20: 594636 | L20: 638299 | M20: 709237 | N20: 1038415 | O20: 1471561 | P20: 2305020 | Q20: 3032421 | R20: 3702152 | S20: =AVERAGE(F20:R20) -> 1125003.9 | T20: In Construction | U20: 45444
A21: =+A20+1 -> 12 | C21: Amsterdam Area Improvements - Sidney-Franklin Honda 138 kV Rebuild and Extension | D21: 45017 | E21: Yes | F21: 0 | G21: 0 | H21: 0 | I21: 0 | J21: 2259455 | K21: 2489267 | L21: 2812470 | M21: 3120506 | N21: 3185725 | O21: 3505528 | P21: 5210565 | Q21: 6448141 | R21: 7338850 | S21: =AVERAGE(F21:R21) -> 2797731.3 | T21: In Construction | U21: 45474
A22: =+A21+1 -> 13 | C22: Madison Complex - New Madison 345 kV Substation | D22: 44986 | E22: Yes | F22: 0 | G22: 0 | H22: 0 | I22: 7195405 | J22: 7324455 | K22: 7881321 | L22: 8232193 | M22: 8365230 | N22: 8501363 | O22: 10037222 | P22: 11866347 | Q22: 12487121 | R22: 11795089 | S22: =AVERAGE(F22:R22) -> 7206595.8 | T22: In Construction | U22: 45627
A23: =+A22+1 -> 14 | C23: Madison Complex - New 345 kV Line Madison to Fayette (TUSDY01050130) | D23: 45078 | E23: Yes | F23: 0 | G23: 0 | H23: 0 | I23: 0 | J23: 0 | K23: 0 | L23: 683067 | M23: 701929 | N23: 709926 | O23: 2515275 | P23: 7931603 | Q23: 17183274 | R23: 21101137 | S23: =AVERAGE(F23:R23) -> 3909708.5 | T23: In Construction | U23: 45627
A24: =+A23+1 -> 15 | C24: Madison Complex - New 345 kV Line Madison to Fayette (TUSDY01050131) | D24: 45078 | E24: Yes | F24: 0 | G24: 0 | H24: 0 | I24: 0 | J24: 0 | K24: 0 | L24: 910009 | M24: 940207 | N24: 950078 | O24: 2741192 | P24: 8050134 | Q24: 17406219 | R24: 21382578 | S24: =AVERAGE(F24:R24) -> 4029262.8 | T24: In Construction | U24: 45505
A25: =+A24+1 -> 16 | C25: Madison Complex - New Fayette Substation | D25: 45170 | E25: Yes | F25: 0 | G25: 0 | H25: 0 | I25: 0 | J25: 0 | K25: 0 | L25: 0 | M25: 0 | N25: 0 | O25: 4486794 | P25: 7009440 | Q25: 8603549 | R25: 8492735 | S25: =AVERAGE(F25:R25) -> 2199424.5 | T25: In Construction | U25: 45627
A26: =+A25+1 -> 17 | C26: Madison Complex - New 138 kV Line Fayette to Honda (TUSDY 01050133) | D26: 45170 | E26: Yes | F26: 0 | G26: 0 | H26: 0 | I26: 0 | J26: 0 | K26: 0 | L26: 0 | M26: 0 | N26: 0 | O26: 217731 | P26: 221241 | Q26: 259908 | R26: 262739 | S26: =AVERAGE(F26:R26) -> 73970.692 | T26: In Construction | U26: 45505
A27: =+A26+1 -> 18 | C27: Madison Complex - New 138 kV Line Fayette to Honda (TUSDY 01050134) | D27: 45170 | E27: Yes | F27: 0 | G27: 0 | H27: 0 | I27: 0 | J27: 0 | K27: 0 | L27: 0 | M27: 0 | N27: 0 | O27: 213661 | P27: 217147 | Q27: 253781 | R27: 256577 | S27: =AVERAGE(F27:R27) -> 72397.385 | T27: In Construction | U27: 45505
A28: =+A27+1 -> 19 | C28: Airport Project | D28: 44986 | E28: Yes | F28: 0 | G28: 0 | H28: 0 | I28: 128445 | J28: 127994 | K28: 408133 | L28: 410316 | M28: 449029 | N28: 589462 | O28: 579784 | P28: 844989 | Q28: 875684 | R28: 951449 | S28: =AVERAGE(F28:R28) -> 412714.23 | T28: In Construction | U28: 45474
A29: =+A28+1 -> 20 | C29: Creekside Eldean to Creekside Circuit | D29: 44986 | E29: Yes | F29: 0 | G29: 0 | H29: 0 | I29: 103951 | J29: 126347 | K29: 373478 | L29: 402144 | M29: 511537 | N29: 772213 | O29: 889448 | P29: 889690 | Q29: 891471 | R29: 899414 | S29: =AVERAGE(F29:R29) -> 450745.62 | T29: Engineering and Design | U29: 46722
A30: =+A29+1 -> 21 | C30: Creekside Millcreek to Creekside Circuit | D30: 44986 | E30: Yes | F30: 0 | G30: 0 | H30: 0 | I30: 105348 | J30: 127829 | K30: 374928 | L30: 383429 | M30: 424457 | N30: 684601 | O30: 802587 | P30: 802830 | Q30: 804611 | R30: 863625 | S30: =AVERAGE(F30:R30) -> 413403.46 | T30: Engineering and Design | U30: 46722
A31: =+A30+1 -> 22 | C31: West Milton-Eldean 138 kV Line | E31: Yes | F31: 22866190 | G31: 22869881 | H31: 23000066 | I31: 0 | J31: 0 | K31: 0 | L31: 0 | M31: 0 | N31: 0 | O31: 0 | P31: 0 | Q31: 0 | R31: 0 | S31: =AVERAGE(F31:R31) -> 5287395.2 | T31: Complete
A32: =+A31+1 -> 23 | C32: West Milton Substation Transformers | E32: Yes | F32: 12821683 | G32: 12822110 | H32: 12777616 | I32: 0 | J32: 0 | K32: 0 | L32: 0 | M32: 0 | N32: 0 | O32: 0 | P32: 0 | Q32: 0 | R32: 0 | S32: =AVERAGE(F32:R32) -> 2955493 | T32: Complete
C37: Total | F37: =SUM(F10:F36) -> 52506068 | G37: =SUM(G10:G36) -> 52805838 | H37: =SUM(H10:H36) -> 53214802 | I37: =SUM(I10:I36) -> 31207293 | J37: =SUM(J10:J36) -> 33775021 | K37: =SUM(K10:K36) -> 36387241 | L37: =SUM(L10:L36) -> 39055866 | M37: =SUM(M10:M36) -> 40310921 | ... S37: =SUM(S10:S36) -> 52830945

Sheet 6A - NITS True-Up 
B2: =+'Appendix A'!A3 -> Dayton Power and Light
B3: =+'Appendix A'!A4 -> ATTACHMENT H-15A
B4: Attachment 6A - True-up Adjustment for Network Integration Transmission Service - December 31, 2023
B6: Debit amounts are shown as positive and credit amounts are shown as negative.
B7: The NITS True-Up Adjustment component of the Formula Rate for each Rate Year shall be determined as follows:
B9: (i) | C9: In accordance with its formula rate protocols, DP&L shall recalculate an adjusted Annual Transmission
C10: Revenue Requirement for the previous calendar year based on its actual costs as reflected in its Form No. 1 and its
C11: books and records for that calendar year, consistent with FERC accounting policies.
B13: (ii) | C13: (Annual True-Up Adjustment Before Interest).
C14: DP&L shall determine the Annual True-Up Adjustment as follows:
B16: (iii) | C16: Determine the difference between the actual Net Transmission Revenue Requirement as determined in paragraph (i) above,
C17: and actual revenues based upon the projected ATRR for the previous calendar year, the resulting rate and actual peak demand
B19: (iv) | C19: Multiply the Annual True-Up Adjustment Before Interest by (1+i)^24 months
C21: Where: | D21: i = | E21: Average of the monthly rates from the middle of the Rate Year for which the Annual True-up Adjustment
E22: is being calculated through the middle of the year in which the Annual True-up Adjustment is included in rates (24 months)
E23: The interest rates are initially estimated and then trued-up to actual
C26: To the extent possible each input to the Formula Rate used to calculate the actual Annual Transmission Revenue
C27: Requirement included in the Annual True-Up Adjustment either will be taken directly from the FERC Form No. 1 or will be
C28: reconcilable to the FERC Form 1 by the application of clearly identified and supported information. If the reconciliation
C29: is provided through a worksheet included in the filed Formula Rate template, the inputs to the worksheet must meet this
C30: transparency standard, and doing so will satisfy this transparency requirement for the amounts that are output from the
C31: worksheet and input to the main body of the Formula Rate.
A34: Line | I34: Estimated | J34: Actual
I35: Interest Rate | J35: Interest Rate | K35: Difference
A36: 1 | B36: A | C36: NITS ATRR based on actual costs included for the previous calendar year but excludes the true-up adjustment. | I36: =+'Appendix A'!H278-'7B - Schedule 12 Projects'!G19 -> 85160262
A37: =+A36+1 -> 2 | B37: B | C37: NITS Revenues based upon the projected ATRR for the previous calendar year and excluding any true-up adjustment included therein | I37: =76717483-4444773 -> 72272710
A38: =+A37+1 -> 3 | B38: C | C38: Difference (A-B) | I38: =I36-I37 -> 12887552 | J38: =+I38 -> 12887552
A39: =+A38+1 -> 4 | B39: D | C39: Future Value Factor (1+i)^24 | I39: =(1+E74)^24 -> 1.1818923 | J39: =(1+F74)^24 -> 1.1788445
A40: =+A39+1 -> 5 | B40: E | C40: True-up Adjustment (C*D) | I40: =+I38*I39 -> 15231699 | J40: =+J38*J39 -> 15192420 | K40: =J40-I40 -> -39278.997
A41: =+A40+1 -> 6 | B41: F | C41: Interest Rate True-up (Note 1) | I41: =K40 -> -39278.997
C43: Where:
C44: i = average interest rate as calculated below
B46: Interest on Amount of Refunds or Surcharges | E46: Estimated | F46: Actual
E47: Monthly | F47: Monthly
B48: Month | C48: Year | E48: Interest Rate | F48: Interest Rate
A49: =+A41+1 -> 7 | B49: July | C49: 2023 | E49: 0.0068 | F49: 0.0068
A50: =+A49+1 -> 8 | B50: August | C50: 2023 | E50: 0.0068 | F50: 0.0068
A51: =+A50+1 -> 9 | B51: September | C51: 2023 | E51: 0.0066 | F51: 0.0066
A52: =+A51+1 -> 10 | B52: October | C52: 2023 | E52: 0.0071 | F52: 0.0071
A53: =+A52+1 -> 11 | B53: November | C53: 2023 | E53: 0.0069 | F53: 0.0069
A54: =+A53+1 -> 12 | B54: December | C54: 2023 | E54: 0.0071 | F54: 0.0071
A55: =+A54+1 -> 13 | B55: January | C55: 2024 | E55: 0.0072 | F55: 0.0072
A56: =+A55+1 -> 14 | B56: February | C56: 2024 | E56: 0.0068 | F56: 0.0068
A57: =+A56+1 -> 15 | B57: March | C57: 2024 | E57: 0.0072 | F57: 0.0072
A58: =+A57+1 -> 16 | B58: April | C58: 2024 | E58: 0.007 | F58: 0.007
A59: =+A58+1 -> 17 | B59: May | C59: 2024 | E59: 0.0072 | F59: 0.0072
A60: =+A59+1 -> 18 | B60: June | C60: 2024 | E60: 0.007 | F60: 0.007
A61: =+A60+1 -> 19 | B61: July | C61: 2024 | E61: 0.007 | F61: 0.0072
... A72: =+A71+1 -> 30 | B72: June | C72: 2025 | E72: 0.007 | F72: 0.0062
A74: =+A72+1 -> 31 | B74: Average | E74: =+SUM(E49:E72)/24 -> 0.0069875 | F74: =+SUM(F49:F72)/24 -> 0.0068791667
B76: Note 1: Use Workpaper 6A - NITS True-up to determine ATU with actual interest rates and include interest rate true-up adjustment with subsequent ATU adjustment.

Sheet 6B - Schedule 12 True-Up
B2: =+'Appendix A'!A3 -> Dayton Power and Light
B3: =+'Appendix A'!A4 -> ATTACHMENT H-15A
B4: Attachment 6B - True-up Adjustment for Schedule 12 Projects (Transmission Enhancement Charges) - December 31, 2023
B6: Debit amounts are shown as positive and credit amounts are shown as negative.
B7: The Schedule 12 True-Up Adjustment component of the Formula Rate for each Rate Year shall be determined as follows:
B9: (i) | C9: In accordance with its formula rate protocols, DP&L shall recalculate an adjusted Annual Transmission
C10: Revenue Requirement for the previous calendar year based on its actual costs as reflected in its Form No. 1 and its
C11: books and records for that calendar year, consistent with FERC accounting policies.
B13: (ii) | C13: (Annual True-Up Adjustment Before Interest).
C14: DP&L shall determine the Annual True-Up Adjustment as follows:
B16: (iii) | C16: Determine the difference between the actual Net Transmission Revenue Requirement as determined in paragraph (i) above,
C17: and actual revenues based upon the projected ATRR for the previous calendar year, the resulting rate and actual peak demand
B19: (iv) | C19: Multiply the Annual True-Up Adjustment Before Interest by (1+i)^24 months
C21: Where: | D21: i = | E21: Average of the monthly rates from the middle of the Rate Year for which the Annual True-up Adjustment
E22: is being calculated through the middle of the year in which the Annual True-up Adjustment is included in rates (24 months)
E23: The interest rates are initially estimated and then trued-up to actual
C26: To the extent possible each input to the Formula Rate used to calculate the actual Annual Transmission Revenue
C27: Requirement included in the Annual True-Up Adjustment either will be taken directly from the FERC Form No. 1 or will be
C28: reconcilable to the FERC Form 1 by the application of clearly identified and supported information. If the reconciliation
C29: is provided through a worksheet included in the filed Formula Rate template, the inputs to the worksheet must meet this
C30: transparency standard, and doing so will satisfy this transparency requirement for the amounts that are output from the
C31: worksheet and input to the main body of the Formula Rate.
I34: Estimated | J34: Actual
A35: Line # | I35: Interest Rate | J35: Interest Rate | K35: Difference
A36: 1 | B36: A | C36: Schedule 12 ATRR based on actual costs included for the previous calendar year but excludes the true-up adjustment. | I36: =+'7B - Schedule 12 Projects'!G19 -> 3681481.3
A37: =+A36+1 -> 2 | B37: B | C37: Schedule 12 revenues based upon the projected ATRR for the previous calendar year and excluding any true-up adjustment included therein | I37: =+'[1]Appendix A'!$H$281 -> 4444773
A38: =+A37+1 -> 3 | B38: C | C38: Difference (A-B) | I38: =I36-I37 -> -763291.67 | J38: =+I38 -> -763291.67
A39: =+A38+1 -> 4 | B39: D | C39: Future Value Factor (1+i)^24 | I39: =(1+E74)^24 -> 1.1818923 | J39: =(1+F74)^24 -> 1.1788445
A40: =+A39+1 -> 5 | B40: E | C40: True-up Adjustment (C*D) | I40: =+I38*I39 -> -902128.56 | J40: =+J38*J39 -> -899802.18 | K40: =J40-I40 -> 2326.3791
A41: =+A40+1 -> 6 | B41: F | C41: Interest Rate True-up (Note 1) | I41: =K40 -> 2326.3791
C43: Where:
C44: i = average interest rate as calculated below
B46: Interest on Amount of Refunds or Surcharges | E46: Estimated | F46: Actual
E47: Monthly | F47: Monthly
B48: Month | C48: Year | E48: Interest Rate | F48: Interest Rate
A49: =+A41+1 -> 7 | B49: July | C49: 2023 | E49: 0.0068 | F49: 0.0068
A50: =+A49+1 -> 8 | B50: August | C50: 2023 | E50: 0.0068 | F50: 0.0068
A51: =+A50+1 -> 9 | B51: September | C51: 2023 | E51: 0.0066 | F51: 0.0066
A52: =+A51+1 -> 10 | B52: October | C52: 2023 | E52: 0.0071 | F52: 0.0071
A53: =+A52+1 -> 11 | B53: November | C53: 2023 | E53: 0.0069 | F53: 0.0069
A54: =+A53+1 -> 12 | B54: December | C54: 2023 | E54: 0.0071 | F54: 0.0071
A55: =+A54+1 -> 13 | B55: January | C55: 2024 | E55: 0.0072 | F55: 0.0072
A56: =+A55+1 -> 14 | B56: February | C56: 2024 | E56: 0.0068 | F56: 0.0068
A57: =+A56+1 -> 15 | B57: March | C57: 2024 | E57: 0.0072 | F57: 0.0072
A58: =+A57+1 -> 16 | B58: April | C58: 2024 | E58: 0.007 | F58: 0.007
A59: =+A58+1 -> 17 | B59: May | C59: 2024 | E59: 0.0072 | F59: 0.0072
A60: =+A59+1 -> 18 | B60: June | C60: 2024 | E60: 0.007 | F60: 0.007
A61: =+A60+1 -> 19 | B61: July | C61: 2024 | E61: 0.007 | F61: 0.0072
... A72: =+A71+1 -> 30 | B72: June | C72: 2025 | E72: 0.007 | F72: 0.0062
A74: =+A72+1 -> 31 | B74: Average | E74: =+SUM(E49:E72)/24 -> 0.0069875 | F74: =+SUM(F49:F72)/24 -> 0.0068791667
B76: Note 1: Use Workpaper 6B - Schedule 12 True-up to determine ATU with actual interest rates and include interest rate true-up adjustment with subsequent ATU adjustment.

Sheet 7A - Project ROE Adder
J1: =+'Appendix A'!A3 -> Dayton Power and Light
J2: =+'Appendix A'!A4 -> ATTACHMENT H-15A
J3: Attachment 7A - ROE Adder for Projects - December 31, 2023
B4: Debit amounts are shown as positive and credit amounts are shown as negative.
B6: ROE Adder
G7: Project 1 | I7: Project 2 | K7: Project 3 | M7: Project 4 | O7: Project 5 | Q7: Project 6 | S7: Project 7 | U7: Project 8 | W7: Project 9 | Y7: Project 10
A8: Line # | E8: Total | G8: Name | I8: Name | K8: Name | M8: Name | O8: Name | Q8: Name | S8: Name | U8: Name | W8: Name | Y8: Name
A10: 1 | B10: Plant In Service | C10: ="(Attachment 4, Line "&'4 - Cost Support'!A243&" etc.)" -> (Attachment 4, Line 88 etc.) | G10: =+'4 - Cost Support'!T243 -> 0 | I10: =+'4 - Cost Support'!T248 -> 0 | K10: =+'4 - Cost Support'!T253 -> 0 | M10: =+'4 - Cost Support'!T258 -> 0 | O10: =+'4 - Cost Support'!T263 -> 0 | Q10: =+'4 - Cost Support'!T268 -> 0 | S10: =+'4 - Cost Support'!T273 -> 0 | U10: =+'4 - Cost Support'!T278 -> 0 | W10: =+'4 - Cost Support'!T283 -> 0 | Y10: =+'4 - Cost Support'!T288 -> 0
A11: =+A10+1 -> 2 | B11: Accumulated Depreciation | C11: ="(Attachment 4, Line "&'4 - Cost Support'!A244&" etc.)" -> (Attachment 4, Line 89 etc.) | G11: =+'4 - Cost Support'!T244 -> 0 | I11: =+'4 - Cost Support'!T249 -> 0 | K11: =+'4 - Cost Support'!T254 -> 0 | M11: =+'4 - Cost Support'!T259 -> 0 | O11: =+'4 - Cost Support'!T264 -> 0 | Q11: =+'4 - Cost Support'!T269 -> 0 | S11: =+'4 - Cost Support'!T274 -> 0 | U11: =+'4 - Cost Support'!T279 -> 0 | W11: =+'4 - Cost Support'!T284 -> 0 | Y11: =+'4 - Cost Support'!T289 -> 0
A12: =+A11+1 -> 3 | B12: Net Plant | C12: ="(Line "&A10&" + Line "&A11&")" -> (Line 1 + Line 2) | G12: =+G10-G11 -> 0 | I12: =+I10-I11 -> 0 | K12: =+K10-K11 -> 0 | M12: =+M10-M11 -> 0 | O12: =+O10-O11 -> 0 | Q12: =+Q10-Q11 -> 0 | S12: =+S10-S11 -> 0 | U12: =+U10-U11 -> 0 | W12: =+W10-W11 -> 0 | Y12: =+Y10-Y11 -> 0
A13: =+A12+1 -> 4 | B13: Accumulated Deferred Income Taxes | C13: ="(Attachment 4, Line "&'4 - Cost Support'!A245&" etc.)" -> (Attachment 4, Line 90 etc.) | G13: =+'4 - Cost Support'!T245 -> 0 | I13: =+'4 - Cost Support'!T250 -> 0 | K13: =+'4 - Cost Support'!T255 -> 0 | M13: =+'4 - Cost Support'!T260 -> 0 | O13: =+'4 - Cost Support'!T265 -> 0 | Q13: =+'4 - Cost Support'!T270 -> 0 | S13: =+'4 - Cost Support'!T275 -> 0 | U13: =+'4 - Cost Support'!T280 -> 0 | W13: =+'4 - Cost Support'!T285 -> 0 | Y13: =+'4 - Cost Support'!T290 -> 0
A14: =+A13+1 -> 5 | B14: Rate Base | C14: ="(Line "&A12&" + Line "&A13&")" -> (Line 3 + Line 4) | G14: =+G12-G13 -> 0 | I14: =+I12-I13 -> 0 | K14: =+K12-K13 -> 0 | M14: =+M12-M13 -> 0 | O14: =+O12-O13 -> 0 | Q14: =+Q12-Q13 -> 0 | S14: =+S12-S13 -> 0 | U14: =+U12-U13 -> 0 | W14: =+W12-W13 -> 0 | Y14: =+Y12-Y13 -> 0
A15: =+A14+1 -> 6 | B15: ROE Adder | C15: Note A | G15: 0 | I15: 0 | K15: 0 | M15: 0 | O15: 0 | Q15: 0 | S15: 0 | U15: 0 | W15: 0 | Y15: 0
A16: =+A15+1 -> 7 | B16: Equity Capitalization Ratio | C16: ="(Appendix A, Line "&'Appendix A'!A197&")" -> (Appendix A, Line 111) | G16: =+'Appendix A'!$H$197 -> 0.50522761 | I16: =+'Appendix A'!$H$197 -> 0.50522761 | K16: =+'Appendix A'!$H$197 -> 0.50522761 | M16: =+'Appendix A'!$H$197 -> 0.50522761 | O16: =+'Appendix A'!$H$197 -> 0.50522761 | Q16: =+'Appendix A'!$H$197 -> 0.50522761 | S16: =+'Appendix A'!$H$197 -> 0.50522761 | U16: =+'Appendix A'!$H$197 -> 0.50522761 | W16: =+'Appendix A'!$H$197 -> 0.50522761 | Y16: =+'Appendix A'!$H$197 -> 0.50522761
A17: =+A16+1 -> 8 | B17: 1/(1-T) | C17: ="(Appendix A, Line "&'Appendix A'!A217&")" -> (Appendix A, Line 126) | G17: =+'Appendix A'!$H$217 -> 1.2886316 | I17: =+'Appendix A'!$H$217 -> 1.2886316 | K17: =+'Appendix A'!$H$217 -> 1.2886316 | M17: =+'Appendix A'!$H$217 -> 1.2886316 | O17: =+'Appendix A'!$H$217 -> 1.2886316 | Q17: =+'Appendix A'!$H$217 -> 1.2886316 | S17: =+'Appendix A'!$H$217 -> 1.2886316 | U17: =+'Appendix A'!$H$217 -> 1.2886316 | W17: =+'Appendix A'!$H$217 -> 1.2886316 | Y17: =+'Appendix A'!$H$217 -> 1.2886316
A18: =+A17+1 -> 9 | B18: ROE Adder Value | C18: ="(Line "&A14&" * Line "&A15&" * Line "&A16&" * Line "&A17&" )" -> (Line 5 * Line 6 * Line 7 * Line 8 ) | E18: =+SUM(G18:Y18) -> 0 | G18: =+G14*G15*G16*G17 -> 0 | I18: =+I14*I15*I16*I17 -> 0 | K18: =+K14*K15*K16*K17 -> 0 | M18: =+M14*M15*M16*M17 -> 0 | O18: =+O14*O15*O16*O17 -> 0 | Q18: =+Q14*Q15*Q16*Q17 -> 0 | S18: =+S14*S15*S16*S17 -> 0 | U18: =+U14*U15*U16*U17 -> 0 | W18: =+W14*W15*W16*W17 -> 0 | Y18: =+Y14*Y15*Y16*Y17 -> 0
B20: Note A: FERC Authorization - Order in Docket No.

Sheet 7B - Schedule 12 Projects
K1: =+'7A - Project ROE Adder'!J1 -> Dayton Power and Light
K2: =+'7A - Project ROE Adder'!J2 -> ATTACHMENT H-15A
K3: Attachment 7B - Revenue Requirement of Schedule 12 Projects - December 31, 2023
B5: Debit amounts are shown as positive and credit amounts are shown as negative.
B6: Revenue Requirement
G7: Project 1 | I7: Project 2 | K7: Project 3 | M7: Project 4 | O7: Project 5 | Q7: Project 6 | S7: Project 7 | U7: Project 8 | W7: Project 9 | Y7: Project 10
A8: Line # | E8: Total | G8: Marysville Substation and Line Reconductoring | I8: Name | K8: Name | M8: Name | O8: Name | Q8: Name | S8: Name | U8: Name | W8: Name | Y8: Name
B9: Schedule 12 Designation | G9: b1570
A10: 1 | B10: Plant In Service | C10: ="(Attachment 4, Line "&'4 - Cost Support'!A296&" etc.)" -> (Attachment 4, Line 118 etc.) | G10: =+'4 - Cost Support'!T296 -> 20627032 | I10: =+'4 - Cost Support'!T301 -> 0 | K10: =+'4 - Cost Support'!T306 -> 0 | M10: =+'4 - Cost Support'!T311 -> 0 | O10: =+'4 - Cost Support'!T316 -> 0 | Q10: =+'4 - Cost Support'!T321 -> 0 | S10: =+'4 - Cost Support'!T326 -> 0 | U10: =+'4 - Cost Support'!T331 -> 0 | W10: =+'4 - Cost Support'!T336 -> 0 | Y10: =+'4 - Cost Support'!T341 -> 0
A11: =+A10+1 -> 2 | B11: Accumulated Depreciation | C11: ="(Attachment 4, Line "&'4 - Cost Support'!A297&" etc.)" -> (Attachment 4, Line 119 etc.) | G11: =+'4 - Cost Support'!T297 -> 306437.62 | I11: =+'4 - Cost Support'!T302 -> 0 | K11: =+'4 - Cost Support'!T307 -> 0 | M11: =+'4 - Cost Support'!T312 -> 0 | O11: =+'4 - Cost Support'!T317 -> 0 | Q11: =+'4 - Cost Support'!T322 -> 0 | S11: =+'4 - Cost Support'!T327 -> 0 | U11: =+'4 - Cost Support'!T332 -> 0 | W11: =+'4 - Cost Support'!T337 -> 0 | Y11: =+'4 - Cost Support'!T342 -> 0
A12: =+A11+1 -> 3 | B12: Net Plant | C12: ="(Line "&A10&" + "&A11&")" -> (Line 1 + 2) | G12: =+G10-G11 -> 20320594 | I12: =+I10-I11 -> 0 | K12: =+K10-K11 -> 0 | M12: =+M10-M11 -> 0 | O12: =+O10-O11 -> 0 | Q12: =+Q10-Q11 -> 0 | S12: =+S10-S11 -> 0 | U12: =+U10-U11 -> 0 | W12: =+W10-W11 -> 0 | Y12: =+Y10-Y11 -> 0
A14: =+A12+1 -> 4 | B14: Net Plant Carrying Charge w/o Depreciation | C14: ="(Appendix A, Line "&'Appendix A'!A275&")" -> (Appendix A, Line 163) | G14: =+'Appendix A'!$H$275 -> 0.16296453 | I14: =+'Appendix A'!$H$275 -> 0.16296453 | K14: =+'Appendix A'!$H$275 -> 0.16296453 | M14: =+'Appendix A'!$H$275 -> 0.16296453 | O14: =+'Appendix A'!$H$275 -> 0.16296453 | Q14: =+'Appendix A'!$H$275 -> 0.16296453 | S14: =+'Appendix A'!$H$275 -> 0.16296453 | U14: =+'Appendix A'!$H$275 -> 0.16296453 | W14: =+'Appendix A'!$H$275 -> 0.16296453 | Y14: =+'Appendix A'!$H$275 -> 0.16296453
A15: =+A14+1 -> 5 | B15: Revenue Requirement w/o Depreciation and ROE Adder | C15: ="(Line "&A12&" * Line "&A14&")" -> (Line 3 * Line 4) | G15: =+G12*G14 -> 3311536 | I15: =+I12*I14 -> 0 | K15: =+K12*K14 -> 0 | M15: =+M12*M14 -> 0 | O15: =+O12*O14 -> 0 | Q15: =+Q12*Q14 -> 0 | S15: =+S12*S14 -> 0 | U15: =+U12*U14 -> 0 | W15: =+W12*W14 -> 0 | Y15: =+Y12*Y14 -> 0
A16: =+A15+1 -> 6 | B16: Depreciation | C16: ="(Attachment 4, Line "&'4 - Cost Support'!A298&" etc.)" -> (Attachment 4, Line 120 etc.) | G16: =+'4 - Cost Support'!T298 -> 369945.29 | I16: =+'4 - Cost Support'!T303 -> 0 | K16: =+'4 - Cost Support'!T308 -> 0 | M16: =+'4 - Cost Support'!T313 -> 0 | O16: =+'4 - Cost Support'!T318 -> 0 | Q16: =+'4 - Cost Support'!T323 -> 0 | S16: =+'4 - Cost Support'!T328 -> 0 | U16: =+'4 - Cost Support'!T333 -> 0 | W16: =+'4 - Cost Support'!T338 -> 0 | Y16: =+'4 - Cost Support'!T343 -> 0
A17: =+A16+1 -> 7 | B17: ROE Adder (if applicable) | C17: Attachment 7A | G17: 0 | I17: 0 | K17: 0 | M17: 0 | O17: 0 | Q17: 0 | S17: 0 | U17: 0 | W17: 0 | Y17: 0
A19: =+A17+1 -> 8 | B19: Total Revenue Requirement | C19: ="(Line "&A15&" + Line "&A16&" + Line "&A17&")" -> (Line 5 + Line 6 + Line 7) | E19: =+SUM(G19:Y19) -> 3681481.3 | G19: =+G15+G16+ G17 -> 3681481.3 | I19: =+I15+I16+ I17 -> 0 | K19: =+K15+K16+ K17 -> 0 | M19: =+M15+M16+ M17 -> 0 | O19: =+O15+O16+ O17 -> 0 | Q19: =+Q15+Q16+ Q17 -> 0 | S19: =+S15+S16+ S17 -> 0 | U19: =+U15+U16+ U17 -> 0 | W19: =+W15+W16+ W17 -> 0 | Y19: =+Y15+Y16+ Y17 -> 0
A21: =+A19+1 -> 9 | B21: Schedule 12 Annual True-Up Adjustment Plus Correction | C21: ="(Attachment 6B, Line "&'6B - Schedule 12 True-Up'!B40&") and below" -> (Attachment 6B, Line E) and below | E21: =+G21+I21 -> 0 | G21: 0 | I21: =+I39 -> 0 | K21: =+K19/$E$19*$E$21 -> 0 | M21: =+M19/$E$19*$E$21 -> 0 | O21: =+O19/$E$19*$E$21 -> 0 | Q21: =+Q19/$E$19*$E$21 -> 0 | S21: =+S19/$E$19*$E$21 -> 0 | U21: =+U19/$E$19*$E$21 -> 0 | W21: =+W19/$E$19*$E$21 -> 0 | Y21: =+Y19/$E$19*$E$21 -> 0
B22: (Note A)
A23: =+A21+1 -> 10 | B23: Total Schedule 12 Revenue Requirement | C23: ="(Line "&A19&" + Line "&A21&")" -> (Line 8 + Line 9) | E23: =+E19+E21 -> 3681481.3 | G23: =+G19+G21 -> 3681481.3 | I23: =+I19+I21 -> 0 | K23: =+K19+K21 -> 0 | M23: =+M19+M21 -> 0 | O23: =+O19+O21 -> 0 | Q23: =+Q19+Q21 -> 0 | S23: =+S19+S21 -> 0 | U23: =+U19+U21 -> 0 | W23: =+W19+W21 -> 0 | Y23: =+Y19+Y21 -> 0
B24: (To Appendix A, Line 193)
A26: =+A23+1 -> 11 | B26: Allocation Percentage to Other Than the Dayton Zone | G26: 0.0993 | I26: 1 | K26: 0 | M26: 0 | O26: 0 | Q26: 0 | S26: 0 | U26: 0 | W26: 0 | Y26: 0
A28: =+A26+1 -> 12 | B28: Allocation to Other Than the Dayton Zone | C28: ="(Line "&A23&" * Line "&A26&")" -> (Line 10 * Line 11) | E28: =+SUM(G28:Y28) -> 365571.1 | G28: =+G23*G26 -> 365571.1 | I28: =+I23*I26 -> 0 | K28: =+K23*K26 -> 0 | M28: =+M23*M26 -> 0 | O28: =+O23*O26 -> 0 | Q28: =+Q23*Q26 -> 0 | S28: =+S23*S26 -> 0 | U28: =+U23*U26 -> 0 | W28: =+W23*W26 -> 0 | Y28: =+Y23*Y26 -> 0
G29: Includes Correction - 2021 | I29: ATSI Only Correction - 2020
B32: Note A: Schedule 12 Annual True-up Adjustment allocated to projects based upon Total Revenue Requirement
I33: 2020 | K33: 2021 | M33: Total
A34: =+A28+1 -> 13 | G34: Corrections | I34: 0 | K34: 0 | M34: =+I34+K34 -> 0
A35: =+A34+1 -> 14 | I35: ATSI Zone only | K35: 1
A36: =+A35+1 -> 15 | G36: Interest Rate | I36: =+I99 -> 0 | K36: =+I100 -> 0
A37: =+A36+1 -> 16 | G37: Months (see Corrections Tab) | I37: =+'11 - Corrections'!F26 -> 46 | K37: =+'11 - Corrections'!H26 -> 36
A38: =+A37+1 -> 17 | G38: Interest Amount | I38: =+I34*I36*I37 -> 0 | K38: =+K34*K36*K37 -> 0 | M38: =+I38+K38 -> 0
A39: =+A38+1 -> 18 | G39: Total Correction Plus Interest | I39: =+I34+I38 -> 0 | K39: =+K34+K38 -> 0 | M39: =+I39+K39 -> 0
G42: FERC Interest Rate
G43: 43952 | I43: 0
G44: =+G43+31 -> 43983 | I44: 0
G45: =+G44+31 -> 44014 | I45: 0
G46: =+G45+31 -> 44045 | I46: 0
G47: =+G46+31 -> 44076 | I47: 0
G48: =+G47+31 -> 44107 | I48: 0
G49: =+G48+31 -> 44138 | I49: 0
G50: =+G49+31 -> 44169 | I50: 0
G51: =+G50+31 -> 44200 | I51: 0
G52: =+G51+31 -> 44231 | I52: 0
G53: =+G52+31 -> 44262 | I53: 0
G54: =+G53+31 -> 44293 | I54: 0
G55: =+G54+31 -> 44324 | I55: 0
... G87: =+G86+31 -> 45316 | I87: 0
G88: =+G87+31 -> 45347 | I88: =+I85 -> 0
G89: =+G88+31 -> 45378 | I89: =+I87 -> 0
G90: =+G89+31 -> 45409 | I90: =+I85 -> 0
G91: =+G90+31 -> 45440 | I91: =+I89 -> 0
G92: =+G91+31 -> 45471 | I92: =+I90 -> 0
G93: =+G92+31 -> 45502 | I93: =+I91 -> 0
G94: =+G93+31 -> 45533 | I94: =+I93 -> 0
G95: =+G94+31 -> 45564 | I95: =+I92 -> 0
G96: =+G95+31 -> 45595 | I96: =+I94 -> 0
G97: =+G96+31 -> 45626 | I97: =+I95 -> 0
G98: =+G97+31 -> 45657 | I98: =+I96 -> 0
G99: 2020-2024 Average | I99: =+AVERAGE(I43:I98) -> 0
G100: 2021-2024 Average | I100: =+AVERAGE(I51:I98) -> 0

Sheet 8 - Depreciations Rates
B1: Dayton Power and Light
B2: =+'Appendix A'!A4 -> ATTACHMENT H-15A
B3: Attachment 8 - Depreciation and Amortization Rates
B4: 45291
A9: FERC Account | B9: Description | C9: Rate (Note 1)
A11: Transmission (based upon data as of June 2019)
A12: 350 | B12: Land Rights | C12: N/A
A13: 352 | B13: Structures and Improvements | C13: 0.0192
A14: 353 | B14: Station Equipment | C14: 0.0209
A15: 354 | B15: Towers and Fixtures | C15: 0.0192
A16: 355 | B16: Poles and Fixtures | C16: 0.0245
A17: 356 | B17: Overhead Conductors & Devices | C17: 0.0245
A18: 357 | B18: Underground Conduit | C18: 0.0133
A19: 358 | B19: Underground Conductors & Devices | C19: 0.0182
A20: 359 | B20: Roads and Trails | C20: 0.0125
A22: General and Intangible (determined in a Public Utilities Commission of Ohio proceeding and using data as of December 31, 2014)
A23: 302 | B23: Franchises and Consents | C23: N/A
A24: 303 | B24: Intangible Plant | C24: 0.1429
A25: 390.1 | B25: Structures and Improvements - Other | C25: 0.0222
A26: 390.1 | B26: Structures and Improvements - McGregor | C26: 0.0244
A27: 362.1/391 | B27: Office Furniture and Equipment | C27: 0.0625
A28: 362.1/391 | B28: Computer Equipment | C28: 0.1
A29: 362.2/392 | B29: Transportation Equipment - Auto | C29: 0.075
A30: 362.2/392 | B30: Transportation Equipment - Light Truck | C30: 0.075
A31: 362.2/392 | B31: Transportation Equipment - Trailers | C31: 0.075
A32: 362.2/392 | B32: Transportation Equipment - Heavy Trucks | C32: 0.075
A33: 393 | B33: Stores Equipment | C33: 0.04
A34: 394 | B34: Tools, Shop and Garage Equipment | C34: 0.04
A35: 395 | B35: Laboratory Equipment | C35: 0.05
A36: 396 | B36: Power Operated Equipment | C36: 0.0588
A37: 362.7/397.2 | B37: Communication Equipment | C37: 0.05
A38: 398 | B38: Miscellaneous Equipment | C38: 0.05
A39: 399 | B39: Other Tangible Property | C39: 0
A41: Note 1: The Dayton Power and Light Company's transmission depreciation rates may not change absent Commission authorization
A42: General and intangible depreciation and amortization rates are as approved by the Public Utilities Commission of Ohio

Sheet 9 - Excess ADIT
I2: =+'Appendix A'!A3 -> Dayton Power and Light
I3: =+'Appendix A'!A4 -> ATTACHMENT H-15A
I4: Attachment 9 - Excess Accumulated Deferred Income Taxes - December 31, 2023
I5: Resulting from Income Tax Rate Changes (Note C and D)
A6: Debit amounts are shown as positive and credit amounts are shown as negative.
B7: (A) | C7: (B) | D7: (C) | E7: (D) | F7: (E) | G7: (F) | H7: (G) | I7: (H) | J7: (I) | K7: (J) | L7: (K) | M7: (L) | N7: (M) | O7: (N) | P7: (O) | Q7: (P) | R7: (Q) | S7: (R) | T7: (S) | U7: (T) | V7: (U) | W7: (V) | X7: (W) | Y7: (X) | Z7: (Y)
A8: Line | B8: Description | C8: ADIT Balances Prior to Remeasurement | D8: ADIT Balances After Remeasurement (Note F) | E8: Deficient or Excess Accumulated Deferred Taxes at December 31, 2017 | F8: Adjustments After Remeasurement | G8: Adjusted Deficient or Excess Accumulated Deferred Taxes | H8: Transmission Allocation Factors (Note A) | I8: Allocated to Transmission | J8: Protected (P) Unprotected Property (UP) Unprotected Other (UO) (Note B) | K8: Amortization Through December 31, 2019 | L8: Balance at December 31, 2019 | M8: 2020 Amortization (Note B) | N8: Balance at December 31, 2020 | O8: 2021 Amortization (Note B) | P8: Balance at December 31, 2021 (Note B) | Q8: 2022 Amortization (Note B) | R8: Balance at December 31, 2022 (Note B) | S8: 2023 Amortization (Note B) | T8: Balance at December 31, 2023 (Note B) | U8: 2024 Amortization (Note B) | V8: Balance at December 31, 2024 (Note B) | W8: 2025 Amortization (Note B) | X8: Balance at December 31, 2025 (Note B) | Y8: 2026 Amortization (Note B) | Z8: Balance at December 31, 2026 (Note B)
B9: Deficient Deferred Income Taxes - amortized to 410.1
B11: FERC Account 190
A12: 1 | B12: Vacation Pay | C12: 639062.5 | D12: =+C12*$I$80 -> 383437.5 | E12: =+C12-D12 -> 255625 | F12: 0 | G12: =+E12-F12 -> 255625 | H12: 0.1455 | I12: =+G12*H12 -> 37193.438 | J12: UO | K12: 0 | L12: =+I12-K12 -> 37193.438 | M12: =+I12/10 -> 3719.3438 | N12: =+L12-M12 -> 33474.094 | O12: =+I12/10 -> 3719.3438 | P12: =+N12-O12 -> 29754.75 | Q12: =+P12/5 -> 5950.95 | R12: =+P12-Q12 -> 23803.8 | S12: =+$P12/5 -> 5950.95 | T12: =+R12-S12 -> 17852.85 | U12: =+$P12/5 -> 5950.95 | V12: =+T12-U12 -> 11901.9 | W12: =+$P12/5 -> 5950.95 | X12: =+V12-W12 -> 5950.95 | Y12: =+$P12/5 -> 5950.95 | Z12: =+X12-Y12 -> 0
A13: =+A12+1 -> 2 | B13: Post Retirement Benefits | C13: 4709475 | D13: =+C13*$I$80 -> 2825685 | E13: =+C13-D13 -> 1883790 | F13: 0 | G13: =+E13-F13 -> 1883790 | H13: 0.1455 | I13: =+G13*H13 -> 274091.45 | J13: UO | K13: 0 | L13: =+I13-K13 -> 274091.45 | M13: =+I13/10 -> 27409.145 | N13: =+L13-M13 -> 246682.3 | O13: =+I13/10 -> 27409.145 | P13: =+N13-O13 -> 219273.16 | Q13: =+P13/5 -> 43854.631 | R13: =+P13-Q13 -> 175418.52 | S13: =+$P13/5 -> 43854.631 | T13: =+R13-S13 -> 131563.89 | U13: =+$P13/5 -> 43854.631 | V13: =+T13-U13 -> 87709.262 | W13: =+$P13/5 -> 43854.631 | X13: =+V13-W13 -> 43854.631 | Y13: =+$P13/5 -> 43854.631 | Z13: =+X13-Y13 -> 0
A14: =+A13+1 -> 3 | B14: Deferred Compensation | C14: 936285 | D14: =+C14*$I$80 -> 561771 | E14: =+C14-D14 -> 374514 | F14: 0 | G14: =+E14-F14 -> 374514 | H14: 0.1455 | I14: =+G14*H14 -> 54491.787 | J14: UO | K14: 0 | L14: =+I14-K14 -> 54491.787 | M14: =+I14/10 -> 5449.1787 | N14: =+L14-M14 -> 49042.608 | O14: =+I14/10 -> 5449.1787 | P14: =+N14-O14 -> 43593.43 | Q14: =+P14/5 -> 8718.6859 | R14: =+P14-Q14 -> 34874.744 | S14: =+$P14/5 -> 8718.6859 | T14: =+R14-S14 -> 26156.058 | U14: =+$P14/5 -> 8718.6859 | V14: =+T14-U14 -> 17437.372 | W14: =+$P14/5 -> 8718.6859 | X14: =+V14-W14 -> 8718.6859 | Y14: =+$P14/5 -> 8718.6859 | Z14: =+X14-Y14 -> 0
A15: =+A14+1 -> 4 | B15: FAS 109 - Electric | C15: -1766545 | D15: =+C15*$I$80 -> -1059927 | E15: =+C15-D15 -> -706618 | F15: 0 | G15: =+E15-F15 -> -706618 | H15: 0.1455 | I15: =+G15*H15 -> -102812.92 | J15: UO | K15: 0 | L15: =+I15-K15 -> -102812.92 | M15: =+I15/10 -> -10281.292 | N15: =+L15-M15 -> -92531.627 | O15: =+I15/10 -> -10281.292 | P15: =+N15-O15 -> -82250.335 | Q15: =+P15/5 -> -16450.067 | R15: =+P15-Q15 -> -65800.268 | S15: =+$P15/5 -> -16450.067 | T15: =+R15-S15 -> -49350.201 | U15: =+$P15/5 -> -16450.067 | V15: =+T15-U15 -> -32900.134 | W15: =+$P15/5 -> -16450.067 | X15: =+V15-W15 -> -16450.067 | Y15: =+$P15/5 -> -16450.067 | Z15: =+X15-Y15 -> 0
A16: =+A15+1 -> 5 | B16: Union Disability | C16: 1458445 | D16: =+C16*$I$80 -> 875067 | E16: =+C16-D16 -> 583378 | F16: 0 | G16: =+E16-F16 -> 583378 | H16: 0.1455 | I16: =+G16*H16 -> 84881.499 | J16: UO | K16: 0 | L16: =+I16-K16 -> 84881.499 | M16: =+I16/10 -> 8488.1499 | N16: =+L16-M16 -> 76393.349 | O16: =+I16/10 -> 8488.1499 | P16: =+N16-O16 -> 67905.199 | Q16: =+P16/5 -> 13581.04 | R16: =+P16-Q16 -> 54324.159 | S16: =+$P16/5 -> 13581.04 | T16: =+R16-S16 -> 40743.12 | U16: =+$P16/5 -> 13581.04 | V16: =+T16-U16 -> 27162.08 | W16: =+$P16/5 -> 13581.04 | X16: =+V16-W16 -> 13581.04 | Y16: =+$P16/5 -> 13581.04 | Z16: =+X16-Y16 -> 0
A17: =+A16+1 -> 6 | B17: Fed Dfrd Tax on Future Tax Impacts | C17: 937980 | D17: =+C17*$I$80 -> 562788 | E17: =+C17-D17 -> 375192 | F17: 0 | G17: =+E17-F17 -> 375192 | H17: 0.1455 | I17: =+G17*H17 -> 54590.436 | J17: UO | K17: 0 | L17: =+I17-K17 -> 54590.436 | M17: =+I17/10 -> 5459.0436 | N17: =+L17-M17 -> 49131.392 | O17: =+I17/10 -> 5459.0436 | P17: =+N17-O17 -> 43672.349 | Q17: =+P17/5 -> 8734.4698 | R17: =+P17-Q17 -> 34937.879 | S17: =+$P17/5 -> 8734.4698 | T17: =+R17-S17 -> 26203.409 | U17: =+$P17/5 -> 8734.4698 | V17: =+T17-U17 -> 17468.94 | W17: =+$P17/5 -> 8734.4698 | X17: =+V17-W17 -> 8734.4698 | Y17: =+$P17/5 -> 8734.4698 | Z17: =+X17-Y17 -> 0
A18: =+A17+1 -> 7 | B18: Employee Stock Plans | C18: 1166550 | D18: =+C18*$I$80 -> 699930 | E18: =+C18-D18 -> 466620 | F18: 0 | G18: =+E18-F18 -> 466620 | H18: 0.1455 | I18: =+G18*H18 -> 67893.21 | J18: UO | K18: 0 | L18: =+I18-K18 -> 67893.21 | M18: =+I18/10 -> 6789.321 | N18: =+L18-M18 -> 61103.889 | O18: =+I18/10 -> 6789.321 | P18: =+N18-O18 -> 54314.568 | Q18: =+P18/5 -> 10862.914 | R18: =+P18-Q18 -> 43451.654 | S18: =+$P18/5 -> 10862.914 | T18: =+R18-S18 -> 32588.741 | U18: =+$P18/5 -> 10862.914 | V18: =+T18-U18 -> 21725.827 | W18: =+$P18/5 -> 10862.914 | X18: =+V18-W18 -> 10862.914 | Y18: =+$P18/5 -> 10862.914 | Z18: =+X18-Y18 -> 0
A19: =+A18+1 -> 8 | B19: Bad Debts Expense | C19: 369007.5 | D19: =+C19*$I$80 -> 221404.5 | E19: =+C19-D19 -> 147603 | F19: 0 | G19: =+E19-F19 -> 147603 | H19: 0.1418 | I19: =+G19*H19 -> 20930.105 | J19: UO | K19: 0 | L19: =+I19-K19 -> 20930.105 | M19: =+I19/10 -> 2093.0105 | N19: =+L19-M19 -> 18837.095 | O19: =+I19/10 -> 2093.0105 | P19: =+N19-O19 -> 16744.084 | Q19: =+P19/5 -> 3348.8169 | R19: =+P19-Q19 -> 13395.267 | S19: =+$P19/5 -> 3348.8169 | T19: =+R19-S19 -> 10046.451 | U19: =+$P19/5 -> 3348.8169 | V19: =+T19-U19 -> 6697.6337 | W19: =+$P19/5 -> 3348.8169 | X19: =+V19-W19 -> 3348.8169 | Y19: =+$P19/5 -> 3348.8169 | Z19: =+X19-Y19 -> 0
A20: =+A19+1 -> 9 | B20: State Income Tax Expense | C20: 0 | D20: =+C20*$I$80 -> 0 | E20: =+C20-D20 -> 0 | F20: 0 | G20: =+E20-F20 -> 0 | H20: 0 | I20: =+G20*H20 -> 0 | J20: UO | K20: 0 | L20: =+I20-K20 -> 0 | M20: =+I20/10 -> 0 | N20: =+L20-M20 -> 0 | O20: =+I20/10 -> 0 | P20: =+N20-O20 -> 0 | Q20: =+P20/5 -> 0 | R20: =+P20-Q20 -> 0 | S20: =+$P20/5 -> 0 | T20: =+R20-S20 -> 0 | U20: =+$P20/5 -> 0 | V20: =+T20-U20 -> 0 | W20: =+$P20/5 -> 0 | X20: =+V20-W20 -> 0 | Y20: =+$P20/5 -> 0 | Z20: =+X20-Y20 -> 0
A21: =+A20+1 -> 10 | B21: Capitalized Interest Income | C21: 1288335 | D21: =+C21*$I$80 -> 773001 | E21: =+C21-D21 -> 515334 | F21: 0 | G21: =+E21-F21 -> 515334 | H21: 0 | I21: =+G21*H21 -> 0 | J21: UO | K21: 0 | L21: =+I21-K21 -> 0 | M21: =+I21/10 -> 0 | N21: =+L21-M21 -> 0 | O21: =+I21/10 -> 0 | P21: =+N21-O21 -> 0 | Q21: =+P21/5 -> 0 | R21: =+P21-Q21 -> 0 | S21: =+$P21/5 -> 0 | T21: =+R21-S21 -> 0 | U21: =+$P21/5 -> 0 | V21: =+T21-U21 -> 0 | W21: =+$P21/5 -> 0 | X21: =+V21-W21 -> 0 | Y21: =+$P21/5 -> 0 | Z21: =+X21-Y21 -> 0
A22: =+A21+1 -> 11 | B22: Deferred Federal Tax on CAT Tax Credit | C22: -224000 | D22: =+C22*$I$80 -> -134400 | E22: =+C22-D22 -> -89600 | F22: 0 | G22: =+E22-F22 -> -89600 | H22: 0.1455 | I22: =+G22*H22 -> -13036.8 | J22: UO | K22: 0 | L22: =+I22-K22 -> -13036.8 | M22: =+I22/10 -> -1303.68 | N22: =+L22-M22 -> -11733.12 | O22: =+I22/10 -> -1303.68 | P22: =+N22-O22 -> -10429.44 | Q22: =+P22/5 -> -2085.888 | R22: =+P22-Q22 -> -8343.552 | S22: =+$P22/5 -> -2085.888 | T22: =+R22-S22 -> -6257.664 | U22: =+$P22/5 -> -2085.888 | V22: =+T22-U22 -> -4171.776 | W22: =+$P22/5 -> -2085.888 | X22: =+V22-W22 -> -2085.888 | Y22: =+$P22/5 -> -2085.888 | Z22: =+X22-Y22 -> 0
A23: =+A22+1 -> 12 | B23: Other | C23: 245590 | D23: =+C23*$I$80 -> 147354 | E23: =+C23-D23 -> 98236 | F23: 0 | G23: =+E23-F23 -> 98236 | H23: Various | I23: 15523 | J23: UO | K23: 0 | L23: =+I23-K23 -> 15523 | M23: =+I23/10 -> 1552.3 | N23: =+L23-M23 -> 13970.7 | O23: =+I23/10 -> 1552.3 | P23: =+N23-O23 -> 12418.4 | Q23: =+P23/5 -> 2483.68 | R23: =+P23-Q23 -> 9934.72 | S23: =+$P23/5 -> 2483.68 | T23: =+R23-S23 -> 7451.04 | U23: =+$P23/5 -> 2483.68 | V23: =+T23-U23 -> 4967.36 | W23: =+$P23/5 -> 2483.68 | X23: =+V23-W23 -> 2483.68 | Y23: =+$P23/5 -> 2483.68 | Z23: =+X23-Y23 -> 0
A24: =+A23+1 -> 13 | B24: Total FERC Account 190 | C24: =+SUM(C12:C23) -> 9760185 | D24: =+SUM(D12:D23) -> 5856111 | E24: =+SUM(E12:E23) -> 3904074 | F24: =+SUM(F12:F23) -> 0 | G24: =+SUM(G12:G23) -> 3904074 | I24: =+SUM(I12:I23) -> 493745.2 | K24: =+SUM(K12:K23) -> 0 | L24: =+SUM(L12:L23) -> 493745.2 | M24: =+SUM(M12:M23) -> 49374.52 | N24: =+SUM(N12:N23) -> 444370.68 | O24: =+SUM(O12:O23) -> 49374.52 | P24: =+SUM(P12:P23) -> 394996.16 | Q24: =+SUM(Q12:Q23) -> 78999.232 | R24: =+SUM(R12:R23) -> 315996.93 | ... Z24: =+SUM(Z12:Z23) -> 0
B26: FERC Account 282
A27: =+A24+1 -> 14 | B27: TBD | C27: 0 | D27: =+C27*$I$80 -> 0 | E27: =+C27-D27 -> 0 | F27: 0 | G27: =+E27-F27 -> 0 | H27: 0 | I27: =+G27*H27 -> 0 | K27: 0 | L27: =+I27-K27 -> 0 | M27: 0 | N27: =+K27-M27 -> 0 | O27: 0 | P27: =+M27-O27 -> 0 | Q27: 0 | R27: =+O27-Q27 -> 0 | S27: 0 | T27: =+Q27-S27 -> 0 | U27: 0 | V27: =+T27-U27 -> 0 | W27: 0 | X27: =+U27-W27 -> 0 | Y27: =+$P27/5 -> 0 | Z27: =+W27-Y27 -> 0
A28: =+A27+1 -> 15 | B28: TBD | C28: 0 | D28: =+C28*$I$80 -> 0 | E28: =+C28-D28 -> 0 | F28: 0 | G28: =+E28-F28 -> 0 | H28: Various | I28: 0 | K28: 0 | L28: =+I28-K28 -> 0 | M28: 0 | N28: =+K28-M28 -> 0 | O28: 0 | P28: =+M28-O28 -> 0 | Q28: 0 | R28: =+O28-Q28 -> 0 | S28: 0 | T28: =+Q28-S28 -> 0 | U28: 0 | V28: =+T28-U28 -> 0 | W28: 0 | X28: =+U28-W28 -> 0 | Y28: =+$P28/5 -> 0 | Z28: =+W28-Y28 -> 0
A29: =+A28+1 -> 16 | B29: Total Account 282 | C29: =+C27+C28 -> 0 | D29: =+D27+D28 -> 0 | E29: =+E27+E28 -> 0 | F29: =+F27+F28 -> 0 | G29: =+G27+G28 -> 0 | I29: =+I27+I28 -> 0 | K29: =+K27+K28 -> 0 | L29: =+L27+L28 -> 0 | M29: =+M27+M28 -> 0 | N29: =+N27+N28 -> 0 | O29: =+O27+O28 -> 0 | P29: =+P27+P28 -> 0 | Q29: =+Q27+Q28 -> 0 | R29: =+R27+R28 -> 0 | ... Z29: =+Z27+Z28 -> 0
B31: FERC Account 283
A32: =+A29+1 -> 17 | B32: TBD | C32: 0 | D32: =+C32*$I$80 -> 0 | E32: =+C32-D32 -> 0 | F32: 0 | G32: =+E32-F32 -> 0 | H32: 0 | I32: =+G32*H32 -> 0 | K32: 0 | L32: =+I32-K32 -> 0 | M32: 0 | N32: =+L32-M32 -> 0 | O32: 0 | P32: =+N32-O32 -> 0 | Q32: 0 | R32: =+P32-Q32 -> 0 | S32: 0 | T32: =+R32-S32 -> 0 | U32: 0 | V32: =+T32-U32 -> 0 | W32: 0 | X32: =+V32-W32 -> 0 | Y32: =+$P32/5 -> 0 | Z32: =+X32-Y32 -> 0
A33: =+A32+1 -> 18 | B33: TBD | C33: 0 | D33: =+C33*$I$80 -> 0 | E33: =+C33-D33 -> 0 | F33: 0 | G33: =+E33-F33 -> 0 | H33: 0 | I33: =+G33*H33 -> 0 | K33: 0 | L33: =+I33-K33 -> 0 | M33: 0 | N33: =+L33-M33 -> 0 | O33: 0 | P33: =+N33-O33 -> 0 | Q33: 0 | R33: =+P33-Q33 -> 0 | S33: 0 | T33: =+R33-S33 -> 0 | U33: 0 | V33: =+T33-U33 -> 0 | W33: 0 | X33: =+V33-W33 -> 0 | Y33: =+$P33/5 -> 0 | Z33: =+X33-Y33 -> 0
A34: =+A33+1 -> 19 | B34: TBD | C34: 0 | D34: =+C34*$I$80 -> 0 | E34: =+C34-D34 -> 0 | F34: 0 | G34: =+E34-F34 -> 0 | H34: 0 | I34: =+G34*H34 -> 0 | K34: 0 | L34: =+I34-K34 -> 0 | M34: 0 | N34: =+L34-M34 -> 0 | O34: 0 | P34: =+N34-O34 -> 0 | Q34: 0 | R34: =+P34-Q34 -> 0 | S34: 0 | T34: =+R34-S34 -> 0 | U34: 0 | V34: =+T34-U34 -> 0 | W34: 0 | X34: =+V34-W34 -> 0 | Y34: =+$P34/5 -> 0 | Z34: =+X34-Y34 -> 0
A35: =+A34+1 -> 20 | B35: TBD | C35: 0 | D35: =+C35*$I$80 -> 0 | E35: =+C35-D35 -> 0 | F35: 0 | G35: =+E35-F35 -> 0 | H35: Various | I35: 0 | K35: 0 | L35: =+I35-K35 -> 0 | M35: 0 | N35: =+L35-M35 -> 0 | O35: 0 | P35: =+N35-O35 -> 0 | Q35: 0 | R35: =+P35-Q35 -> 0 | S35: 0 | T35: =+R35-S35 -> 0 | U35: 0 | V35: =+T35-U35 -> 0 | W35: 0 | X35: =+V35-W35 -> 0 | Y35: =+$P35/5 -> 0 | Z35: =+X35-Y35 -> 0
A36: =+A35+1 -> 21 | B36: Total FERC Account 283 | C36: =+C34+C35 -> 0 | D36: =+D34+D35 -> 0 | E36: =+SUM(E32:E35) -> 0 | F36: =+SUM(F32:F35) -> 0 | G36: =+SUM(G32:G35) -> 0 | I36: =+SUM(I32:I35) -> 0 | K36: =+SUM(K32:K35) -> 0 | L36: =+SUM(L32:L35) -> 0 | M36: =+SUM(M32:M35) -> 0 | N36: =+SUM(N32:N35) -> 0 | O36: =+SUM(O32:O35) -> 0 | P36: =+SUM(P32:P35) -> 0 | Q36: =+SUM(Q32:Q35) -> 0 | R36: =+SUM(R32:R35) -> 0 | ... Z36: =+SUM(Z32:Z35) -> 0
A38: =+A36+1 -> 22 | B38: Subtotal Before Being Grossed up for Income Taxes | E38: =+E24+E29+E36 -> 3904074 | G38: =+G24+G29+G36 -> 3904074 | I38: =+I24+I29+I36 -> 493745.2 | K38: =+K24+K29+K36 -> 0 | L38: =+L24+L29+L36 -> 493745.2 | M38: =+M24+M29+M36 -> 49374.52 | N38: =+N24+N29+N36 -> 444370.68 | O38: =+O24+O29+O36 -> 49374.52 | P38: =+P24+P29+P36 -> 394996.16 | Q38: =+Q24+Q29+Q36 -> 78999.232 | R38: =+R24+R29+R36 -> 315996.93 | ... Z38: =+Z24+Z29+Z36 -> 0
A39: =+A38+1 -> 23 | B39: Gross Up | E39: 0 | G39: 1037791.8 | I39: 131248.72 | L39: 131248.72 | N39: 118123.85 | P39: 104998.98 | R39: 83999.184 | T39: 62999.388 | V39: 96409.914 | X39: 20999.796 | Z39: 0
A40: =+A39+1 -> 24 | B40: Total Deficient Accumulated Deferred Income Taxes - Account 182.3 | E40: =+E38+E39 -> 3904074 | G40: =+G38+G39 -> 4941865.8 | I40: =+I38+I39 -> 624993.93 | L40: =+L38+L39 -> 624993.93 | N40: =+N38+N39 -> 562494.53 | P40: =+P38+P39 -> 499995.14 | R40: =+R38+R39 -> 399996.11 | T40: =+T38+T39 -> 299997.08 | V40: =+V38+V39 -> 254408.38 | X40: =+X38+X39 -> 99999.028 | Z40: =+Z38+Z39 -> 0
B43: Excess Accumulated Deferred Income Taxes - amortized to 411.1
B45: FERC Account 190
A46: =+A40+1 -> 25 | B46: TBD | C46: 0 | D46: =+C46*$I$80 -> 0 | E46: =+C46-D46 -> 0 | F46: 0 | G46: =+E46-F46 -> 0 | H46: 0 | I46: =+G46*H46 -> 0 | K46: 0 | L46: =+I46-K46 -> 0 | M46: 0 | N46: =+L46-M46 -> 0 | O46: 0 | P46: =+N46-O46 -> 0 | Q46: 0 | R46: =+P46-Q46 -> 0 | S46: 0 | T46: =+R46-S46 -> 0 | U46: 0 | V46: =+T46-U46 -> 0 | W46: 0 | X46: =+V46-W46 -> 0 | Y46: 0 | Z46: =+X46-Y46 -> 0
A47: =+A46+1 -> 26 | B47: TBD | C47: 0 | D47: =+C47*$I$80 -> 0 | E47: =+C47-D47 -> 0 | F47: 0 | G47: =+E47-F47 -> 0 | H47: Various | I47: 0 | K47: 0 | L47: =+I47-K47 -> 0 | M47: 0 | N47: =+L47-M47 -> 0 | O47: 0 | P47: =+N47-O47 -> 0 | Q47: 0 | R47: =+P47-Q47 -> 0 | S47: 0 | T47: =+R47-S47 -> 0 | U47: 0 | V47: =+T47-U47 -> 0 | W47: 0 | X47: =+V47-W47 -> 0 | Y47: 0 | Z47: =+X47-Y47 -> 0
A48: =+A47+1 -> 27 | B48: Total Account 190 | C48: =+C46+C47 -> 0 | D48: =+D46+D47 -> 0 | E48: =+E46+E47 -> 0 | F48: =+F46+F47 -> 0 | G48: =+G46+G47 -> 0 | I48: 0 | K48: 0 | L48: 0 | M48: 0 | N48: 0 | O48: 0 | P48: 0 | Q48: 0 | R48: 0 | S48: 0 | T48: 0 | U48: 0 | V48: 0 | W48: 0 | X48: 0 | Y48: 0 | Z48: 0
B50: FERC Account 282
A51: =+A48+1 -> 28 | B51: Liberalized Depreciation - Protected | C51: -1.7431694e+08 | D51: =+C51*$I$80 -> -1.0459017e+08 | E51: =+C51-D51 -> -69726777 | F51: 0 | G51: =+E51+F51 -> -69726777 | H51: 0.30148496 | I51: =+G51*H51 -> -21021575 | J51: P | K51: 0 | L51: =+I51-K51 -> -21021575 | M51: -1589075 | N51: =+L51-M51 -> -19432500 | O51: -842411 | P51: =+N51-O51 -> -18590089 | Q51: -725756 | R51: =+P51-Q51 -> -17864333 | S51: -489049.81 | T51: =+R51-S51 -> -17375283 | U51: 0 | V51: =+T51-U51 -> -17375283 | W51: 0 | X51: =+V51-W51 -> -17375283 | Y51: 0 | Z51: =+X51-Y51 -> -17375283
A52: =+A51+1 -> 29 | B52: Other (Note D) | C52: -84074115 | D52: =+C52*$I$80 -> -50444469 | E52: =+C52-D52 -> -33629646 | F52: 0 | G52: =+E52+F52 -> -33629646 | H52: Various | I52: -10130697 | J52: UP | K52: 0 | L52: =+I52-K52 -> -10130697 | M52: =+I52/10 -> -1013069.7 | N52: =+L52-M52 -> -9117627.3 | O52: =+I52/10 -> -1013069.7 | P52: =+N52-O52 -> -8104557.6 | Q52: =+P52/5 -> -1620911.5 | R52: =+P52-Q52 -> -6483646.1 | S52: =+$P52/5 -> -1620911.5 | T52: =+R52-S52 -> -4862734.6 | U52: =+$P52/5 -> -1620911.5 | V52: =+T52-U52 -> -3241823 | W52: =+$P52/5 -> -1620911.5 | X52: =+V52-W52 -> -1620911.5 | Y52: =+$P52/5 -> -1620911.5 | Z52: =+X52-Y52 -> 0
A53: =+A52+1 -> 30 | B53: Total Account 282 | C53: =+SUM(C51:C52) -> -2.5839106e+08 | D53: =+D51+D52 -> -1.5503463e+08 | E53: =+SUM(E51:E52) -> -1.0335642e+08 | F53: =+SUM(F51:F52) -> 0 | G53: =+SUM(G51:G52) -> -1.0335642e+08 | I53: =+SUM(I51:I52) -> -31152272 | K53: =+SUM(K51:K52) -> 0 | L53: =+SUM(L51:L52) -> -31152272 | M53: =+SUM(M51:M52) -> -2602144.7 | N53: =+SUM(N51:N52) -> -28550127 | O53: =+SUM(O51:O52) -> -1855480.7 | P53: =+SUM(P51:P52) -> -26694646 | Q53: =+SUM(Q51:Q52) -> -2346667.5 | R53: =+SUM(R51:R52) -> -24347979 | ... Z53: =+SUM(Z51:Z52) -> -17375283
B55: FERC Account 283
A56: =+A53+1 -> 31 | B56: Capitalized Software | C56: -5722360 | D56: =+C56*$I$80 -> -3433416 | E56: =+C56-D56 -> -2288944 | F56: 0 | G56: =+E56-F56 -> -2288944 | H56: 0.30148 | I56: =+G56*H56 -> -690070.84 | J56: UO | K56: 0 | L56: =+I56-K56 -> -690070.84 | M56: =+I56/10 -> -69007.084 | N56: =+L56-M56 -> -621063.75 | O56: =+I56/10 -> -69007.084 | P56: =+N56-O56 -> -552056.67 | Q56: =+P56/5 -> -110411.33 | R56: =+P56-Q56 -> -441645.34 | S56: =+$P56/5 -> -110411.33 | T56: =+R56-S56 -> -331234 | U56: =+$P56/5 -> -110411.33 | V56: =+T56-U56 -> -220822.67 | W56: =+$P56/5 -> -110411.33 | X56: =+V56-W56 -> -110411.33 | Y56: =+$P56/5 -> -110411.33 | Z56: =+X56-Y56 -> 0
A57: =+A56+1 -> 32 | B57: Reaquisition of Bonds | C57: -2442970 | D57: =+C57*$I$80 -> -1465782 | E57: =+C57-D57 -> -977188 | F57: 0 | G57: =+E57-F57 -> -977188 | H57: 0.1455 | I57: =+G57*H57 -> -142180.85 | J57: UO | K57: 0 | L57: =+I57-K57 -> -142180.85 | M57: =+I57/10 -> -14218.085 | N57: =+L57-M57 -> -127962.77 | O57: =+I57/10 -> -14218.085 | P57: =+N57-O57 -> -113744.68 | Q57: =+P57/5 -> -22748.937 | R57: =+P57-Q57 -> -90995.747 | S57: =+$P57/5 -> -22748.937 | T57: =+R57-S57 -> -68246.81 | U57: =+$P57/5 -> -22748.937 | V57: =+T57-U57 -> -45497.873 | W57: =+$P57/5 -> -22748.937 | X57: =+V57-W57 -> -22748.937 | Y57: =+$P57/5 -> -22748.937 | Z57: =+X57-Y57 -> 0
A58: =+A57+1 -> 33 | B58: Regulatory Assets/Liabilities | C58: -26686865 | D58: =+C58*$I$80 -> -16012119 | E58: =+C58-D58 -> -10674746 | F58: 0 | G58: =+E58-F58 -> -10674746 | H58: 0.1455 | I58: =+G58*H58 -> -1553175.5 | J58: UO | K58: 0 | L58: =+I58-K58 -> -1553175.5 | M58: =+I58/10 -> -155317.55 | N58: =+L58-M58 -> -1397858 | O58: =+I58/10 -> -155317.55 | P58: =+N58-O58 -> -1242540.4 | Q58: =+P58/5 -> -248508.09 | R58: =+P58-Q58 -> -994032.35 | S58: =+$P58/5 -> -248508.09 | T58: =+R58-S58 -> -745524.26 | U58: =+$P58/5 -> -248508.09 | V58: =+T58-U58 -> -497016.17 | W58: =+$P58/5 -> -248508.09 | X58: =+V58-W58 -> -248508.09 | Y58: =+$P58/5 -> -248508.09 | Z58: =+X58-Y58 -> 0
A59: =+A58+1 -> 34 | B59: FAS 109 | C59: -17226040 | D59: =+C59*$I$80 -> -10335624 | E59: =+C59-D59 -> -6890416 | F59: 0 | G59: =+E59-F59 -> -6890416 | H59: 0.1455 | I59: =+G59*H59 -> -1002555.5 | J59: UO | K59: 0 | L59: =+I59-K59 -> -1002555.5 | M59: =+I59/10 -> -100255.55 | N59: =+L59-M59 -> -902299.98 | O59: =+I59/10 -> -100255.55 | P59: =+N59-O59 -> -802044.42 | Q59: =+P59/5 -> -160408.88 | R59: =+P59-Q59 -> -641635.54 | S59: =+$P59/5 -> -160408.88 | T59: =+R59-S59 -> -481226.65 | U59: =+$P59/5 -> -160408.88 | V59: =+T59-U59 -> -320817.77 | W59: =+$P59/5 -> -160408.88 | X59: =+V59-W59 -> -160408.88 | Y59: =+$P59/5 -> -160408.88 | Z59: =+X59-Y59 -> 0
A60: =+A59+1 -> 35 | B60: Pay Incentives | C60: 681172.5 | D60: =+C60*$I$80 -> 408703.5 | E60: =+C60-D60 -> 272469 | F60: 0 | G60: =+E60-F60 -> 272469 | H60: 0.1455 | I60: =+G60*H60 -> 39644.239 | J60: UO | K60: 0 | L60: =+I60-K60 -> 39644.239 | M60: =+I60/10 -> 3964.4239 | N60: =+L60-M60 -> 35679.816 | O60: =+I60/10 -> 3964.4239 | P60: =+N60-O60 -> 31715.392 | Q60: =+P60/5 -> 6343.0783 | R60: =+P60-Q60 -> 25372.313 | S60: =+$P60/5 -> 6343.0783 | T60: =+R60-S60 -> 19029.235 | U60: =+$P60/5 -> 6343.0783 | V60: =+T60-U60 -> 12686.157 | W60: =+$P60/5 -> 6343.0783 | X60: =+V60-W60 -> 6343.0783 | Y60: =+$P60/5 -> 6343.0783 | Z60: =+X60-Y60 -> 0
A61: =+A60+1 -> 36 | B61: Other | C61: 1347942.5 | D61: =+C61*$I$80 -> 808765.5 | E61: =+C61-D61 -> 539177 | F61: 0 | G61: =+E61-F61 -> 539177 | H61: Various | I61: -1055740 | J61: UO | K61: 0 | L61: =+I61-K61 -> -1055740 | M61: =+I61/10 -> -105574 | N61: =+L61-M61 -> -950166 | O61: =+I61/10 -> -105574 | P61: =+N61-O61 -> -844592 | Q61: =+P61/5 -> -168918.4 | R61: =+P61-Q61 -> -675673.6 | S61: =+$P61/5 -> -168918.4 | T61: =+R61-S61 -> -506755.2 | U61: =+$P61/5 -> -168918.4 | V61: =+T61-U61 -> -337836.8 | W61: =+$P61/5 -> -168918.4 | X61: =+V61-W61 -> -168918.4 | Y61: =+$P61/5 -> -168918.4 | Z61: =+X61-Y61 -> 0
A62: =+A61+1 -> 37 | B62: Total Account 283 | C62: =+SUM(C56:C61) -> -50049120 | D62: =+SUM(D50:D61) -> -3.4009874e+08 | E62: =+SUM(E56:E61) -> -20019648 | F62: =+SUM(F56:F61) -> 0 | G62: =+SUM(G56:G61) -> -20019648 | I62: =+SUM(I56:I61) -> -4404078.5 | K62: =+SUM(K56:K61) -> 0 | L62: =+SUM(L56:L61) -> -4404078.5 | M62: =+SUM(M56:M61) -> -440407.85 | N62: =+SUM(N56:N61) -> -3963670.7 | O62: =+SUM(O56:O61) -> -440407.85 | P62: =+SUM(P56:P61) -> -3523262.8 | Q62: =+SUM(Q56:Q61) -> -704652.56 | R62: =+SUM(R56:R61) -> -2818610.3 | ... Z62: =+SUM(Z56:Z61) -> 0
A64: =+A62+1 -> 38 | B64: Subtotal Before Being Grossed up for Income Taxes | E64: =+E48+E53+E62 -> -1.2337607e+08 | G64: =+G48+G53+G62 -> -1.2337607e+08 | I64: =+I48+I53+I62 -> -35556350 | K64: =+K48+K53+K62 -> 0 | L64: =+L48+L53+L62 -> -35556350 | M64: =+M48+M53+M62 -> -3042552.6 | N64: =+N48+N53+N62 -> -32513798 | O64: =+O48+O53+O62 -> -2295888.6 | P64: =+P48+P53+P62 -> -30217909 | Q64: =+Q48+Q53+Q62 -> -3051320.1 | R64: =+R48+R53+R62 -> -27166589 | ... Z64: =+Z48+Z53+Z62 -> -17375283
A65: =+A64+1 -> 39 | B65: Gross Up | E65: 0.26582278 | G65: -31917281 | I65: -9186715.9 | L65: -9186715.9 | N65: -8404433.3 | P65: -7651869.4 | R65: -7076077 | T65: -6500284.7 | V65: -5924492.3 | X65: -5348699.9 | Z65: -4772907.5
A66: =+A65+1 -> 40 | B66: Total Excess Accumulated Deferred Income Taxes - Account 254 | E66: =+E64+E65 -> -1.2337607e+08 | G66: =+G64+G65 -> -1.5529335e+08 | I66: =+I64+I65 -> -44743066 | L66: =+L64+L65 -> -44743066 | N66: =+N64+N65 -> -40918231 | P66: =+P64+P65 -> -37869779 | R66: =+R64+R65 -> -34242666 | T66: =+T64+T65 -> -30852260 | V66: =+V64+V65 -> -27950903 | X66: =+X64+X65 -> -25049547 | Z66: =+Z64+Z65 -> -22148191
A68: =+A66+1 -> 41 | B68: Grand Total | E68: =+E40+E66 -> -1.19472e+08 | G68: =+G40+G66 -> -1.5035149e+08 | I68: =+I40+I66 -> -44118072 | L68: =+L40+L66 -> -44118072 | N68: =+N40+N66 -> -40355737 | P68: =+P40+P66 -> -37369784 | R68: =+R40+R66 -> -33842670 | T68: =+T40+T66 -> -30552263 | V68: =+V40+V66 -> -27696495 | X68: =+X40+X66 -> -24949548 | Z68: =+Z40+Z66 -> -22148191
A70: =+A68+1 -> 42 | B70: Total Amortization | M70: =+M38+M64 -> -2993178 | O70: =+O38+O64 -> -2246514 | Q70: =+Q38+Q64 -> -2972320.9 | S70: =+S38+S64 -> -2735614.7 | U70: =+U38+U64 -> -2246564.9 | W70: =+W38+W64 -> -2246564.9 | Y70: =+Y38+Y64 -> -2246564.9
B72: Note A: The allocators are based upon the Cost Alignment and Allocation Manual and derived from the detailed tax records of DP&L. Zero allocations are used for generation items and items charged to Other Comprehensive Income.
B73: Note B: Per the settlement in ER20-1150, protected excess accumulated deferred income tax items are amortized using the Average Rate Assumption Method. All other items are amortized over 10 years for 2020 and 2021 and the remaining unamortized amounts at 12/31/2021 amortized over five years thereafter
B74: Note C: Includes Unamortized Excess Deferred Income Tax Regulatory Assets or Liabilities and the associated amortization arising from income tax rate changes related to the 2017 Tax Cut and Jobs Act and any future change in federal, state or local income tax rates, as per Order 864, Public Utility Transmission Rate Changes to Address Accumulated Deferred Income Taxes. This sheet will be replicated for any future change in federal, state or local income tax rates.
B75: Note D: CIAC related excess ADIT not included.
B76: Note E: DP&L shall provide workpapers supporting amounts in Columns B and E for all items.
B77: Note F: Remeasurement Factor equals the ratio of the current nominal tax rate to the prior nominal tax rate
E78: New nominal rate | I78: 0.21
E79: Prior nominal rate | I79: 0.35
E80: Remeasurement Factor | I80: =+I78/I79 -> 0.6

Sheet 10 - Misc. Liabilities
B1: =+'9 - Excess ADIT'!I2 -> Dayton Power and Light
B2: =+'9 - Excess ADIT'!I3 -> ATTACHMENT H-15A
B3: Attachment 10 - Miscellaneous Current and Accrued Liabilities
B4: 45291
B6: Debit amounts are shown as positive and credit amounts are shown as negative.
B8: Account 242 - Current Year | V8: Wage | W8: Plant
F9: Form 1 Dec | G9: Jan | H9: Feb | I9: Mar | J9: Apr | K9: May | L9: Jun | M9: Jul | N9: Aug | O9: Sep | P9: Oct | Q9: Nov | R9: Form 1 Dec | S9: Average | U9: Excluded | V9: Allocator | W9: Allocator
B10: Categories of Items | V10: =+'Appendix A'!H16 -> 0.11010683 | W10: =+'Appendix A'!H24 -> 0.22710147
A12: 1 | B12: Payroll Accrual | F12: -1374187 | G12: -1934908 | H12: -1987974 | I12: -2527488 | J12: -2826767 | K12: -1932968 | L12: -1344337 | M12: -1808277 | N12: -2440249 | O12: -2789705 | P12: -2979654 | Q12: -1436730 | R12: -1833531 | S12: =+AVERAGE(F12:R12) -> -2093598.1 | U12: =+S12 -> -2093598.1
A14: =+A12+1 -> 2 | B14: Benefits | F14: -10248787 | G14: -9346883 | H14: -10196550 | I14: -8170337 | J14: -8679986 | K14: -9222437 | L14: -10331359 | M14: -10735743 | N14: -10490516 | O14: -11053389 | P14: -11577728 | Q14: -11280284 | R14: -12092235 | S14: =+AVERAGE(F14:R14) -> -10263556 | V14: =+S14*V10 -> -1130087.7
A16: =+A14+1 -> 3 | B16: Energy Suppliers | F16: 0 | G16: -1021916 | H16: -1103610 | I16: -1099232 | J16: 36851 | K16: -809231 | L16: -954637 | M16: -1718938 | N16: -879032 | O16: 0 | P16: -1005616 | Q16: -971037 | R16: 229037 | S16: =+AVERAGE(F16:R16) -> -715181.62 | U16: =+S16 -> -715181.62
A18: =+A16+1 -> 4 | B18: Other | F18: -5913794 | G18: -12063062 | H18: -8005598 | I18: -8504436 | J18: -6683404 | K18: -6915623 | L18: -7049875 | M18: -7647505 | N18: -9225084 | O18: -8078413 | P18: -6792533 | Q18: -6137946 | R18: -5600847 | S18: =+AVERAGE(F18:R18) -> -7586009.2 | U18: =+S18 -> -7586009.2
A20: =+A18+1 -> 5 | B20: Total | F20: =+SUM(F12:F18) -> -17536768 | G20: =+SUM(G12:G18) -> -24366769 | H20: =+SUM(H12:H18) -> -21293732 | I20: =+SUM(I12:I18) -> -20301493 | J20: =+SUM(J12:J18) -> -18153306 | K20: =+SUM(K12:K18) -> -18880259 | L20: =+SUM(L12:L18) -> -19680208 | M20: =+SUM(M12:M18) -> -21910463 | ... R20: =+SUM(R12:R18) -> -19297576 | S20: =+SUM(F20:R20)/13 -> -20658345 | U20: =+SUM(U12:U18) -> -10394789 | V20: =+SUM(V12:V18) -> -1130087.7 | W20: =+SUM(W12:W18) -> 0
A22: =+A20+1 -> 6 | B22: Total Transmission Allocation | W22: =+W20+V20 -> -1130087.7

Sheet 11 - Corrections
A1: =+'9 - Excess ADIT'!I2 -> Dayton Power and Light
A2: =+'9 - Excess ADIT'!I3 -> ATTACHMENT H-15A
A3: Attachment 11 - Corrections - December 31, 2023
B6: Debit amounts are shown as positive and credit amounts are shown as negative.
D7: (a) | F7: (b) | H7: (c) | J7: (d)
F8: Calendar Year | H8: Calendar Year
D9: Revenue | F9: 2020 | H9: 2021
A10: Line | D10: Impact of | F10: Revenue | H10: Revenue
A11: No. | B11: Description | C11: Source | D11: Correction | F11: Requirement | H11: Requirement | J11: Total
A13: 1 | B13: Filing Name and Date
A14: =+A13+1 -> 2 | B14: Original Revenue Requirement | F14: 0 | H14: 0
A16: =+A14+1 -> 3 | B16: Description of Correction 1 | F16: 0 | H16: 0
A17: =+A16+1 -> 4 | B17: Description of Correction 2 | F17: 0 | H17: 0
A19: =+A17+1 -> 5 | B19: Total Corrections | C19: ="(Line "&A16&" + Line "&A17&")" -> (Line 3 + Line 4) | F19: =+F16+F17 -> 0 | H19: =+H16+H17 -> 0
A21: =+A19+1 -> 6 | B21: Corrected Revenue Requirement | C21: ="(Line "&A14&" + Line "&A19&")" -> (Line 2 + Line 5) | F21: =+F14+F19 -> 0 | H21: =+H14+H19 -> 0
A23: =+A21+1 -> 7 | B23: Total Corrections | C23: ="(Line "&A19&")" -> (Line 5) | F23: =+F19*0.6658 -> 0 | H23: =+H19 -> 0 | J23: =+F23+H23 -> 0
A25: =+A23+1 -> 8 | B25: Average Monthly FERC Refund Rate | C25: Note A | F25: =+C93 -> 0.0045625 | H25: =+C94 -> 0.00480625
A26: =+A25+1 -> 9 | B26: Number of Months of Interest | C26: Note B | F26: 46 | H26: 36
A27: =+A26+1 -> 10 | B27: Interest on Correction | C27: Line 7 x 8 x 9 | F27: =+F23*F25*F26 -> 0 | H27: =+H23*H25*H26 -> 0 | J27: =+F27+H27 -> 0
A29: =+A27+1 -> 11 | B29: Sum of Corrections Plus Interest | C29: Line 7 + 10 | F29: =+F23+F27 -> 0 | H29: =+H23+H27 -> 0 | J29: =+F29+H29 -> 0
F31: For 5/3/20-12/31/20
A32: Notes:
A33: A | B33: The interest rate on corrections will be the average monthly FERC interest rate for the period from the beginning of the year being corrected through the end of the rate year where the correction is reflected in rates - similar to how interest on the ATU Adjustment is computed.
A34: B | B34: The number of months in which interest is computed is from the middle of the rate year in which the correction is needed to the middle of the rate year where the correction is reflected in rates - - similar to how interest on the ATU Adjustment is computed.
B36: FERC Interest Rate
B37: 43952 | C37: 0.004
B38: =+B37+31 -> 43983 | C38: 0.0039
B39: =+B38+31 -> 44014 | C39: 0.0029
B40: =+B39+31 -> 44045 | C40: 0.0029
B41: =+B40+31 -> 44076 | C41: 0.0028
B42: =+B41+31 -> 44107 | C42: 0.0028
B43: =+B42+31 -> 44138 | C43: 0.0027
B44: =+B43+31 -> 44169 | C44: 0.0028
B45: =+B44+31 -> 44200 | C45: 0.0028
B46: =+B45+31 -> 44231 | C46: 0.0025
B47: =+B46+31 -> 44262 | C47: 0.0028
B48: =+B47+31 -> 44293 | C48: 0.0027
B49: =+B48+31 -> 44324 | C49: 0.0028
... B79: =+B78+31 -> 45254 | C79: 0.0069
B80: =+B79+31 -> 45285 | C80: =+C78 -> 0.0071
B81: =+B80+31 -> 45316 | C81: =+C80 -> 0.0071
B82: =+B81+31 -> 45347 | C82: =+C79 -> 0.0069
B83: =+B82+31 -> 45378 | C83: =+C81 -> 0.0071
B84: =+B83+31 -> 45409 | C84: =+C79 -> 0.0069
B85: =+B84+31 -> 45440 | C85: =+C83 -> 0.0071
B86: =+B85+31 -> 45471 | C86: =+C84 -> 0.0069
B87: =+B86+31 -> 45502 | C87: =+C85 -> 0.0071
B88: =+B87+31 -> 45533 | C88: =+C87 -> 0.0071
B89: =+B88+31 -> 45564 | C89: =+C86 -> 0.0069
B90: =+B89+31 -> 45595 | C90: =+C88 -> 0.0071
B91: =+B90+31 -> 45626 | C91: =+C89 -> 0.0069
B92: =+B91+31 -> 45657 | C92: =+C90 -> 0.0071
B93: 2020-2024 Average | C93: =+AVERAGE(C37:C92) -> 0.0045625
B94: 2021-2024 Average | C94: =+AVERAGE(C45:C92) -> 0.00480625

Sheet 12 - Schedule 1A
F1: Dayton Power and Light
F2: Attachment 12 - Schedule 1A
F3: January through December 2023
A6: Line | L6: FERC Form 1 | M6: Account
B7: Revenue Requirement | L7: Page | M7: No.
A8: 1 | C8: Load Dispatch - Reliability | J8: 2992 | L8: 321.85b | M8: 561.1
A10: =+A8+1 -> 2 | C10: Load Dispatch - Monitor and Operate Transmission System | J10: 557425 | L10: 321.86b | M10: 561.2
A12: =+A10+1 -> 3 | C12: Load Dispatch - Transmission Services and Scheduling | J12: 0 | L12: 321.87b | M12: 561.3
A14: =+A12+1 -> 4 | C14: Revenue Credit from Schedule 1 Border Rate Transactions | J14: 112921 | L14: Data provided by PJM
A16: =+A14+1 -> 5 | C16: Total | J16: =+SUM(J8:J14) -> 673338 | L16: ="(Line "&A8&" + Line "&A10&" + Line "&A12&" + Line "&A14&")" -> (Line 1 + Line 2 + Line 3 + Line 4)
A18: =+A16+1 -> 6 | B18: MWHs | J18: 13398050 | L18: From 2023 LT Forecast Report to PUCO, page FE-D1 2, reporting 2023 data - total end user consumption
A20: =+A18+1 -> 7 | B20: Schedule 1A Rate per MWH | J20: =+J16/J18 -> 0.050256418 | L20: ="(Line "&A16&" / Line "&A18&")" -> (Line 5 / Line 6)

Sheet 13 - A&G Detail
B1: =+'9 - Excess ADIT'!I2 -> Dayton Power and Light
B2: =+'9 - Excess ADIT'!I3 -> ATTACHMENT H-15A
B3: Attachment 13 - Administrative and General Expense Detail
B4: December 31, 2023
H6: Directly Assigned to:
A7: Line | B7: Description | D7: FERC Account | F7: Amount | H7: Transmission | J7: Distribution | L7: Other | N7: To Be Allocated Via the Wage Allocator
A9: 1 | B9: Administrative and general salaries | D9: 920 | F9: =+H9+J9+L9 -> 18480367 | H9: 2710426 | J9: 15730142 | L9: 39799 | N9: =+L9 -> 39799
A11: =+A9+1 -> 2 | B11: Office supplies and expenses | D11: 921 | F11: =+H11+J11+L11 -> 7970011 | H11: 703781 | J11: 7266230 | L11: 0 | N11: =+L11 -> 0
A13: =+A11+1 -> 3 | B13: Administrative expense transferred | D13: 922 | F13: =+H13+J13+L13 -> -1887606 | H13: -224548 | J13: -1663058 | L13: 0 | N13: =+L13 -> 0
A15: =+A13+1 -> 4 | B15: Outside services employed | D15: 923 | F15: =+H15+J15+L15 -> 24134691 | H15: 1175755 | J15: 22958923 | L15: 13 | N15: =+L15 -> 13
A17: =+A15+1 -> 5 | B17: Property insurance | D17: 924 | F17: =+H17+J17+L17 -> 5877742 | H17: 3834266 | J17: 2043476 | L17: 0 | N17: =+L17 -> 0
A19: =+A17+1 -> 6 | B19: Injuries and damages | D19: 925 | F19: =+H19+J19+L19 -> 4591462 | H19: 657834 | J19: 3930270 | L19: 3358 | N19: =+L19 -> 3358
A21: =+A19+1 -> 7 | B21: Employee pension and benefits | D21: 926 | F21: 12497117 | H21: 1041226 | J21: 11449258 | L21: 6633 | N21: 6633
A23: =+A21+1 -> 8 | B23: Franchise requirements | D23: 927 | L23: 0 | N23: =+L23 -> 0
A25: =+A23+1 -> 9 | B25: Regulatory commission expenses | D25: 928 | F25: =+H25+J25+L25 -> 4916422 | H25: 159396 | J25: 4757026 | L25: 0 | N25: =+L25 -> 0
A27: =+A25+1 -> 10 | B27: Duplicate charges | D27: 929 | F27: =+H27+J27+L27 -> -1408475 | H27: 0 | J27: -1408475 | L27: 0 | N27: =+L27 -> 0
A29: =+A27+1 -> 11 | B29: General advertising | D29: 930.1 | F29: =+H29+J29+L29 -> 313083 | H29: 31899 | J29: 281184 | L29: 0 | N29: =+L29 -> 0
A31: =+A29+1 -> 12 | B31: Miscellaneous general expenses | D31: 930.2 | F31: =+H31+J31+L31 -> 657990 | H31: 23010 | J31: 634980 | L31: 0 | N31: =+L31 -> 0
A33: =+A31+1 -> 13 | B33: Rents | D33: 931 | F33: =+H33+J33+L33 -> 92967 | H33: 2440 | J33: 90527 | L33: 0 | N33: =+L33 -> 0
A35: =+A33+1 -> 14 | B35: Maintenance of general plant | D35: 935 | F35: =+H35+J35+L35 -> 4174296 | H35: 97460 | J35: 4076836 | L35: 0 | N35: =+L35 -> 0
A37: =+A35+1 -> 15 | B37: Total | F37: =+SUM(F9:F35) -> 80410067 | H37: =+SUM(H9:H35) -> 10212945 | J37: =+SUM(J9:J35) -> 70147319 | L37: =+SUM(L9:L35) -> 49803 | N37: =+SUM(N9:N35) -> 49803
B40: 2023 data
